Workbook

Sheet Carátula
I6: Instrumento de apreciación de cumplimiento: Hoja de Trabajo
H9: .
H10: .
H11: .

Sheet Encuesta 1
E6: Instrumento de Apreciación de Cumplimiento
E7: Fast Track
C10: Objetivos de la organización
C11: Los componentes o buenas prácticas que están planteados dentro del estandar: los objetivos de una organización: a) En el documento de constitución existen expresamente objetivos sociales y económicos. b) Existen criterios dentro la constitución que permiten tener viabilidad y sostenibilidad financiera. c) Dentro la constitución existen metas financieras y sociales, que son monitoreados por el Órgano de Dirección / Consejo / Junta Directiva
C12: Considerando los componentes antes mencionados, indique la puntuación que usted otorga a la organización en este estandar (marcar con “X” sólo una opción): Donde 0 significa que no cumple y 4 cumple totalmente.
C13: 0 | D13: 1 | E13: 2 | F13: 3 | G13: 4 | I13: X
C15: 0 | D15: 1 | E15: 2 | F15: 3 | G15: 4
C16: De los componentes antes enunciados, mencione aquel que a su juicio denota el mayor o mejor desarrollo:
C17: * Estándar con mayor o mejor desarrollo:
C18: De los compoentes antes enunciados, señale aquel que a su juicio aún no ha sido alcanzados y requieren mayor mejora: | I18: a) En el documento de constitución existen expresamente objetivos sociales y económicos.
C19: * Estándar con mayor necesidad de mejora: | I19: b) Existen criterios dentro la constitución que permiten tener viabilidad y sostenibilidad financiera.
C20: * Segunda referencia: | I20: c) Dentro la constitución existen metas financiaras y sociales, que son monitoreados por el Órgano de Dirección / Consejos.
C22: Pilar I: Derechos de propiedad
C23: El presente pilar alberga usualmente diferentes estándares o Buenas Prácticas de Gobernanza, entre las cuales: a) Los Socios o Asociados (según corresponda) reciben paridad de trato. b) Existen mecanismos de solución de controversias entre Socios o Asociados. c) Los Socios o Asociados pueden solicitar y tener acceso a información sobre el desenvolvimiento o desempeño de la Organización. d) Cualquier cambio sustantivo en la propiedad o administración de la Organización son explicados previamente a los Socios o Asociados. e) Se cuenta con política de distribución de utilidades o excedentes. f) Respecto al funcionamiento de la Asamblea General de Socios o Asociados: i. Se tiene funciones y competencias establecidas en documento de constitución de la Organización. ii. Está reglamentada en norma propia. iii. Cuenta con mecanismos de convocatoria que facilita la participación de Socios o Asociados. iv. Los Socios o Asociados están debidamente registrados. v. Existen mecanismos para que ellos puedan introducir puntos en agenda antes de la Asamblea General. vi. Se facilita el ejercicio de voto mediante diversos mecanismos.
C24: Considerando los estándares antes mencionados, indique la puntuación que usted otorga a la organización en este pilar (marcar con “X” sólo una opción):
C25: 0 | D25: 1 | E25: 2 | F25: 3 | G25: 4
C27: 0 | D27: 1 | E27: 2 | F27: 3 | G27: 4
C28: De los estándares antes enunciados, mencione aquel que a su juicio denota el mayor o mejor desarrollo:
C29: * Estándar con mayor o mejor desarrollo: | I29: a) Los Socios o Asociados (según corresponda) reciben paridad de trato.
C30: * Segunda referencia: | I30: b) Existen mecanismos de solución de controversias entre Socios o Asociados.
C31: De los estándares antes enunciados, señale aquel que a su juicio aún no ha sido alcanzados y requieren mayor mejora: | I31: c) Los Socios o Asociados pueden solicitar y tener acceso a información sobre el desenvolvimiento o desempeño de la Organización.
C32: * Estándar con mayor necesidad de mejora: | I32: d) Cualquier cambio sustantivo en la propiedad o administración de la Organización son explicados previamente a los Socios o Asociados.
C33: * Segunda referencia: | I33: e) Se cuenta con política de distribución de utilidades o excedentes.
I34: f) Respecto al funcionamiento de la Asamblea General de Socios o Asociados
C38: Pilar II: Órgano de Dirección
C39: El presente pilar alberga usualmente diferentes estándares o buenas prácticas de gobernanza, entre las que se relevan: a) Dentro las funciones y competencias del Órgano de Dirección / Consejos, se incluyen: i. Aprobación y monitoreo de estrategias de la Organización. ii. Aprobación y monitoreo del presupuesto de la Organización. iii. Aprobación de política para designación y remuneración del Ejecutivo Principal. iv. Aprobación de la política de administración de riesgos. v. Supervisión del cumplimiento de prácticas de Gobernanza. vi. Supervisión del cumplimiento de normas éticas y de conducta, incluida la política de manejo de conflicto de interés. vii. Supervisión de los sistemas de control interno. viii. Aprobación de los planes de sucesión de los cargos críticos. b) La Organización y funcionamiento del Órgano de Dirección / Consejos está reglamentado en norma propia albergando aspectos de conformación. convocatorias, y funciones de los distintos miembros, entre otros. c) Existen perfiles de los miembros del Órgano de Dirección / Consejos, definidos en función de competencia; los que son aplicados en su convocatoria. d) El Órgano de Dirección / Consejos está integrado por mayoría de miembros independientes. e) El Órgano de Dirección / Consejos contribuye a identificar, evaluar y proponer candidatos a miembros. f) Existe una política de retribución de los miembros, la cual es transparente. g) El Órgano de Dirección / Consejos es evaluado periódicamente; y se autoevalúa al menos anualmente. h) Deberes y derechos del Órgano de Dirección / Consejos se encuentran establecidos en su Documento de Constitución. i) En cuanto a la información; los miembros del Órgano de Dirección / Consejos tienen derecho a acceder y recibir toda la información relevante; así como obligarse a guardar reserva sobre la información confidencial. j) Los miembros al momento de integrarse acceden a una inducción sobre todos los aspectos relacionados a la Organización. k) El Órgano de Dirección / Consejos cuenta con plan anual de trabajo. l) El Órgano de Dirección / Consejos cuenta con política de delegación de facultades; y además conforma comités especializados; los cuales son presididos por miembros independientes.
C40: Considerando los estándares antes mencionados, indique la puntuación que usted otorga a la organización en este pilar (marcar con “X” sólo una opción):
C41: 0 | D41: 1 | E41: 2 | F41: 3 | G41: 4
C43: 0 | D43: 1 | E43: 2 | F43: 3 | G43: 4
C44: De los estándares antes enunciados, mencione aquel que a su juicio denota el mayor o mejor desarrollo: | I44: a) Dentro las funciones y competencias del Órgano de Dirección / Consejos
C45: * Estándar con mayor o mejor desarrollo: | I45: b) La Organización y funcionamiento del Órgano de Dirección / Consejos está reglamentado en norma propia albergando aspectos de conformación. convocatorias, y funciones de los distintos miembros, entre otros.
C46: * Segunda referencia: | I46: c) Existen perfiles de los miembros del Órgano de Dirección / Consejos, definidos en función de competencia; los que son aplicados en su convocatoria.
C47: De los estándares antes enunciados, señale aquel que a su juicio aún no ha sido alcanzados y requieren mayor mejora: | I47: d) El Órgano de Dirección / Consejos está integrado por mayoría de miembros independientes.
C48: * Estándar con mayor necesidad de mejora: | I48: e) El Órgano de Dirección / Consejos contribuye a identificar, evaluar y proponer candidatos a miembros.
C49: * Segunda referencia: | I49: f) Existe una política de retribución de los miembros, la cual es transparente.
I50: g) El Órgano de Dirección / Consejos es evaluado periódicamente; y se autoevalúa al menos anualmente.
C51: Pilar III: Gestión | I51: h) Deberes y derechos del Órgano de Dirección / Consejos se encuentran establecidos en su Documento de Constitución.
C52: El presente pilar alberga usualmente diferentes estándares o buenas prácticas de gobernanza, entre las que se relevan: a) En cuanto al Ejecutivo Principal : i. Sus funciones están definidas en la Normativa Interna, al igual que las de la Alta Gerencia. ii. Dispone de debida autonomía, al igual que la Alta Gerencia. iii. Su designación recae en persona distinta del Presidente del Órgano de Dirección. b) Con respecto a los Grupos de Interés la Organización: i. Existe una política de relacionamiento con éstos. ii. Contempla entre los mismos a las personas excluidas de la provisión de servicios financieros. c) La organización ha establecido políticas de trato responsable al cliente, incluyendo aspectos de prevención de sobreendeudamiento, trato justo, transparencia y solución de reclamos. d) La organización ha establecido en la Normativa Interna política de recursos humanos; incluyendo evaluaciones sobre clima laboral. e) La organización ha implementado y/o cuenta con un plan de sucesión para cargos críticos. f) Respecto de la Alta Gerencia, la Organización: i. Cuenta con política de remuneración con criterios bien definidos. ii. Realiza evaluaciones anuales de desempeño. g) La Organización cuenta con un comité de nombramiento y retribuciones conformado por miembros, con funciones definidas en Normativa Interna. | I52: i) En cuanto a la información; los miembros del Órgano de Dirección / Consejos tienen derecho a acceder y recibir toda la información relevante; así como obligarse a guardar reserva sobre la información confidencial.
C53: Considerando los estándares antes mencionados, indique la puntuación que usted otorga a la organización en este pilar (marcar con “X” sólo una opción): | I53: j) Los miembros al momento de integrarse acceden a una inducción sobre todos los aspectos relacionados a la Organización.
C54: 0 | D54: 1 | E54: 2 | F54: 3 | G54: 4 | I54: k) El Órgano de Dirección / Consejos cuenta con plan anual de trabajo.
I55: l) El Órgano de Dirección / Consejos cuenta con política de delegación de facultades; y además conforma comités especializados; los cuales son presididos por miembros independientes.
C56: 0 | D56: 1 | E56: 2 | F56: 3 | G56: 4
C57: De los estándares antes enunciados, mencione aquel que a su juicio denota el mayor o mejor desarrollo:
C58: * Estándar con mayor o mejor desarrollo: | I58: a) En cuanto al Ejecutivo Principal
C59: * Segunda referencia: | I59: b) Con respecto a los Grupos de Interés la Organización
C60: De los estándares antes enunciados, señale aquel que a su juicio aún no ha sido alcanzados y requieren mayor mejora: | I60: c) La organización ha establecido políticas de trato responsable al cliente, incluyendo aspectos de prevención de sobreendeudamiento, trato justo, transparencia y solución de reclamos.
C61: * Estándar con mayor necesidad de mejora: | I61: d) La organización ha establecido en la Normativa Interna política de recursos humanos; incluyendo evaluaciones sobre clima laboral.
C62: * Segunda referencia: | I62: e) La organización ha implementado y/o cuenta con un plan de sucesión para cargos críticos.
I63: f) Respecto de la Alta Gerencia, la Organización
I64: g) La Organización cuenta con un comité de nombramiento y retribuciones conformado por miembros, con funciones definidas en Normativa Interna.
C65: Pilar IV: Cumplimiento y Gestión de riesgos
C66: El presente pilar alberga usualmente diferentes estándares o Buenas Prácticas de Gobernanza, entre las que se relevan: a) La Organización cuenta con un sistema de control interno aprobado por el Órgano de Dirección / Consejos; el cual monitorea el cumplimiento de procesos operativos y financieros, la administración de los activos y los riesgos de incumplimiento. b) Organización cuenta con comité de auditoría integrado por miembros del Órgano de Dirección / Consejos con funciones definidas en Normativa Interna. c) La Organización cuenta con unidad de auditoría interna con responsabilidades definidas en Normativa Interna. Esta unidad goza de autonomía y es designada por Órgano de Dirección / Consejos. d) Con respecto a la auditoría externa: i. Está a cargo de auditar anualmente los estados financieros. ii. La ejerce una entidad independiente; la cual es rotada regularmente. iii. Se divulga los otros servicios que son contratados con la misma entidad que audita los estados financieros. e) Organización ha aprobado política de gestión de riesgos; la que incluye los procesos y procedimientos para identificar, evaluar y gestionar los riesgos. f) Organización cuenta con comité de riesgos integrado por Órgano de Dirección / Consejos, con funciones definidas en Normativa Interna. g) Organización cuenta con mapa de sus obligaciones normativas y de los respectivos responsables de cumplimiento; asimismo ha establecido instancia responsable de su seguimiento. h) Cuando se cuente con instancia de fiscalización: i. Tiene reglas definidas para su conformación y funcionamiento. ii. Coordina actividades con demás órganos de dirección. iii. Mantiene plan de trabajo y cuenta con procedimientos definidos para sus reuniones. iv. Emite informes anuales.
C67: Considerando los estándares antes mencionados, indique la puntuación que usted otorga a la organización en este pilar (marcar con “X” sólo una opción): | I67: a) La Organización cuenta con un sistema de control interno aprobado por el Órgano de Dirección / Consejos; el cual monitorea el cumplimiento de procesos operativos y financieros, la administración de los activos y los riesgos de incumplimiento.
C68: 0 | D68: 1 | E68: 2 | F68: 3 | G68: 4 | I68: b) Organización cuenta con comité de auditoría integrado por miembros del Órgano de Dirección / Consejos con funciones definidas en Normativa Interna.
I69: c) La Organización cuenta con unidad de auditoría interna con responsabilidades definidas en Normativa Interna. Esta unidad goza de autonomía y es designada por Órgano de Dirección / Consejos.
C70: 0 | D70: 1 | E70: 2 | F70: 3 | G70: 4 | I70: d) Con respecto a la auditoría externa
C71: De los estándares antes enunciados, mencione aquel que a su juicio denota el mayor o mejor desarrollo | I71: e) Organización ha aprobado política de gestión de riesgos; la que incluye los procesos y procedimientos para identificar, evaluar y gestionar los riesgos.
C72: * Estándar con mayor o mejor desarrollo: | I72: f) Organización cuenta con comité de riesgos integrado por Órgano de Dirección / Consejos, con funciones definidas en Normativa Interna.
C73: * Segunda referencia: | I73: g) Organización cuenta con mapa de sus obligaciones normativas y de los respectivos responsables de cumplimiento; asimismo ha establecido instancia responsable de su seguimiento.
C74: De los estándares antes enunciados, señale aquel que a su juicio aún no ha sido alcanzados y requieren mayor mejora: | I74: h) Cuando se cuente con instancia de fiscalización
C75: * Estándar con mayor necesidad de mejora:
C76: * Segunda referencia:
C79: Pilar V: Ética y conflictos de interés
C80: El presente pilar alberga usualmente diferentes estándares o Buenas Prácticas de Gobernanza, entre las que se relevan: a) Organización cuenta con Código de Ética aprobado por Órgano de Dirección / Consejos; que abarca temas como manejo de conflictos de interés, prevención de lavado de activos, manejo de información, entre otros. b) Organización ha aprobado políticas para prevenir, detectar, manejar y revelar conflictos de interés al interior de ella. c) Organización cuenta con políticas para valoración, aprobación y revelación de operaciones entre partes vinculadas. d) Organización cuenta con mecanismos para recibir denuncias; cuya administración está a cargo de instancia designada por Órgano de Dirección / Consejos.
C81: Considerando los estándares antes mencionados, indique la puntuación que usted otorga a la organización en este pilar (marcar con “X” sólo una opción):
C82: 0 | D82: 1 | E82: 2 | F82: 3 | G82: 4
I83: a) Organización cuenta con Código de Ética aprobado por Órgano de Dirección / Consejos; que abarca temas como manejo de conflictos de interés, prevención de lavado de activos, manejo de información, entre otros.
C84: 0 | D84: 1 | E84: 2 | F84: 3 | G84: 4 | I84: b) Organización ha aprobado políticas para prevenir, detectar, manejar y revelar conflictos de interés al interior de ella.
C85: De los estándares antes enunciados, mencione aquel que a su juicio denota el mayor o mejor desarrollo: | I85: c) Organización cuenta con políticas para valoración, aprobación y revelación de operaciones entre partes vinculadas.
C86: * Estándar con mayor o mejor desarrollo: | I86: d) Organización cuenta con mecanismos para recibir denuncias; cuya administración está a cargo de instancia designada por Órgano de Dirección / Consejos.
C87: * Segunda referencia:
C88: De los estándares antes enunciados, señale aquel que a su juicio aún no ha sido alcanzados y requieren mayor mejora:
C89: * Estándar con mayor necesidad de mejora:
C90: * Segunda referencia:
C93: Pilar VI: Transparencia y comunicación
C94: El presente pilar alberga usualmente diferentes estándares o Buenas Prácticas de Gobernanza, entre las que se relevan: a) Organización cuenta con Política de Información en la que se establece formalmente las reglas para clasificación, manejo y difusión de la información que se genera o recibe. b) Organización difunde información al público, como (en lo aplicable): i. Objetivos de la Organización. ii. Documento de Constitución. iii. Estructura de propiedad. iv. Hojas de vida de los miembros del Órgano de Dirección, Ejecutivo Principal, Alta Gerencia. v. Reglamentos de Órganos de Dirección. vi. Memoria anual. vii. Informes de gestión. viii. Informe anual de Gobernanza. c) Organización mantiene política respecto a que las condiciones en que se contratan productos y servicios sean explicadas a clientes con máxima claridad. d) Organización elabora informe anual de cumplimiento de Buenas Prácticas de Gobernanza.
C95: Considerando los estándares antes mencionados, indique la puntuación que usted otorga a la organización en este pilar (marcar con “X” sólo una opción): | I95: a) Organización cuenta con Política de Información en la que se establece formalmente las reglas para clasificación, manejo y difusión de la información que se genera o recibe.
C96: 0 | D96: 1 | E96: 2 | F96: 3 | G96: 4 | I96: b) Organización difunde información al público.
I97: c) Organización mantiene política respecto a que las condiciones en que se contratan productos y servicios sean explicadas a clientes con máxima claridad.
C98: 0 | D98: 1 | E98: 2 | F98: 3 | G98: 4 | I98: d) Organización elabora informe anual de cumplimiento de Buenas Prácticas de Gobernanza.
C99: De los estándares antes enunciados, mencione aquel que a su juicio denota el mayor o mejor desarrollo:
C100: * Estándar con mayor o mejor desarrollo:
C101: * Segunda referencia:
C102: De los estándares antes enunciados, señale aquel que a su juicio aún no ha sido alcanzados y requieren mayor mejora:
C103: * Estándar con mayor necesidad de mejora:
C104: * Segunda referencia:

Sheet Encuesta 2
C3: Objetivos de la organización
C4: Los mejores estándares plantean respecto de los objetivos de una organización que: a) Permitan tener viabilidad financiera. b) Consten por escrito en su documento de constitución. c) Permite generar indicadores de gestión y desempeño, que son monitoreados por el Órgano de Dirección.
C5: Considerando los estándares antes mencionados, indique la puntuación que usted otorga a la organización en este pilar (marcar con “X” sólo una opción):
C6: 0 | D6: 1 | E6: 2 | F6: 3 | G6: 4 | I6: X
C8: 0 | D8: 1 | E8: 2 | F8: 3 | G8: 4
C9: De los estándares antes enunciados, señale aquellos que a su juicio denotan el mayor o mejor desarrollo (máximo dos):
C10: * Primera referencia:
C11: * Segunda referencia:
C12: De los estándares antes enunciados, señale aquellos que a su juicio aún no han sido alcanzados y requieren mayor mejora (máximo dos): | I12: Permitan tener viabilidad financiera.
C13: * Primera referencia: | I13: Consten por escrito en su documento de constitución.
C14: * Segunda referencia: | I14: Permite generar indicadores de gestión y desempeño, que son monitoreados por el Órgano de Dirección.
C16: Pilar I: Derechos de propiedad
C17: El presente pilar alberga usualmente diferentes estándares o Buenas Prácticas de Gobernanza, entre las que se relevan: a) Los Socios o Asociados (según corresponda) iguales reciben paridad de trato. b) Existen mecanismos de solución de controversias entre Socios o Asociados. c) Socios o Asociados pueden solicitar y tener acceso a información sobre el desenvolvimiento o desempeño de la Organización. d) Cualquier cambio sustantivo en la propiedad o administración de la Organización son explicados previamente a los Socios o Asociados. e) Se cuenta con política de distribución de utilidades o excedentes. f) Funcionamiento de la Asamblea General, respecto de la Asamblea General de Socios o Asociados: i. Tiene funciones y competencias establecidas en documento de constitución de la Organización. ii. Está reglamentada en norma propia. iii. Cuenta con mecanismos de convocatoria que facilita la participación de Socios o Asociados. iv. Los Socios o Asociados están debidamente registrados. v. Existen mecanismos para que ellos pueden introducir puntos en agenda antes de la Asamblea General. vi. Se facilita su ejercicio de voto mediante diversos mecanismos.
C18: Considerando los estándares antes mencionados, indique la puntuación que usted otorga a la organización en este pilar (marcar con “X” sólo una opción):
C19: 0 | D19: 1 | E19: 2 | F19: 3 | G19: 4
C21: 0 | D21: 1 | E21: 2 | F21: 3 | G21: 4
C22: De los estándares antes enunciados, señale aquellos que a su juicio denotan el mayor o mejor desarrollo (máximo dos):
C23: * Primera referencia: | I23: Los Socios o Asociados (según corresponda) iguales reciben paridad de trato.
C24: * Segunda referencia: | I24: Existen mecanismos de solución de controversias entre Socios o Asociados.
C25: De los estándares antes enunciados, señale aquellos que a su juicio aún no han sido alcanzados y requieren mayor mejora (máximo dos): | I25: Socios o Asociados pueden solicitar y tener acceso a información sobre el desenvolvimiento o desempeño de la Organización.
C26: * Primera referencia: | I26: Cualquier cambio sustantivo en la propiedad o administración de la Organización son explicados previamente a los Socios o Asociados.
C27: * Segunda referencia: | I27: Se cuenta con política de distribución de utilidades o excedentes.
I28: Funcionamiento de la Asamblea General.
C29: Pilar II: Órgano de Dirección
C30: El presente pilar alberga usualmente diferentes estándares o buenas prácticas de gobernanza, entre las que se relevan: a) Funciones y competencias del Órgano de Dirección, incluyen: i. Aprobación y monitoreo de estrategias de la Organización. ii. Aprobación y monitoreo del presupuesto de la Organización. iii. Aprobación de política para designación y remuneración del Ejecutivo Principal. iv. Aprobación de la política de administración de riesgos. v. Supervisión del cumplimiento de prácticas de Gobernanza. vi. Supervisión del cumplimiento de normas éticas y de conducta, incluida la política de manejo de conflicto de interés. vii. Supervisión de los sistemas de control interno. viii. Aprobación de los planes de sucesión de los cargos críticos. b) La Organización y funcionamiento del Órgano de Dirección está reglamentado en norma propia albergando aspectos de conformación. convocatorias, y funciones de los distintos miembros, entre otros. c) Existen perfiles de los miembros del Órgano de Dirección, definidos en función de competencia; los que son aplicados en su convocatoria. d) El Órgano de Dirección está integrado por mayoría de miembros independientes. e) El Órgano de Dirección contribuye a identificar, evaluar y proponer candidatos a miembros. f) Existe una política de retribución de los miembros, la cual es transparente. g) El Órgano de Dirección es evaluado periódicamente; y se autoevalúa al menos anualmente. h) Deberes y derechos del Órgano de Dirección se encuentran establecidos en su Documento de Constitución. i) En cuanto a la información; los miembros del Órgano de Dirección tienen derecho a acceder y recibir toda la información relevante; así como obligarse a guardar reserva sobre la información confidencial. j) Los miembros al momento de integrarse acceden a una inducción sobre todos los aspectos relacionados a la Organización. k) Órgano de Dirección cuenta con plan anual de trabajo. l) El Órgano de Dirección cuenta con política de delegación de facultades; y además conforma comités especializados; los cuales son presididos por miembros independientes.
C31: Considerando los estándares antes mencionados, indique la puntuación que usted otorga a la organización en este pilar (marcar con “X” sólo una opción):
C32: 0 | D32: 1 | E32: 2 | F32: 3 | G32: 4
C34: 0 | D34: 1 | E34: 2 | F34: 3 | G34: 4
C35: De los estándares antes enunciados, señale aquellos que a su juicio denotan el mayor o mejor desarrollo (máximo dos): | I35: Funciones y competencias del Órgano de Dirección.
C36: * Primera referencia: | I36: La Organización y funcionamiento del Órgano de Dirección está reglamentado en norma propia albergando aspectos de conformación, convocatorias, y funciones de los distintos miembros, entre otros.
C37: * Segunda referencia: | I37: Existen perfiles de los miembros del Órgano de Dirección, definidos en función de competencia; los que son aplicados en su convocatoria.
C38: De los estándares antes enunciados, señale aquellos que a su juicio aún no han sido alcanzados y requieren mayor mejora (máximo dos): | I38: El Órgano de Dirección está integrado por mayoría de miembros independientes.
C39: * Primera referencia: | I39: El Órgano de Dirección contribuye a identificar, evaluar y proponer candidatos a miembros.
C40: * Segunda referencia: | I40: Existe una política de retribución de los miembros, la cual es transparente.
I41: El Órgano de Dirección es evaluado periódicamente; y se autoevalúa al menos anualmente.
C42: Pilar III: Gestión | I42: Deberes y derechos del Órgano de Dirección se encuentran establecidos en su Documento de Constitución.
C43: El presente pilar alberga usualmente diferentes estándares o buenas prácticas de gobernanza, entre las que se relevan: a) En cuanto al Ejecutivo Principal : i. Sus funciones están definidas en la Normativa Interna , al igual que las de la Alta Gerencia ii. Dispone de debida autonomía, al igual que la Alta Gerencia. iii. Su designación recae en persona distinta del Presidente del Órgano de Dirección b) Con respecto a los Grupos de Interés la Organización: i. Cuenta con política de relacionamiento con éstos. ii. Contempla entre los mismos a las personas excluidas de la provisión de servicios financieros. c) Organización ha establecido políticas de trato responsable al cliente, incluyendo aspectos de prevención de sobreendeudamiento, trato justo, transparencia y solución de reclamos. d) Organización ha establecido en la Normativa Interna política de recursos humanos; incluyendo evaluaciones sobre clima laboral. e) Organización ha implementado plan de sucesión para cargos críticos. f) Respecto de la Alta Gerencia, la Organización: i. Cuenta con política de remuneración con criterios bien definidos. ii. Realiza evaluaciones anuales de desempeño. g) La Organización cuenta con un comité de nombramiento y retribuciones conformado por miembros, con funciones definidas en Normativa Interna. | I43: En cuanto a la información; los miembros del Órgano de Dirección tienen derecho a acceder y recibir toda la información relevante; así como obligarse a guardar reserva sobre la información confidencial.
C44: Considerando los estándares antes mencionados, indique la puntuación que usted otorga a la organización en este pilar (marcar con “X” sólo una opción): | I44: Los miembros al momento de integrarse acceden a una inducción sobre todos los aspectos relacionados a la Organización
C45: 0 | D45: 1 | E45: 2 | F45: 3 | G45: 4 | I45: Órgano de Dirección cuenta con plan anual de trabajo
I46: El Órgano de dirección cuanta con política de delegación de facultades; y además conforma comités especializados; los cuales son presididos por miembros independientes
C47: 0 | D47: 1 | E47: 2 | F47: 3 | G47: 4
C48: De los estándares antes enunciados, señale aquellos que a su juicio denotan el mayor o mejor desarrollo (máximo dos):
C49: * Primera referencia: | I49: Rol del Ejecutivo Principal
C50: * Segunda referencia: | I50: Relación con los Grupos de Interés la Organización
C51: De los estándares antes enunciados, señale aquellos que a su juicio aún no han sido alcanzados y requieren mayor mejora (máximo dos): | I51: La Organización ha establecido políticas de trato responsable al cliente, incluyendo aspectos de prevención de sobreendeudamiento, trato justo, transparencia y solución de reclamos.
C52: * Primera referencia: | I52: La Organización ha establecido en la Normativa Interna política de recursos humanos; incluyendo evaluaciones sobre clima laboral.
C53: * Segunda referencia: | I53: La Organización ha implementado plan de sucesión para cargos críticos.
I54: Rol de la Alta Gerencia
I55: La Organización cuenta con un comité de nombramiento y retribuciones conformado por miembros, con funciones definidas en Normativa Interna.
C56: Pilar IV: Cumplimiento y Gestión de riesgos
C57: El presente pilar alberga usualmente diferentes estándares o Buenas Prácticas de Gobernanza, entre las que se relevan: a) La Organización cuenta con un sistema de control interno aprobado por el Órgano de Dirección; el cual monitorea el cumplimiento de procesos operativos y financieros, la administración de los activos y los riesgos de incumplimiento. b) Organización cuenta con comité de auditoría integrado por miembros del Órgano de Dirección con funciones definidas en Normativa Interna. c) La Organización cuenta con unidad de auditoría interna con responsabilidades definidas en Normativa Interna. Esta unidad goza de autonomía y es designada por Órgano de Dirección. d) Con respecto a la auditoría externa: i. Está a cargo de auditar anualmente los estados financieros. ii. La ejerce una entidad independiente; la cual es rotada regularmente. iii. Se divulga los otros servicios que son contratados con la misma entidad que audita los estados financieros. e) Organización ha aprobado política de gestión de riesgos; la que incluye los procesos y procedimientos para identificar, evaluar y gestionar los riesgos. f) Organización cuenta con comité de riesgos integrado por Órgano de Dirección, con funciones definidas en Normativa Interna. g) Organización cuenta con mapa de sus obligaciones normativas y de los respectivos responsables de cumplimiento; asimismo ha establecido instancia responsable de su seguimiento. h) Cuando se cuente con instancia de fiscalización: i. Tiene reglas definidas para su conformación y funcionamiento. ii. Coordina actividades con demás órganos de dirección. iii. Mantiene plan de trabajo y cuenta con procedimientos definidos para sus reuniones. iv. Emite informes anuales.
C58: Considerando los estándares antes mencionados, indique la puntuación que usted otorga a la organización en este pilar (marcar con “X” sólo una opción): | I58: La Organización cuenta con un sistema de control interno aprobado por el Órgano de Dirección; el cual monitorea el cumplimiento de procesos operativos y financieros, la administración de los activos y los riesgos de incumplimiento.
C59: 0 | D59: 1 | E59: 2 | F59: 3 | G59: 4 | I59: Organización cuenta con comité de auditoría integrado por miembros del Órgano de Dirección con funciones definidas en Normativa Interna.
I60: Organización cuenta con unidad de auditoría interna con responsabilidades definidas en Normativa Interna. Esta unidad goza de autonomía y es designada por Órgano de Dirección.
C61: 0 | D61: 1 | E61: 2 | F61: 3 | G61: 4 | I61: Rol de la auditoría externa
C62: De los estándares antes enunciados, señale aquellos que a su juicio denotan el mayor o mejor desarrollo (máximo dos): | I62: Organización ha aprobado política de gestión de riesgos; la que incluye los procesos y procedimientos para identificar, evaluar y gestionar los riesgos.
C63: * Primera referencia: | D63: Organización cuenta con unidad de auditoría interna con responsabilidades definidas en Normativa Interna. Esta unidad goza de autonomía y es designada por Órgano de Dirección. | I63: Organización cuenta con comité de riesgos integrado por Órgano de Dirección, con funciones definidas en Normativa Interna
C64: * Segunda referencia: | I64: Organización cuenta con mapa de sus obligaciones normativas y de los respectivos responsables de cumplimiento; asimismo ha establecido instancia responsable de su seguimiento
C65: De los estándares antes enunciados, señale aquellos que a su juicio aún no han sido alcanzados y requieren mayor mejora (máximo dos): | I65: Instancia de fiscalización
C66: * Primera referencia:
C67: * Segunda referencia:
C70: Pilar V: Ética y conflictos de interés
C71: El presente pilar alberga usualmente diferentes estándares o Buenas Prácticas de Gobernanza, entre las que se relevan: a) Organización cuenta con Código de Ética aprobado por Órgano de Dirección; que abarca temas como manejo de conflictos de interés, prevención de lavado de activos, manejo de información, entre otros. b) Organización ha aprobado políticas para prevenir, detectar, manejar y revelar conflictos de interés al interior de ella. c) Organización cuenta con políticas para valoración, aprobación y revelación de operaciones entre partes vinculadas. d) Organización cuenta con mecanismos para recibir denuncias; cuya administración está a cargo de instancia designada por Órgano de Dirección.
C72: Considerando los estándares antes mencionados, indique la puntuación que usted otorga a la organización en este pilar (marcar con “X” sólo una opción):
C73: 0 | D73: 1 | E73: 2 | F73: 3 | G73: 4
I74: Organización cuenta con código de ética aprobado por Órgano de Dirección; que abarca temas como manejo de conflictos de interés, prevención de lavado de activos, manejo de información, entre otros.
C75: 0 | D75: 1 | E75: 2 | F75: 3 | G75: 4 | I75: Organización ha aprobado políticas para prevenir, detectar, manejar y revelar conflictos de interés al interior de ella.
C76: De los estándares antes enunciados, señale aquellos que a su juicio denotan el mayor o mejor desarrollo (máximo dos): | I76: Organización cuenta con políticas para valoración, aprobación y revelación de operaciones entre partes vinculadas.
C77: * Primera referencia: | I77: Organización cuenta con mecanismos para recibir denuncias; cuya administración está a cargo de instancia designada por Órgano de Dirección.
C78: * Segunda referencia:
C79: De los estándares antes enunciados, señale aquellos que a su juicio aún no han sido alcanzados y requieren mayor mejora (máximo dos):
C80: * Primera referencia:
C81: * Segunda referencia:
C84: Pilar VI: Transparencia y comunicación
C85: El presente pilar alberga usualmente diferentes estándares o Buenas Prácticas de Gobernanza, entre las que se relevan: a) Organización cuenta con Política de Información en la que se establece formalmente las reglas para clasificación, manejo y difusión de la información que se genera o recibe. b) Organización difunde información al público, como (en lo aplicable): i. Objetivos de la Organización. ii. Documento de Constitución. iii. Estructura de propiedad. iv. Hojas de vida de los miembros del Órgano de Dirección, Ejecutivo Principal, Alta Gerencia. v. Reglamentos de Órganos de Dirección. vi. Memoria anual. vii. Informes de gestión. viii. Informe anual de Gobernanza. c) Organización mantiene política respecto a que las condiciones en que se contratan productos y servicios sean explicadas a clientes con máxima claridad. d) Organización elabora informe anual de cumplimiento de Buenas Prácticas de Gobernanza.
C86: Considerando los estándares antes mencionados, indique la puntuación que usted otorga a la organización en este pilar (marcar con “X” sólo una opción): | I86: Organización cuenta con Política de Información en la que se establece formalmente las reglas para clasificación, manejo y difusión de la información que se genera o recibe.
C87: 0 | D87: 1 | E87: 2 | F87: 3 | G87: 4 | I87: Organización difunde información al público.
I88: Organización mantiene política respecto a que las condiciones en que se contratan productos y servicios sean explicadas a clientes con máxima claridad.
C89: 0 | D89: 1 | E89: 2 | F89: 3 | G89: 4 | I89: Organización elabora informe anual de cumplimiento de Buenas Prácticas de Gobernanza.
C90: De los estándares antes enunciados, señale aquellos que a su juicio denotan el mayor o mejor desarrollo (máximo dos):
C91: * Primera referencia:
C92: * Segunda referencia:
C93: De los estándares antes enunciados, señale aquellos que a su juicio aún no han sido alcanzados y requieren mayor mejora (máximo dos):
C94: * Primera referencia:
C95: * Segunda referencia:

Sheet Encuesta 3
C3: Objetivos de la organización
C4: Los mejores estándares plantean respecto de los objetivos de una organización que: a) Permitan tener viabilidad financiera. b) Consten por escrito en su documento de constitución. c) Permite generar indicadores de gestión y desempeño, que son monitoreados por el Órgano de Dirección.
C5: Considerando los estándares antes mencionados, indique la puntuación que usted otorga a la organización en este pilar (marcar con “X” sólo una opción):
C6: 0 | D6: 1 | E6: 2 | F6: 3 | G6: 4 | I6: X
C8: 0 | D8: 1 | E8: 2 | F8: 3 | G8: 4
C9: De los estándares antes enunciados, señale aquellos que a su juicio denotan el mayor o mejor desarrollo :
C10: * Primera referencia:
C11: * Segunda referencia:
C12: De los estándares antes enunciados, señale aquellos que a su juicio aún no han sido alcanzados y requieren mayor mejora : | I12: a) En el documento de constitución existen expresamente objetivos sociales y económicos.
C13: * Primera referencia: | I13: b) Existen criterios dentro la constitución que permiten tener viabilidad y sostenibilidad financiera.
C14: * Segunda referencia: | I14: c) Dentro la constitución existen metas financiaras y sociales, que son monitoreados por el Órgano de Dirección / Consejos.
C16: Pilar I: Derechos de propiedad
C17: El presente pilar alberga usualmente diferentes estándares o Buenas Prácticas de Gobernanza, entre las que se relevan: a) Los Socios o Asociados (según corresponda) iguales reciben paridad de trato. b) Existen mecanismos de solución de controversias entre Socios o Asociados. c) Socios o Asociados pueden solicitar y tener acceso a información sobre el desenvolvimiento o desempeño de la Organización. d) Cualquier cambio sustantivo en la propiedad o administración de la Organización son explicados previamente a los Socios o Asociados. e) Se cuenta con política de distribución de utilidades o excedentes. f) Funcionamiento de la Asamblea General, respecto de la Asamblea General de Socios o Asociados: i. Tiene funciones y competencias establecidas en documento de constitución de la Organización. ii. Está reglamentada en norma propia. iii. Cuenta con mecanismos de convocatoria que facilita la participación de Socios o Asociados. iv. Los Socios o Asociados están debidamente registrados. v. Existen mecanismos para que ellos pueden introducir puntos en agenda antes de la Asamblea General. vi. Se facilita su ejercicio de voto mediante diversos mecanismos.
C18: Considerando los estándares antes mencionados, indique la puntuación que usted otorga a la organización en este pilar (marcar con “X” sólo una opción):
C19: 0 | D19: 1 | E19: 2 | F19: 3 | G19: 4
C21: 0 | D21: 1 | E21: 2 | F21: 3 | G21: 4
C22: De los estándares antes enunciados, señale aquellos que a su juicio denotan el mayor o mejor desarrollo :
C23: * Primera referencia: | I23: a) Los Socios o Asociados (según corresponda) reciben paridad de trato.
C24: * Segunda referencia: | I24: b) Existen mecanismos de solución de controversias entre Socios o Asociados.
C25: De los estándares antes enunciados, señale aquellos que a su juicio aún no han sido alcanzados y requieren mayor mejora : | I25: c) Los Socios o Asociados pueden solicitar y tener acceso a información sobre el desenvolvimiento o desempeño de la Organización.
C26: * Primera referencia: | I26: d) Cualquier cambio sustantivo en la propiedad o administración de la Organización son explicados previamente a los Socios o Asociados.
C27: * Segunda referencia: | I27: e) Se cuenta con política de distribución de utilidades o excedentes.
I28: f) Respecto al funcionamiento de la Asamblea General de Socios o Asociados
C29: Pilar II: Órgano de Dirección
C30: El presente pilar alberga usualmente diferentes estándares o buenas prácticas de gobernanza, entre las que se relevan: a) Dentro las funciones y competencias del Órgano de Dirección / Consejos, se incluyen: i. Aprobación y monitoreo de estrategias de la Organización. ii. Aprobación y monitoreo del presupuesto de la Organización. iii. Aprobación de política para designación y remuneración del Ejecutivo Principal. iv. Aprobación de la política de administración de riesgos. v. Supervisión del cumplimiento de prácticas de Gobernanza. vi. Supervisión del cumplimiento de normas éticas y de conducta, incluida la política de manejo de conflicto de interés. vii. Supervisión de los sistemas de control interno. viii. Aprobación de los planes de sucesión de los cargos críticos. b) La Organización y funcionamiento del Órgano de Dirección / Consejos está reglamentado en norma propia albergando aspectos de conformación. convocatorias, y funciones de los distintos miembros, entre otros. c) Existen perfiles de los miembros del Órgano de Dirección / Consejos, definidos en función de competencia; los que son aplicados en su convocatoria. d) El Órgano de Dirección / Consejos está integrado por mayoría de miembros independientes. e) El Órgano de Dirección / Consejos contribuye a identificar, evaluar y proponer candidatos a miembros. f) Existe una política de retribución de los miembros, la cual es transparente. g) El Órgano de Dirección / Consejos es evaluado periódicamente; y se autoevalúa al menos anualmente. h) Deberes y derechos del Órgano de Dirección / Consejos se encuentran establecidos en su Documento de Constitución. i) En cuanto a la información; los miembros del Órgano de Dirección / Consejos tienen derecho a acceder y recibir toda la información relevante; así como obligarse a guardar reserva sobre la información confidencial. j) Los miembros al momento de integrarse acceden a una inducción sobre todos los aspectos relacionados a la Organización. k) El Órgano de Dirección / Consejos cuenta con plan anual de trabajo. l) El Órgano de Dirección / Consejos cuenta con política de delegación de facultades; y además conforma comités especializados; los cuales son presididos por miembros independientes.
C31: Considerando los estándares antes mencionados, indique la puntuación que usted otorga a la organización en este pilar (marcar con “X” sólo una opción):
C32: 0 | D32: 1 | E32: 2 | F32: 3 | G32: 4
C34: 0 | D34: 1 | E34: 2 | F34: 3 | G34: 4
C35: De los estándares antes enunciados, señale aquellos que a su juicio denotan el mayor o mejor desarrollo : | I35: a) Dentro las funciones y competencias del Órgano de Dirección / Consejos
C36: * Primera referencia: | I36: b) La Organización y funcionamiento del Órgano de Dirección / Consejos está reglamentado en norma propia albergando aspectos de conformación. convocatorias, y funciones de los distintos miembros, entre otros.
C37: * Segunda referencia: | I37: c) Existen perfiles de los miembros del Órgano de Dirección / Consejos, definidos en función de competencia; los que son aplicados en su convocatoria.
C38: De los estándares antes enunciados, señale aquellos que a su juicio aún no han sido alcanzados y requieren mayor mejora : | I38: d) El Órgano de Dirección / Consejos está integrado por mayoría de miembros independientes.
C39: * Primera referencia: | I39: e) El Órgano de Dirección / Consejos contribuye a identificar, evaluar y proponer candidatos a miembros.
C40: * Segunda referencia: | I40: f) Existe una política de retribución de los miembros, la cual es transparente.
I41: g) El Órgano de Dirección / Consejos es evaluado periódicamente; y se autoevalúa al menos anualmente.
C42: Pilar III: Gestión | I42: h) Deberes y derechos del Órgano de Dirección / Consejos se encuentran establecidos en su Documento de Constitución.
C43: El presente pilar alberga usualmente diferentes estándares o buenas prácticas de gobernanza, entre las que se relevan: a) En cuanto al Ejecutivo Principal : i. Sus funciones están definidas en la Normativa Interna , al igual que las de la Alta Gerencia ii. Dispone de debida autonomía, al igual que la Alta Gerencia. iii. Su designación recae en persona distinta del Presidente del Órgano de Dirección b) Con respecto a los Grupos de Interés la Organización: i. Cuenta con política de relacionamiento con éstos. ii. Contempla entre los mismos a las personas excluidas de la provisión de servicios financieros. c) Organización ha establecido políticas de trato responsable al cliente, incluyendo aspectos de prevención de sobreendeudamiento, trato justo, transparencia y solución de reclamos. d) Organización ha establecido en la Normativa Interna política de recursos humanos; incluyendo evaluaciones sobre clima laboral. e) Organización ha implementado plan de sucesión para cargos críticos. f) Respecto de la Alta Gerencia, la Organización: i. Cuenta con política de remuneración con criterios bien definidos. ii. Realiza evaluaciones anuales de desempeño. g) La Organización cuenta con un comité de nombramiento y retribuciones conformado por miembros, con funciones definidas en Normativa Interna. | I43: i) En cuanto a la información; los miembros del Órgano de Dirección / Consejos tienen derecho a acceder y recibir toda la información relevante; así como obligarse a guardar reserva sobre la información confidencial.
C44: Considerando los estándares antes mencionados, indique la puntuación que usted otorga a la organización en este pilar (marcar con “X” sólo una opción): | I44: j) Los miembros al momento de integrarse acceden a una inducción sobre todos los aspectos relacionados a la Organización.
C45: 0 | D45: 1 | E45: 2 | F45: 3 | G45: 4 | I45: k) El Órgano de Dirección / Consejos cuenta con plan anual de trabajo.
I46: l) El Órgano de Dirección / Consejos cuenta con política de delegación de facultades; y además conforma comités especializados; los cuales son presididos por miembros independientes.
C47: 0 | D47: 1 | E47: 2 | F47: 3 | G47: 4
C48: De los estándares antes enunciados, señale aquellos que a su juicio denotan el mayor o mejor desarrollo :
C49: * Primera referencia: | I49: a) En cuanto al Ejecutivo Principal
C50: * Segunda referencia: | I50: b) Con respecto a los Grupos de Interés la Organización
C51: De los estándares antes enunciados, señale aquellos que a su juicio aún no han sido alcanzados y requieren mayor mejora : | I51: c) La organización ha establecido políticas de trato responsable al cliente, incluyendo aspectos de prevención de sobreendeudamiento, trato justo, transparencia y solución de reclamos.
C52: * Primera referencia: | I52: d) La organización ha establecido en la Normativa Interna política de recursos humanos; incluyendo evaluaciones sobre clima laboral.
C53: * Segunda referencia: | I53: e) La organización ha implementado y/o cuenta con un plan de sucesión para cargos críticos.
I54: f) Respecto de la Alta Gerencia, la Organización
I55: g) La Organización cuenta con un comité de nombramiento y retribuciones conformado por miembros, con funciones definidas en Normativa Interna.
C56: Pilar IV: Cumplimiento y Gestión de riesgos
C57: El presente pilar alberga usualmente diferentes estándares o Buenas Prácticas de Gobernanza, entre las que se relevan: a) La Organización cuenta con un sistema de control interno aprobado por el Órgano de Dirección; el cual monitorea el cumplimiento de procesos operativos y financieros, la administración de los activos y los riesgos de incumplimiento. b) Organización cuenta con comité de auditoría integrado por miembros del Órgano de Dirección con funciones definidas en Normativa Interna. c) La Organización cuenta con unidad de auditoría interna con responsabilidades definidas en Normativa Interna. Esta unidad goza de autonomía y es designada por Órgano de Dirección. d) Con respecto a la auditoría externa: i. Está a cargo de auditar anualmente los estados financieros. ii. La ejerce una entidad independiente; la cual es rotada regularmente. iii. Se divulga los otros servicios que son contratados con la misma entidad que audita los estados financieros. e) Organización ha aprobado política de gestión de riesgos; la que incluye los procesos y procedimientos para identificar, evaluar y gestionar los riesgos. f) Organización cuenta con comité de riesgos integrado por Órgano de Dirección, con funciones definidas en Normativa Interna. g) Organización cuenta con mapa de sus obligaciones normativas y de los respectivos responsables de cumplimiento; asimismo ha establecido instancia responsable de su seguimiento. h) Cuando se cuente con instancia de fiscalización: i. Tiene reglas definidas para su conformación y funcionamiento. ii. Coordina actividades con demás órganos de dirección. iii. Mantiene plan de trabajo y cuenta con procedimientos definidos para sus reuniones. iv. Emite informes anuales.
C58: Considerando los estándares antes mencionados, indique la puntuación que usted otorga a la organización en este pilar (marcar con “X” sólo una opción): | I58: a) La Organización cuenta con un sistema de control interno aprobado por el Órgano de Dirección / Consejos; el cual monitorea el cumplimiento de procesos operativos y financieros, la administración de los activos y los riesgos de incumplimiento.
C59: 0 | D59: 1 | E59: 2 | F59: 3 | G59: 4 | I59: b) Organización cuenta con comité de auditoría integrado por miembros del Órgano de Dirección / Consejos con funciones definidas en Normativa Interna.
I60: c) La Organización cuenta con unidad de auditoría interna con responsabilidades definidas en Normativa Interna. Esta unidad goza de autonomía y es designada por Órgano de Dirección / Consejos.
C61: 0 | D61: 1 | E61: 2 | F61: 3 | G61: 4 | I61: d) Con respecto a la auditoría externa
C62: De los estándares antes enunciados, señale aquellos que a su juicio denotan el mayor o mejor desarrollo : | I62: e) Organización ha aprobado política de gestión de riesgos; la que incluye los procesos y procedimientos para identificar, evaluar y gestionar los riesgos.
C63: * Primera referencia: | I63: f) Organización cuenta con comité de riesgos integrado por Órgano de Dirección / Consejos, con funciones definidas en Normativa Interna.
C64: * Segunda referencia: | I64: g) Organización cuenta con mapa de sus obligaciones normativas y de los respectivos responsables de cumplimiento; asimismo ha establecido instancia responsable de su seguimiento.
C65: De los estándares antes enunciados, señale aquellos que a su juicio aún no han sido alcanzados y requieren mayor mejora : | I65: h) Cuando se cuente con instancia de fiscalización
C66: * Primera referencia:
C67: * Segunda referencia:
C70: Pilar V: Ética y conflictos de interés
C71: El presente pilar alberga usualmente diferentes estándares o Buenas Prácticas de Gobernanza, entre las que se relevan: a) Organización cuenta con Código de Ética aprobado por Órgano de Dirección; que abarca temas como manejo de conflictos de interés, prevención de lavado de activos, manejo de información, entre otros. b) Organización ha aprobado políticas para prevenir, detectar, manejar y revelar conflictos de interés al interior de ella. c) Organización cuenta con políticas para valoración, aprobación y revelación de operaciones entre partes vinculadas. d) Organización cuenta con mecanismos para recibir denuncias; cuya administración está a cargo de instancia designada por Órgano de Dirección.
C72: Considerando los estándares antes mencionados, indique la puntuación que usted otorga a la organización en este pilar (marcar con “X” sólo una opción):
C73: 0 | D73: 1 | E73: 2 | F73: 3 | G73: 4
I74: a) Organización cuenta con Código de Ética aprobado por Órgano de Dirección / Consejos; que abarca temas como manejo de conflictos de interés, prevención de lavado de activos, manejo de información, entre otros.
C75: 0 | D75: 1 | E75: 2 | F75: 3 | G75: 4 | I75: b) Organización ha aprobado políticas para prevenir, detectar, manejar y revelar conflictos de interés al interior de ella.
C76: De los estándares antes enunciados, señale aquellos que a su juicio denotan el mayor o mejor desarrollo : | I76: c) Organización cuenta con políticas para valoración, aprobación y revelación de operaciones entre partes vinculadas.
C77: * Primera referencia: | I77: d) Organización cuenta con mecanismos para recibir denuncias; cuya administración está a cargo de instancia designada por Órgano de Dirección / Consejos.
C78: * Segunda referencia:
C79: De los estándares antes enunciados, señale aquellos que a su juicio aún no han sido alcanzados y requieren mayor mejora :
C80: * Primera referencia:
C81: * Segunda referencia:
C84: Pilar VI: Transparencia y comunicación
C85: El presente pilar alberga usualmente diferentes estándares o Buenas Prácticas de Gobernanza, entre las que se relevan: a) Organización cuenta con Política de Información en la que se establece formalmente las reglas para clasificación, manejo y difusión de la información que se genera o recibe. b) Organización difunde información al público, como (en lo aplicable): i. Objetivos de la Organización. ii. Documento de Constitución. iii. Estructura de propiedad. iv. Hojas de vida de los miembros del Órgano de Dirección, Ejecutivo Principal, Alta Gerencia. v. Reglamentos de Órganos de Dirección. vi. Memoria anual. vii. Informes de gestión. viii. Informe anual de Gobernanza. c) Organización mantiene política respecto a que las condiciones en que se contratan productos y servicios sean explicadas a clientes con máxima claridad. d) Organización elabora informe anual de cumplimiento de Buenas Prácticas de Gobernanza.
C86: Considerando los estándares antes mencionados, indique la puntuación que usted otorga a la organización en este pilar (marcar con “X” sólo una opción): | I86: a) Organización cuenta con Política de Información en la que se establece formalmente las reglas para clasificación, manejo y difusión de la información que se genera o recibe.
C87: 0 | D87: 1 | E87: 2 | F87: 3 | G87: 4 | I87: b) Organización difunde información al público.
I88: c) Organización mantiene política respecto a que las condiciones en que se contratan productos y servicios sean explicadas a clientes con máxima claridad.
C89: 0 | D89: 1 | E89: 2 | F89: 3 | G89: 4 | I89: d) Organización elabora informe anual de cumplimiento de Buenas Prácticas de Gobernanza.
C90: De los estándares antes enunciados, señale aquellos que a su juicio denotan el mayor o mejor desarrollo :
C91: * Primera referencia:
C92: * Segunda referencia:
C93: De los estándares antes enunciados, señale aquellos que a su juicio aún no han sido alcanzados y requieren mayor mejora :
C94: * Primera referencia:
C95: * Segunda referencia:

Sheet Encuesta 4
C3: Objetivos de la organización
C4: Los mejores estándares plantean respecto de los objetivos de una organización que: a) Permitan tener viabilidad financiera. b) Consten por escrito en su documento de constitución. c) Permite generar indicadores de gestión y desempeño, que son monitoreados por el Órgano de Dirección.
C5: Considerando los estándares antes mencionados, indique la puntuación que usted otorga a la organización en este pilar (marcar con “X” sólo una opción):
C6: 0 | D6: 1 | E6: 2 | F6: 3 | G6: 4 | I6: X
C8: 0 | D8: 1 | E8: 2 | F8: 3 | G8: 4
C9: De los estándares antes enunciados, señale aquellos que a su juicio denotan el mayor o mejor desarrollo (máximo dos):
C10: * Primera referencia:
C11: * Segunda referencia:
C12: De los estándares antes enunciados, señale aquellos que a su juicio aún no han sido alcanzados y requieren mayor mejora (máximo dos): | I12: Permitan tener viabilidad financiera.
C13: * Primera referencia: | I13: Consten por escrito en su documento de constitución.
C14: * Segunda referencia: | I14: Permite generar indicadores de gestión y desempeño, que son monitoreados por el Órgano de Dirección.
C16: Pilar I: Derechos de propiedad
C17: El presente pilar alberga usualmente diferentes estándares o Buenas Prácticas de Gobernanza, entre las que se relevan: a) Los Socios o Asociados (según corresponda) iguales reciben paridad de trato. b) Existen mecanismos de solución de controversias entre Socios o Asociados. c) Socios o Asociados pueden solicitar y tener acceso a información sobre el desenvolvimiento o desempeño de la Organización. d) Cualquier cambio sustantivo en la propiedad o administración de la Organización son explicados previamente a los Socios o Asociados. e) Se cuenta con política de distribución de utilidades o excedentes. f) Funcionamiento de la Asamblea General, respecto de la Asamblea General de Socios o Asociados: i. Tiene funciones y competencias establecidas en documento de constitución de la Organización. ii. Está reglamentada en norma propia. iii. Cuenta con mecanismos de convocatoria que facilita la participación de Socios o Asociados. iv. Los Socios o Asociados están debidamente registrados. v. Existen mecanismos para que ellos pueden introducir puntos en agenda antes de la Asamblea General. vi. Se facilita su ejercicio de voto mediante diversos mecanismos.
C18: Considerando los estándares antes mencionados, indique la puntuación que usted otorga a la organización en este pilar (marcar con “X” sólo una opción):
C19: 0 | D19: 1 | E19: 2 | F19: 3 | G19: 4
C21: 0 | D21: 1 | E21: 2 | F21: 3 | G21: 4
C22: De los estándares antes enunciados, señale aquellos que a su juicio denotan el mayor o mejor desarrollo (máximo dos):
C23: * Primera referencia: | I23: Los Socios o Asociados (según corresponda) iguales reciben paridad de trato.
C24: * Segunda referencia: | I24: Existen mecanismos de solución de controversias entre Socios o Asociados.
C25: De los estándares antes enunciados, señale aquellos que a su juicio aún no han sido alcanzados y requieren mayor mejora (máximo dos): | I25: Socios o Asociados pueden solicitar y tener acceso a información sobre el desenvolvimiento o desempeño de la Organización.
C26: * Primera referencia: | I26: Cualquier cambio sustantivo en la propiedad o administración de la Organización son explicados previamente a los Socios o Asociados.
C27: * Segunda referencia: | I27: Se cuenta con política de distribución de utilidades o excedentes.
I28: Funcionamiento de la Asamblea General.
C29: Pilar II: Órgano de Dirección
C30: El presente pilar alberga usualmente diferentes estándares o buenas prácticas de gobernanza, entre las que se relevan: a) Funciones y competencias del Órgano de Dirección, incluyen: i. Aprobación y monitoreo de estrategias de la Organización. ii. Aprobación y monitoreo del presupuesto de la Organización. iii. Aprobación de política para designación y remuneración del Ejecutivo Principal. iv. Aprobación de la política de administración de riesgos. v. Supervisión del cumplimiento de prácticas de Gobernanza. vi. Supervisión del cumplimiento de normas éticas y de conducta, incluida la política de manejo de conflicto de interés. vii. Supervisión de los sistemas de control interno. viii. Aprobación de los planes de sucesión de los cargos críticos. b) La Organización y funcionamiento del Órgano de Dirección está reglamentado en norma propia albergando aspectos de conformación. convocatorias, y funciones de los distintos miembros, entre otros. c) Existen perfiles de los miembros del Órgano de Dirección, definidos en función de competencia; los que son aplicados en su convocatoria. d) El Órgano de Dirección está integrado por mayoría de miembros independientes. e) El Órgano de Dirección contribuye a identificar, evaluar y proponer candidatos a miembros. f) Existe una política de retribución de los miembros, la cual es transparente. g) El Órgano de Dirección es evaluado periódicamente; y se autoevalúa al menos anualmente. h) Deberes y derechos del Órgano de Dirección se encuentran establecidos en su Documento de Constitución. i) En cuanto a la información; los miembros del Órgano de Dirección tienen derecho a acceder y recibir toda la información relevante; así como obligarse a guardar reserva sobre la información confidencial. j) Los miembros al momento de integrarse acceden a una inducción sobre todos los aspectos relacionados a la Organización. k) Órgano de Dirección cuenta con plan anual de trabajo. l) El Órgano de Dirección cuenta con política de delegación de facultades; y además conforma comités especializados; los cuales son presididos por miembros independientes.
C31: Considerando los estándares antes mencionados, indique la puntuación que usted otorga a la organización en este pilar (marcar con “X” sólo una opción):
C32: 0 | D32: 1 | E32: 2 | F32: 3 | G32: 4
C34: 0 | D34: 1 | E34: 2 | F34: 3 | G34: 4
C35: De los estándares antes enunciados, señale aquellos que a su juicio denotan el mayor o mejor desarrollo (máximo dos): | I35: Funciones y competencias del Órgano de Dirección.
C36: * Primera referencia: | I36: La Organización y funcionamiento del Órgano de Dirección está reglamentado en norma propia albergando aspectos de conformación, convocatorias, y funciones de los distintos miembros, entre otros.
C37: * Segunda referencia: | I37: Existen perfiles de los miembros del Órgano de Dirección, definidos en función de competencia; los que son aplicados en su convocatoria.
C38: De los estándares antes enunciados, señale aquellos que a su juicio aún no han sido alcanzados y requieren mayor mejora (máximo dos): | I38: El Órgano de Dirección está integrado por mayoría de miembros independientes.
C39: * Primera referencia: | I39: El Órgano de Dirección contribuye a identificar, evaluar y proponer candidatos a miembros.
C40: * Segunda referencia: | I40: Existe una política de retribución de los miembros, la cual es transparente.
I41: El Órgano de Dirección es evaluado periódicamente; y se autoevalúa al menos anualmente.
C42: Pilar III: Gestión | I42: Deberes y derechos del Órgano de Dirección se encuentran establecidos en su Documento de Constitución.
C43: El presente pilar alberga usualmente diferentes estándares o buenas prácticas de gobernanza, entre las que se relevan: a) En cuanto al Ejecutivo Principal : i. Sus funciones están definidas en la Normativa Interna , al igual que las de la Alta Gerencia ii. Dispone de debida autonomía, al igual que la Alta Gerencia. iii. Su designación recae en persona distinta del Presidente del Órgano de Dirección b) Con respecto a los Grupos de Interés la Organización: i. Cuenta con política de relacionamiento con éstos. ii. Contempla entre los mismos a las personas excluidas de la provisión de servicios financieros. c) Organización ha establecido políticas de trato responsable al cliente, incluyendo aspectos de prevención de sobreendeudamiento, trato justo, transparencia y solución de reclamos. d) Organización ha establecido en la Normativa Interna política de recursos humanos; incluyendo evaluaciones sobre clima laboral. e) Organización ha implementado plan de sucesión para cargos críticos. f) Respecto de la Alta Gerencia, la Organización: i. Cuenta con política de remuneración con criterios bien definidos. ii. Realiza evaluaciones anuales de desempeño. g) La Organización cuenta con un comité de nombramiento y retribuciones conformado por miembros, con funciones definidas en Normativa Interna. | I43: En cuanto a la información; los miembros del Órgano de Dirección tienen derecho a acceder y recibir toda la información relevante; así como obligarse a guardar reserva sobre la información confidencial.
C44: Considerando los estándares antes mencionados, indique la puntuación que usted otorga a la organización en este pilar (marcar con “X” sólo una opción): | I44: Los miembros al momento de integrarse acceden a una inducción sobre todos los aspectos relacionados a la Organización
C45: 0 | D45: 1 | E45: 2 | F45: 3 | G45: 4 | I45: Órgano de Dirección cuenta con plan anual de trabajo
I46: El Órgano de dirección cuanta con política de delegación de facultades; y además conforma comités especializados; los cuales son presididos por miembros independientes
C47: 0 | D47: 1 | E47: 2 | F47: 3 | G47: 4
C48: De los estándares antes enunciados, señale aquellos que a su juicio denotan el mayor o mejor desarrollo (máximo dos):
C49: * Primera referencia: | I49: Rol del Ejecutivo Principal
C50: * Segunda referencia: | I50: Relación con los Grupos de Interés la Organización
C51: De los estándares antes enunciados, señale aquellos que a su juicio aún no han sido alcanzados y requieren mayor mejora (máximo dos): | I51: La Organización ha establecido políticas de trato responsable al cliente, incluyendo aspectos de prevención de sobreendeudamiento, trato justo, transparencia y solución de reclamos.
C52: * Primera referencia: | I52: La Organización ha establecido en la Normativa Interna política de recursos humanos; incluyendo evaluaciones sobre clima laboral.
C53: * Segunda referencia: | I53: La Organización ha implementado plan de sucesión para cargos críticos.
I54: Rol de la Alta Gerencia
I55: La Organización cuenta con un comité de nombramiento y retribuciones conformado por miembros, con funciones definidas en Normativa Interna.
C56: Pilar IV: Cumplimiento y Gestión de riesgos
C57: El presente pilar alberga usualmente diferentes estándares o Buenas Prácticas de Gobernanza, entre las que se relevan: a) La Organización cuenta con un sistema de control interno aprobado por el Órgano de Dirección; el cual monitorea el cumplimiento de procesos operativos y financieros, la administración de los activos y los riesgos de incumplimiento. b) Organización cuenta con comité de auditoría integrado por miembros del Órgano de Dirección con funciones definidas en Normativa Interna. c) La Organización cuenta con unidad de auditoría interna con responsabilidades definidas en Normativa Interna. Esta unidad goza de autonomía y es designada por Órgano de Dirección. d) Con respecto a la auditoría externa: i. Está a cargo de auditar anualmente los estados financieros. ii. La ejerce una entidad independiente; la cual es rotada regularmente. iii. Se divulga los otros servicios que son contratados con la misma entidad que audita los estados financieros. e) Organización ha aprobado política de gestión de riesgos; la que incluye los procesos y procedimientos para identificar, evaluar y gestionar los riesgos. f) Organización cuenta con comité de riesgos integrado por Órgano de Dirección, con funciones definidas en Normativa Interna. g) Organización cuenta con mapa de sus obligaciones normativas y de los respectivos responsables de cumplimiento; asimismo ha establecido instancia responsable de su seguimiento. h) Cuando se cuente con instancia de fiscalización: i. Tiene reglas definidas para su conformación y funcionamiento. ii. Coordina actividades con demás órganos de dirección. iii. Mantiene plan de trabajo y cuenta con procedimientos definidos para sus reuniones. iv. Emite informes anuales.
C58: Considerando los estándares antes mencionados, indique la puntuación que usted otorga a la organización en este pilar (marcar con “X” sólo una opción): | I58: La Organización cuenta con un sistema de control interno aprobado por el Órgano de Dirección; el cual monitorea el cumplimiento de procesos operativos y financieros, la administración de los activos y los riesgos de incumplimiento.
C59: 0 | D59: 1 | E59: 2 | F59: 3 | G59: 4 | I59: Organización cuenta con comité de auditoría integrado por miembros del Órgano de Dirección con funciones definidas en Normativa Interna.
I60: Organización cuenta con unidad de auditoría interna con responsabilidades definidas en Normativa Interna. Esta unidad goza de autonomía y es designada por Órgano de Dirección.
C61: 0 | D61: 1 | E61: 2 | F61: 3 | G61: 4 | I61: Rol de la auditoría externa
C62: De los estándares antes enunciados, señale aquellos que a su juicio denotan el mayor o mejor desarrollo (máximo dos): | I62: Organización ha aprobado política de gestión de riesgos; la que incluye los procesos y procedimientos para identificar, evaluar y gestionar los riesgos.
C63: * Primera referencia: | D63: Organización cuenta con unidad de auditoría interna con responsabilidades definidas en Normativa Interna. Esta unidad goza de autonomía y es designada por Órgano de Dirección. | I63: Organización cuenta con comité de riesgos integrado por Órgano de Dirección, con funciones definidas en Normativa Interna
C64: * Segunda referencia: | I64: Organización cuenta con mapa de sus obligaciones normativas y de los respectivos responsables de cumplimiento; asimismo ha establecido instancia responsable de su seguimiento
C65: De los estándares antes enunciados, señale aquellos que a su juicio aún no han sido alcanzados y requieren mayor mejora (máximo dos): | I65: Instancia de fiscalización
C66: * Primera referencia:
C67: * Segunda referencia:
C70: Pilar V: Ética y conflictos de interés
C71: El presente pilar alberga usualmente diferentes estándares o Buenas Prácticas de Gobernanza, entre las que se relevan: a) Organización cuenta con Código de Ética aprobado por Órgano de Dirección; que abarca temas como manejo de conflictos de interés, prevención de lavado de activos, manejo de información, entre otros. b) Organización ha aprobado políticas para prevenir, detectar, manejar y revelar conflictos de interés al interior de ella. c) Organización cuenta con políticas para valoración, aprobación y revelación de operaciones entre partes vinculadas. d) Organización cuenta con mecanismos para recibir denuncias; cuya administración está a cargo de instancia designada por Órgano de Dirección.
C72: Considerando los estándares antes mencionados, indique la puntuación que usted otorga a la organización en este pilar (marcar con “X” sólo una opción):
C73: 0 | D73: 1 | E73: 2 | F73: 3 | G73: 4
I74: Organización cuenta con código de ética aprobado por Órgano de Dirección; que abarca temas como manejo de conflictos de interés, prevención de lavado de activos, manejo de información, entre otros.
C75: 0 | D75: 1 | E75: 2 | F75: 3 | G75: 4 | I75: Organización ha aprobado políticas para prevenir, detectar, manejar y revelar conflictos de interés al interior de ella.
C76: De los estándares antes enunciados, señale aquellos que a su juicio denotan el mayor o mejor desarrollo (máximo dos): | I76: Organización cuenta con políticas para valoración, aprobación y revelación de operaciones entre partes vinculadas.
C77: * Primera referencia: | I77: Organización cuenta con mecanismos para recibir denuncias; cuya administración está a cargo de instancia designada por Órgano de Dirección.
C78: * Segunda referencia:
C79: De los estándares antes enunciados, señale aquellos que a su juicio aún no han sido alcanzados y requieren mayor mejora (máximo dos):
C80: * Primera referencia:
C81: * Segunda referencia:
C84: Pilar VI: Transparencia y comunicación
C85: El presente pilar alberga usualmente diferentes estándares o Buenas Prácticas de Gobernanza, entre las que se relevan: a) Organización cuenta con Política de Información en la que se establece formalmente las reglas para clasificación, manejo y difusión de la información que se genera o recibe. b) Organización difunde información al público, como (en lo aplicable): i. Objetivos de la Organización. ii. Documento de Constitución. iii. Estructura de propiedad. iv. Hojas de vida de los miembros del Órgano de Dirección, Ejecutivo Principal, Alta Gerencia. v. Reglamentos de Órganos de Dirección. vi. Memoria anual. vii. Informes de gestión. viii. Informe anual de Gobernanza. c) Organización mantiene política respecto a que las condiciones en que se contratan productos y servicios sean explicadas a clientes con máxima claridad. d) Organización elabora informe anual de cumplimiento de Buenas Prácticas de Gobernanza.
C86: Considerando los estándares antes mencionados, indique la puntuación que usted otorga a la organización en este pilar (marcar con “X” sólo una opción): | I86: Organización cuenta con Política de Información en la que se establece formalmente las reglas para clasificación, manejo y difusión de la información que se genera o recibe.
C87: 0 | D87: 1 | E87: 2 | F87: 3 | G87: 4 | I87: Organización difunde información al público.
I88: Organización mantiene política respecto a que las condiciones en que se contratan productos y servicios sean explicadas a clientes con máxima claridad.
C89: 0 | D89: 1 | E89: 2 | F89: 3 | G89: 4 | I89: Organización elabora informe anual de cumplimiento de Buenas Prácticas de Gobernanza.
C90: De los estándares antes enunciados, señale aquellos que a su juicio denotan el mayor o mejor desarrollo (máximo dos):
C91: * Primera referencia:
C92: * Segunda referencia:
C93: De los estándares antes enunciados, señale aquellos que a su juicio aún no han sido alcanzados y requieren mayor mejora (máximo dos):
C94: * Primera referencia:
C95: * Segunda referencia:

Sheet Encuesta 5
C3: Objetivos de la organización
C4: Los mejores estándares plantean respecto de los objetivos de una organización que: a) Permitan tener viabilidad financiera. b) Consten por escrito en su documento de constitución. c) Permite generar indicadores de gestión y desempeño, que son monitoreados por el Órgano de Dirección.
C5: Considerando los estándares antes mencionados, indique la puntuación que usted otorga a la organización en este pilar (marcar con “X” sólo una opción):
C6: 0 | D6: 1 | E6: 2 | F6: 3 | G6: 4 | I6: X
C8: 0 | D8: 1 | E8: 2 | F8: 3 | G8: 4
C9: De los estándares antes enunciados, señale aquellos que a su juicio denotan el mayor o mejor desarrollo (máximo dos):
C10: * Primera referencia:
C11: * Segunda referencia:
C12: De los estándares antes enunciados, señale aquellos que a su juicio aún no han sido alcanzados y requieren mayor mejora (máximo dos): | I12: Permitan tener viabilidad financiera.
C13: * Primera referencia: | I13: Consten por escrito en su documento de constitución.
C14: * Segunda referencia: | I14: Permite generar indicadores de gestión y desempeño, que son monitoreados por el Órgano de Dirección.
C16: Pilar I: Derechos de propiedad
C17: El presente pilar alberga usualmente diferentes estándares o Buenas Prácticas de Gobernanza, entre las que se relevan: a) Los Socios o Asociados (según corresponda) iguales reciben paridad de trato. b) Existen mecanismos de solución de controversias entre Socios o Asociados. c) Socios o Asociados pueden solicitar y tener acceso a información sobre el desenvolvimiento o desempeño de la Organización. d) Cualquier cambio sustantivo en la propiedad o administración de la Organización son explicados previamente a los Socios o Asociados. e) Se cuenta con política de distribución de utilidades o excedentes. f) Funcionamiento de la Asamblea General, respecto de la Asamblea General de Socios o Asociados: i. Tiene funciones y competencias establecidas en documento de constitución de la Organización. ii. Está reglamentada en norma propia. iii. Cuenta con mecanismos de convocatoria que facilita la participación de Socios o Asociados. iv. Los Socios o Asociados están debidamente registrados. v. Existen mecanismos para que ellos pueden introducir puntos en agenda antes de la Asamblea General. vi. Se facilita su ejercicio de voto mediante diversos mecanismos.
C18: Considerando los estándares antes mencionados, indique la puntuación que usted otorga a la organización en este pilar (marcar con “X” sólo una opción):
C19: 0 | D19: 1 | E19: 2 | F19: 3 | G19: 4
C21: 0 | D21: 1 | E21: 2 | F21: 3 | G21: 4
C22: De los estándares antes enunciados, señale aquellos que a su juicio denotan el mayor o mejor desarrollo (máximo dos):
C23: * Primera referencia: | I23: Los Socios o Asociados (según corresponda) iguales reciben paridad de trato.
C24: * Segunda referencia: | I24: Existen mecanismos de solución de controversias entre Socios o Asociados.
C25: De los estándares antes enunciados, señale aquellos que a su juicio aún no han sido alcanzados y requieren mayor mejora (máximo dos): | I25: Socios o Asociados pueden solicitar y tener acceso a información sobre el desenvolvimiento o desempeño de la Organización.
C26: * Primera referencia: | I26: Cualquier cambio sustantivo en la propiedad o administración de la Organización son explicados previamente a los Socios o Asociados.
C27: * Segunda referencia: | I27: Se cuenta con política de distribución de utilidades o excedentes.
I28: Funcionamiento de la Asamblea General.
C29: Pilar II: Órgano de Dirección
C30: El presente pilar alberga usualmente diferentes estándares o buenas prácticas de gobernanza, entre las que se relevan: a) Funciones y competencias del Órgano de Dirección, incluyen: i. Aprobación y monitoreo de estrategias de la Organización. ii. Aprobación y monitoreo del presupuesto de la Organización. iii. Aprobación de política para designación y remuneración del Ejecutivo Principal. iv. Aprobación de la política de administración de riesgos. v. Supervisión del cumplimiento de prácticas de Gobernanza. vi. Supervisión del cumplimiento de normas éticas y de conducta, incluida la política de manejo de conflicto de interés. vii. Supervisión de los sistemas de control interno. viii. Aprobación de los planes de sucesión de los cargos críticos. b) La Organización y funcionamiento del Órgano de Dirección está reglamentado en norma propia albergando aspectos de conformación. convocatorias, y funciones de los distintos miembros, entre otros. c) Existen perfiles de los miembros del Órgano de Dirección, definidos en función de competencia; los que son aplicados en su convocatoria. d) El Órgano de Dirección está integrado por mayoría de miembros independientes. e) El Órgano de Dirección contribuye a identificar, evaluar y proponer candidatos a miembros. f) Existe una política de retribución de los miembros, la cual es transparente. g) El Órgano de Dirección es evaluado periódicamente; y se autoevalúa al menos anualmente. h) Deberes y derechos del Órgano de Dirección se encuentran establecidos en su Documento de Constitución. i) En cuanto a la información; los miembros del Órgano de Dirección tienen derecho a acceder y recibir toda la información relevante; así como obligarse a guardar reserva sobre la información confidencial. j) Los miembros al momento de integrarse acceden a una inducción sobre todos los aspectos relacionados a la Organización. k) Órgano de Dirección cuenta con plan anual de trabajo. l) El Órgano de Dirección cuenta con política de delegación de facultades; y además conforma comités especializados; los cuales son presididos por miembros independientes.
C31: Considerando los estándares antes mencionados, indique la puntuación que usted otorga a la organización en este pilar (marcar con “X” sólo una opción):
C32: 0 | D32: 1 | E32: 2 | F32: 3 | G32: 4
C34: 0 | D34: 1 | E34: 2 | F34: 3 | G34: 4
C35: De los estándares antes enunciados, señale aquellos que a su juicio denotan el mayor o mejor desarrollo (máximo dos): | I35: Funciones y competencias del Órgano de Dirección.
C36: * Primera referencia: | I36: La Organización y funcionamiento del Órgano de Dirección está reglamentado en norma propia albergando aspectos de conformación, convocatorias, y funciones de los distintos miembros, entre otros.
C37: * Segunda referencia: | I37: Existen perfiles de los miembros del Órgano de Dirección, definidos en función de competencia; los que son aplicados en su convocatoria.
C38: De los estándares antes enunciados, señale aquellos que a su juicio aún no han sido alcanzados y requieren mayor mejora (máximo dos): | I38: El Órgano de Dirección está integrado por mayoría de miembros independientes.
C39: * Primera referencia: | I39: El Órgano de Dirección contribuye a identificar, evaluar y proponer candidatos a miembros.
C40: * Segunda referencia: | I40: Existe una política de retribución de los miembros, la cual es transparente.
I41: El Órgano de Dirección es evaluado periódicamente; y se autoevalúa al menos anualmente.
C42: Pilar III: Gestión | I42: Deberes y derechos del Órgano de Dirección se encuentran establecidos en su Documento de Constitución.
C43: El presente pilar alberga usualmente diferentes estándares o buenas prácticas de gobernanza, entre las que se relevan: a) En cuanto al Ejecutivo Principal : i. Sus funciones están definidas en la Normativa Interna , al igual que las de la Alta Gerencia ii. Dispone de debida autonomía, al igual que la Alta Gerencia. iii. Su designación recae en persona distinta del Presidente del Órgano de Dirección b) Con respecto a los Grupos de Interés la Organización: i. Cuenta con política de relacionamiento con éstos. ii. Contempla entre los mismos a las personas excluidas de la provisión de servicios financieros. c) Organización ha establecido políticas de trato responsable al cliente, incluyendo aspectos de prevención de sobreendeudamiento, trato justo, transparencia y solución de reclamos. d) Organización ha establecido en la Normativa Interna política de recursos humanos; incluyendo evaluaciones sobre clima laboral. e) Organización ha implementado plan de sucesión para cargos críticos. f) Respecto de la Alta Gerencia, la Organización: i. Cuenta con política de remuneración con criterios bien definidos. ii. Realiza evaluaciones anuales de desempeño. g) La Organización cuenta con un comité de nombramiento y retribuciones conformado por miembros, con funciones definidas en Normativa Interna. | I43: En cuanto a la información; los miembros del Órgano de Dirección tienen derecho a acceder y recibir toda la información relevante; así como obligarse a guardar reserva sobre la información confidencial.
C44: Considerando los estándares antes mencionados, indique la puntuación que usted otorga a la organización en este pilar (marcar con “X” sólo una opción): | I44: Los miembros al momento de integrarse acceden a una inducción sobre todos los aspectos relacionados a la Organización
C45: 0 | D45: 1 | E45: 2 | F45: 3 | G45: 4 | I45: Órgano de Dirección cuenta con plan anual de trabajo
I46: El Órgano de dirección cuanta con política de delegación de facultades; y además conforma comités especializados; los cuales son presididos por miembros independientes
C47: 0 | D47: 1 | E47: 2 | F47: 3 | G47: 4
C48: De los estándares antes enunciados, señale aquellos que a su juicio denotan el mayor o mejor desarrollo (máximo dos):
C49: * Primera referencia: | I49: Rol del Ejecutivo Principal
C50: * Segunda referencia: | I50: Relación con los Grupos de Interés la Organización
C51: De los estándares antes enunciados, señale aquellos que a su juicio aún no han sido alcanzados y requieren mayor mejora (máximo dos): | I51: La Organización ha establecido políticas de trato responsable al cliente, incluyendo aspectos de prevención de sobreendeudamiento, trato justo, transparencia y solución de reclamos.
C52: * Primera referencia: | I52: La Organización ha establecido en la Normativa Interna política de recursos humanos; incluyendo evaluaciones sobre clima laboral.
C53: * Segunda referencia: | I53: La Organización ha implementado plan de sucesión para cargos críticos.
I54: Rol de la Alta Gerencia
I55: La Organización cuenta con un comité de nombramiento y retribuciones conformado por miembros, con funciones definidas en Normativa Interna.
C56: Pilar IV: Cumplimiento y Gestión de riesgos
C57: El presente pilar alberga usualmente diferentes estándares o Buenas Prácticas de Gobernanza, entre las que se relevan: a) La Organización cuenta con un sistema de control interno aprobado por el Órgano de Dirección; el cual monitorea el cumplimiento de procesos operativos y financieros, la administración de los activos y los riesgos de incumplimiento. b) Organización cuenta con comité de auditoría integrado por miembros del Órgano de Dirección con funciones definidas en Normativa Interna. c) La Organización cuenta con unidad de auditoría interna con responsabilidades definidas en Normativa Interna. Esta unidad goza de autonomía y es designada por Órgano de Dirección. d) Con respecto a la auditoría externa: i. Está a cargo de auditar anualmente los estados financieros. ii. La ejerce una entidad independiente; la cual es rotada regularmente. iii. Se divulga los otros servicios que son contratados con la misma entidad que audita los estados financieros. e) Organización ha aprobado política de gestión de riesgos; la que incluye los procesos y procedimientos para identificar, evaluar y gestionar los riesgos. f) Organización cuenta con comité de riesgos integrado por Órgano de Dirección, con funciones definidas en Normativa Interna. g) Organización cuenta con mapa de sus obligaciones normativas y de los respectivos responsables de cumplimiento; asimismo ha establecido instancia responsable de su seguimiento. h) Cuando se cuente con instancia de fiscalización: i. Tiene reglas definidas para su conformación y funcionamiento. ii. Coordina actividades con demás órganos de dirección. iii. Mantiene plan de trabajo y cuenta con procedimientos definidos para sus reuniones. iv. Emite informes anuales.
C58: Considerando los estándares antes mencionados, indique la puntuación que usted otorga a la organización en este pilar (marcar con “X” sólo una opción): | I58: La Organización cuenta con un sistema de control interno aprobado por el Órgano de Dirección; el cual monitorea el cumplimiento de procesos operativos y financieros, la administración de los activos y los riesgos de incumplimiento.
C59: 0 | D59: 1 | E59: 2 | F59: 3 | G59: 4 | I59: Organización cuenta con comité de auditoría integrado por miembros del Órgano de Dirección con funciones definidas en Normativa Interna.
I60: Organización cuenta con unidad de auditoría interna con responsabilidades definidas en Normativa Interna. Esta unidad goza de autonomía y es designada por Órgano de Dirección.
C61: 0 | D61: 1 | E61: 2 | F61: 3 | G61: 4 | I61: Rol de la auditoría externa
C62: De los estándares antes enunciados, señale aquellos que a su juicio denotan el mayor o mejor desarrollo (máximo dos): | I62: Organización ha aprobado política de gestión de riesgos; la que incluye los procesos y procedimientos para identificar, evaluar y gestionar los riesgos.
C63: * Primera referencia: | D63: Organización cuenta con unidad de auditoría interna con responsabilidades definidas en Normativa Interna. Esta unidad goza de autonomía y es designada por Órgano de Dirección. | I63: Organización cuenta con comité de riesgos integrado por Órgano de Dirección, con funciones definidas en Normativa Interna
C64: * Segunda referencia: | I64: Organización cuenta con mapa de sus obligaciones normativas y de los respectivos responsables de cumplimiento; asimismo ha establecido instancia responsable de su seguimiento
C65: De los estándares antes enunciados, señale aquellos que a su juicio aún no han sido alcanzados y requieren mayor mejora (máximo dos): | I65: Instancia de fiscalización
C66: * Primera referencia:
C67: * Segunda referencia:
C70: Pilar V: Ética y conflictos de interés
C71: El presente pilar alberga usualmente diferentes estándares o Buenas Prácticas de Gobernanza, entre las que se relevan: a) Organización cuenta con Código de Ética aprobado por Órgano de Dirección; que abarca temas como manejo de conflictos de interés, prevención de lavado de activos, manejo de información, entre otros. b) Organización ha aprobado políticas para prevenir, detectar, manejar y revelar conflictos de interés al interior de ella. c) Organización cuenta con políticas para valoración, aprobación y revelación de operaciones entre partes vinculadas. d) Organización cuenta con mecanismos para recibir denuncias; cuya administración está a cargo de instancia designada por Órgano de Dirección.
C72: Considerando los estándares antes mencionados, indique la puntuación que usted otorga a la organización en este pilar (marcar con “X” sólo una opción):
C73: 0 | D73: 1 | E73: 2 | F73: 3 | G73: 4
I74: Organización cuenta con código de ética aprobado por Órgano de Dirección; que abarca temas como manejo de conflictos de interés, prevención de lavado de activos, manejo de información, entre otros.
C75: 0 | D75: 1 | E75: 2 | F75: 3 | G75: 4 | I75: Organización ha aprobado políticas para prevenir, detectar, manejar y revelar conflictos de interés al interior de ella.
C76: De los estándares antes enunciados, señale aquellos que a su juicio denotan el mayor o mejor desarrollo (máximo dos): | I76: Organización cuenta con políticas para valoración, aprobación y revelación de operaciones entre partes vinculadas.
C77: * Primera referencia: | I77: Organización cuenta con mecanismos para recibir denuncias; cuya administración está a cargo de instancia designada por Órgano de Dirección.
C78: * Segunda referencia:
C79: De los estándares antes enunciados, señale aquellos que a su juicio aún no han sido alcanzados y requieren mayor mejora (máximo dos):
C80: * Primera referencia:
C81: * Segunda referencia:
C84: Pilar VI: Transparencia y comunicación
C85: El presente pilar alberga usualmente diferentes estándares o Buenas Prácticas de Gobernanza, entre las que se relevan: a) Organización cuenta con Política de Información en la que se establece formalmente las reglas para clasificación, manejo y difusión de la información que se genera o recibe. b) Organización difunde información al público, como (en lo aplicable): i. Objetivos de la Organización. ii. Documento de Constitución. iii. Estructura de propiedad. iv. Hojas de vida de los miembros del Órgano de Dirección, Ejecutivo Principal, Alta Gerencia. v. Reglamentos de Órganos de Dirección. vi. Memoria anual. vii. Informes de gestión. viii. Informe anual de Gobernanza. c) Organización mantiene política respecto a que las condiciones en que se contratan productos y servicios sean explicadas a clientes con máxima claridad. d) Organización elabora informe anual de cumplimiento de Buenas Prácticas de Gobernanza.
C86: Considerando los estándares antes mencionados, indique la puntuación que usted otorga a la organización en este pilar (marcar con “X” sólo una opción): | I86: Organización cuenta con Política de Información en la que se establece formalmente las reglas para clasificación, manejo y difusión de la información que se genera o recibe.
C87: 0 | D87: 1 | E87: 2 | F87: 3 | G87: 4 | I87: Organización difunde información al público.
I88: Organización mantiene política respecto a que las condiciones en que se contratan productos y servicios sean explicadas a clientes con máxima claridad.
C89: 0 | D89: 1 | E89: 2 | F89: 3 | G89: 4 | I89: Organización elabora informe anual de cumplimiento de Buenas Prácticas de Gobernanza.
C90: De los estándares antes enunciados, señale aquellos que a su juicio denotan el mayor o mejor desarrollo (máximo dos):
C91: * Primera referencia:
C92: * Segunda referencia:
C93: De los estándares antes enunciados, señale aquellos que a su juicio aún no han sido alcanzados y requieren mayor mejora (máximo dos):
C94: * Primera referencia:
C95: * Segunda referencia:

Sheet Encuesta 6
C3: Objetivos de la organización
C4: Los mejores estándares plantean respecto de los objetivos de una organización que: a) Permitan tener viabilidad financiera. b) Consten por escrito en su documento de constitución. c) Permite generar indicadores de gestión y desempeño, que son monitoreados por el Órgano de Dirección.
C5: Considerando los estándares antes mencionados, indique la puntuación que usted otorga a la organización en este pilar (marcar con “X” sólo una opción):
C6: 0 | D6: 1 | E6: 2 | F6: 3 | G6: 4 | I6: X
C8: 0 | D8: 1 | E8: 2 | F8: 3 | G8: 4
C9: De los estándares antes enunciados, señale aquellos que a su juicio denotan el mayor o mejor desarrollo (máximo dos):
C10: * Primera referencia:
C11: * Segunda referencia:
C12: De los estándares antes enunciados, señale aquellos que a su juicio aún no han sido alcanzados y requieren mayor mejora (máximo dos): | I12: Permitan tener viabilidad financiera.
C13: * Primera referencia: | I13: Consten por escrito en su documento de constitución.
C14: * Segunda referencia: | I14: Permite generar indicadores de gestión y desempeño, que son monitoreados por el Órgano de Dirección.
C16: Pilar I: Derechos de propiedad
C17: El presente pilar alberga usualmente diferentes estándares o Buenas Prácticas de Gobernanza, entre las que se relevan: a) Los Socios o Asociados (según corresponda) iguales reciben paridad de trato. b) Existen mecanismos de solución de controversias entre Socios o Asociados. c) Socios o Asociados pueden solicitar y tener acceso a información sobre el desenvolvimiento o desempeño de la Organización. d) Cualquier cambio sustantivo en la propiedad o administración de la Organización son explicados previamente a los Socios o Asociados. e) Se cuenta con política de distribución de utilidades o excedentes. f) Funcionamiento de la Asamblea General, respecto de la Asamblea General de Socios o Asociados: i. Tiene funciones y competencias establecidas en documento de constitución de la Organización. ii. Está reglamentada en norma propia. iii. Cuenta con mecanismos de convocatoria que facilita la participación de Socios o Asociados. iv. Los Socios o Asociados están debidamente registrados. v. Existen mecanismos para que ellos pueden introducir puntos en agenda antes de la Asamblea General. vi. Se facilita su ejercicio de voto mediante diversos mecanismos.
C18: Considerando los estándares antes mencionados, indique la puntuación que usted otorga a la organización en este pilar (marcar con “X” sólo una opción):
C19: 0 | D19: 1 | E19: 2 | F19: 3 | G19: 4
C21: 0 | D21: 1 | E21: 2 | F21: 3 | G21: 4
C22: De los estándares antes enunciados, señale aquellos que a su juicio denotan el mayor o mejor desarrollo (máximo dos):
C23: * Primera referencia: | I23: Los Socios o Asociados (según corresponda) iguales reciben paridad de trato.
C24: * Segunda referencia: | I24: Existen mecanismos de solución de controversias entre Socios o Asociados.
C25: De los estándares antes enunciados, señale aquellos que a su juicio aún no han sido alcanzados y requieren mayor mejora (máximo dos): | I25: Socios o Asociados pueden solicitar y tener acceso a información sobre el desenvolvimiento o desempeño de la Organización.
C26: * Primera referencia: | I26: Cualquier cambio sustantivo en la propiedad o administración de la Organización son explicados previamente a los Socios o Asociados.
C27: * Segunda referencia: | I27: Se cuenta con política de distribución de utilidades o excedentes.
I28: Funcionamiento de la Asamblea General.
C29: Pilar II: Órgano de Dirección
C30: El presente pilar alberga usualmente diferentes estándares o buenas prácticas de gobernanza, entre las que se relevan: a) Funciones y competencias del Órgano de Dirección, incluyen: i. Aprobación y monitoreo de estrategias de la Organización. ii. Aprobación y monitoreo del presupuesto de la Organización. iii. Aprobación de política para designación y remuneración del Ejecutivo Principal. iv. Aprobación de la política de administración de riesgos. v. Supervisión del cumplimiento de prácticas de Gobernanza. vi. Supervisión del cumplimiento de normas éticas y de conducta, incluida la política de manejo de conflicto de interés. vii. Supervisión de los sistemas de control interno. viii. Aprobación de los planes de sucesión de los cargos críticos. b) La Organización y funcionamiento del Órgano de Dirección está reglamentado en norma propia albergando aspectos de conformación. convocatorias, y funciones de los distintos miembros, entre otros. c) Existen perfiles de los miembros del Órgano de Dirección, definidos en función de competencia; los que son aplicados en su convocatoria. d) El Órgano de Dirección está integrado por mayoría de miembros independientes. e) El Órgano de Dirección contribuye a identificar, evaluar y proponer candidatos a miembros. f) Existe una política de retribución de los miembros, la cual es transparente. g) El Órgano de Dirección es evaluado periódicamente; y se autoevalúa al menos anualmente. h) Deberes y derechos del Órgano de Dirección se encuentran establecidos en su Documento de Constitución. i) En cuanto a la información; los miembros del Órgano de Dirección tienen derecho a acceder y recibir toda la información relevante; así como obligarse a guardar reserva sobre la información confidencial. j) Los miembros al momento de integrarse acceden a una inducción sobre todos los aspectos relacionados a la Organización. k) Órgano de Dirección cuenta con plan anual de trabajo. l) El Órgano de Dirección cuenta con política de delegación de facultades; y además conforma comités especializados; los cuales son presididos por miembros independientes.
C31: Considerando los estándares antes mencionados, indique la puntuación que usted otorga a la organización en este pilar (marcar con “X” sólo una opción):
C32: 0 | D32: 1 | E32: 2 | F32: 3 | G32: 4
C34: 0 | D34: 1 | E34: 2 | F34: 3 | G34: 4
C35: De los estándares antes enunciados, señale aquellos que a su juicio denotan el mayor o mejor desarrollo (máximo dos): | I35: Funciones y competencias del Órgano de Dirección.
C36: * Primera referencia: | I36: La Organización y funcionamiento del Órgano de Dirección está reglamentado en norma propia albergando aspectos de conformación, convocatorias, y funciones de los distintos miembros, entre otros.
C37: * Segunda referencia: | I37: Existen perfiles de los miembros del Órgano de Dirección, definidos en función de competencia; los que son aplicados en su convocatoria.
C38: De los estándares antes enunciados, señale aquellos que a su juicio aún no han sido alcanzados y requieren mayor mejora (máximo dos): | I38: El Órgano de Dirección está integrado por mayoría de miembros independientes.
C39: * Primera referencia: | I39: El Órgano de Dirección contribuye a identificar, evaluar y proponer candidatos a miembros.
C40: * Segunda referencia: | I40: Existe una política de retribución de los miembros, la cual es transparente.
I41: El Órgano de Dirección es evaluado periódicamente; y se autoevalúa al menos anualmente.
C42: Pilar III: Gestión | I42: Deberes y derechos del Órgano de Dirección se encuentran establecidos en su Documento de Constitución.
C43: El presente pilar alberga usualmente diferentes estándares o buenas prácticas de gobernanza, entre las que se relevan: a) En cuanto al Ejecutivo Principal : i. Sus funciones están definidas en la Normativa Interna , al igual que las de la Alta Gerencia ii. Dispone de debida autonomía, al igual que la Alta Gerencia. iii. Su designación recae en persona distinta del Presidente del Órgano de Dirección b) Con respecto a los Grupos de Interés la Organización: i. Cuenta con política de relacionamiento con éstos. ii. Contempla entre los mismos a las personas excluidas de la provisión de servicios financieros. c) Organización ha establecido políticas de trato responsable al cliente, incluyendo aspectos de prevención de sobreendeudamiento, trato justo, transparencia y solución de reclamos. d) Organización ha establecido en la Normativa Interna política de recursos humanos; incluyendo evaluaciones sobre clima laboral. e) Organización ha implementado plan de sucesión para cargos críticos. f) Respecto de la Alta Gerencia, la Organización: i. Cuenta con política de remuneración con criterios bien definidos. ii. Realiza evaluaciones anuales de desempeño. g) La Organización cuenta con un comité de nombramiento y retribuciones conformado por miembros, con funciones definidas en Normativa Interna. | I43: En cuanto a la información; los miembros del Órgano de Dirección tienen derecho a acceder y recibir toda la información relevante; así como obligarse a guardar reserva sobre la información confidencial.
C44: Considerando los estándares antes mencionados, indique la puntuación que usted otorga a la organización en este pilar (marcar con “X” sólo una opción): | I44: Los miembros al momento de integrarse acceden a una inducción sobre todos los aspectos relacionados a la Organización
C45: 0 | D45: 1 | E45: 2 | F45: 3 | G45: 4 | I45: Órgano de Dirección cuenta con plan anual de trabajo
I46: El Órgano de dirección cuanta con política de delegación de facultades; y además conforma comités especializados; los cuales son presididos por miembros independientes
C47: 0 | D47: 1 | E47: 2 | F47: 3 | G47: 4
C48: De los estándares antes enunciados, señale aquellos que a su juicio denotan el mayor o mejor desarrollo (máximo dos):
C49: * Primera referencia: | I49: Rol del Ejecutivo Principal
C50: * Segunda referencia: | I50: Relación con los Grupos de Interés la Organización
C51: De los estándares antes enunciados, señale aquellos que a su juicio aún no han sido alcanzados y requieren mayor mejora (máximo dos): | I51: La Organización ha establecido políticas de trato responsable al cliente, incluyendo aspectos de prevención de sobreendeudamiento, trato justo, transparencia y solución de reclamos.
C52: * Primera referencia: | I52: La Organización ha establecido en la Normativa Interna política de recursos humanos; incluyendo evaluaciones sobre clima laboral.
C53: * Segunda referencia: | I53: La Organización ha implementado plan de sucesión para cargos críticos.
I54: Rol de la Alta Gerencia
I55: La Organización cuenta con un comité de nombramiento y retribuciones conformado por miembros, con funciones definidas en Normativa Interna.
C56: Pilar IV: Cumplimiento y Gestión de riesgos
C57: El presente pilar alberga usualmente diferentes estándares o Buenas Prácticas de Gobernanza, entre las que se relevan: a) La Organización cuenta con un sistema de control interno aprobado por el Órgano de Dirección; el cual monitorea el cumplimiento de procesos operativos y financieros, la administración de los activos y los riesgos de incumplimiento. b) Organización cuenta con comité de auditoría integrado por miembros del Órgano de Dirección con funciones definidas en Normativa Interna. c) La Organización cuenta con unidad de auditoría interna con responsabilidades definidas en Normativa Interna. Esta unidad goza de autonomía y es designada por Órgano de Dirección. d) Con respecto a la auditoría externa: i. Está a cargo de auditar anualmente los estados financieros. ii. La ejerce una entidad independiente; la cual es rotada regularmente. iii. Se divulga los otros servicios que son contratados con la misma entidad que audita los estados financieros. e) Organización ha aprobado política de gestión de riesgos; la que incluye los procesos y procedimientos para identificar, evaluar y gestionar los riesgos. f) Organización cuenta con comité de riesgos integrado por Órgano de Dirección, con funciones definidas en Normativa Interna. g) Organización cuenta con mapa de sus obligaciones normativas y de los respectivos responsables de cumplimiento; asimismo ha establecido instancia responsable de su seguimiento. h) Cuando se cuente con instancia de fiscalización: i. Tiene reglas definidas para su conformación y funcionamiento. ii. Coordina actividades con demás órganos de dirección. iii. Mantiene plan de trabajo y cuenta con procedimientos definidos para sus reuniones. iv. Emite informes anuales.
C58: Considerando los estándares antes mencionados, indique la puntuación que usted otorga a la organización en este pilar (marcar con “X” sólo una opción): | I58: La Organización cuenta con un sistema de control interno aprobado por el Órgano de Dirección; el cual monitorea el cumplimiento de procesos operativos y financieros, la administración de los activos y los riesgos de incumplimiento.
C59: 0 | D59: 1 | E59: 2 | F59: 3 | G59: 4 | I59: Organización cuenta con comité de auditoría integrado por miembros del Órgano de Dirección con funciones definidas en Normativa Interna.
I60: Organización cuenta con unidad de auditoría interna con responsabilidades definidas en Normativa Interna. Esta unidad goza de autonomía y es designada por Órgano de Dirección.
C61: 0 | D61: 1 | E61: 2 | F61: 3 | G61: 4 | I61: Rol de la auditoría externa
C62: De los estándares antes enunciados, señale aquellos que a su juicio denotan el mayor o mejor desarrollo (máximo dos): | I62: Organización ha aprobado política de gestión de riesgos; la que incluye los procesos y procedimientos para identificar, evaluar y gestionar los riesgos.
C63: * Primera referencia: | D63: Organización cuenta con unidad de auditoría interna con responsabilidades definidas en Normativa Interna. Esta unidad goza de autonomía y es designada por Órgano de Dirección. | I63: Organización cuenta con comité de riesgos integrado por Órgano de Dirección, con funciones definidas en Normativa Interna
C64: * Segunda referencia: | I64: Organización cuenta con mapa de sus obligaciones normativas y de los respectivos responsables de cumplimiento; asimismo ha establecido instancia responsable de su seguimiento
C65: De los estándares antes enunciados, señale aquellos que a su juicio aún no han sido alcanzados y requieren mayor mejora (máximo dos): | I65: Instancia de fiscalización
C66: * Primera referencia:
C67: * Segunda referencia:
C70: Pilar V: Ética y conflictos de interés
C71: El presente pilar alberga usualmente diferentes estándares o Buenas Prácticas de Gobernanza, entre las que se relevan: a) Organización cuenta con Código de Ética aprobado por Órgano de Dirección; que abarca temas como manejo de conflictos de interés, prevención de lavado de activos, manejo de información, entre otros. b) Organización ha aprobado políticas para prevenir, detectar, manejar y revelar conflictos de interés al interior de ella. c) Organización cuenta con políticas para valoración, aprobación y revelación de operaciones entre partes vinculadas. d) Organización cuenta con mecanismos para recibir denuncias; cuya administración está a cargo de instancia designada por Órgano de Dirección.
C72: Considerando los estándares antes mencionados, indique la puntuación que usted otorga a la organización en este pilar (marcar con “X” sólo una opción):
C73: 0 | D73: 1 | E73: 2 | F73: 3 | G73: 4
I74: Organización cuenta con código de ética aprobado por Órgano de Dirección; que abarca temas como manejo de conflictos de interés, prevención de lavado de activos, manejo de información, entre otros.
C75: 0 | D75: 1 | E75: 2 | F75: 3 | G75: 4 | I75: Organización ha aprobado políticas para prevenir, detectar, manejar y revelar conflictos de interés al interior de ella.
C76: De los estándares antes enunciados, señale aquellos que a su juicio denotan el mayor o mejor desarrollo (máximo dos): | I76: Organización cuenta con políticas para valoración, aprobación y revelación de operaciones entre partes vinculadas.
C77: * Primera referencia: | I77: Organización cuenta con mecanismos para recibir denuncias; cuya administración está a cargo de instancia designada por Órgano de Dirección.
C78: * Segunda referencia:
C79: De los estándares antes enunciados, señale aquellos que a su juicio aún no han sido alcanzados y requieren mayor mejora (máximo dos):
C80: * Primera referencia:
C81: * Segunda referencia:
C84: Pilar VI: Transparencia y comunicación
C85: El presente pilar alberga usualmente diferentes estándares o Buenas Prácticas de Gobernanza, entre las que se relevan: a) Organización cuenta con Política de Información en la que se establece formalmente las reglas para clasificación, manejo y difusión de la información que se genera o recibe. b) Organización difunde información al público, como (en lo aplicable): i. Objetivos de la Organización. ii. Documento de Constitución. iii. Estructura de propiedad. iv. Hojas de vida de los miembros del Órgano de Dirección, Ejecutivo Principal, Alta Gerencia. v. Reglamentos de Órganos de Dirección. vi. Memoria anual. vii. Informes de gestión. viii. Informe anual de Gobernanza. c) Organización mantiene política respecto a que las condiciones en que se contratan productos y servicios sean explicadas a clientes con máxima claridad. d) Organización elabora informe anual de cumplimiento de Buenas Prácticas de Gobernanza.
C86: Considerando los estándares antes mencionados, indique la puntuación que usted otorga a la organización en este pilar (marcar con “X” sólo una opción): | I86: Organización cuenta con Política de Información en la que se establece formalmente las reglas para clasificación, manejo y difusión de la información que se genera o recibe.
C87: 0 | D87: 1 | E87: 2 | F87: 3 | G87: 4 | I87: Organización difunde información al público.
I88: Organización mantiene política respecto a que las condiciones en que se contratan productos y servicios sean explicadas a clientes con máxima claridad.
C89: 0 | D89: 1 | E89: 2 | F89: 3 | G89: 4 | I89: Organización elabora informe anual de cumplimiento de Buenas Prácticas de Gobernanza.
C90: De los estándares antes enunciados, señale aquellos que a su juicio denotan el mayor o mejor desarrollo (máximo dos):
C91: * Primera referencia:
C92: * Segunda referencia:
C93: De los estándares antes enunciados, señale aquellos que a su juicio aún no han sido alcanzados y requieren mayor mejora (máximo dos):
C94: * Primera referencia:
C95: * Segunda referencia:

Sheet Encuesta 7
C3: Objetivos de la organización
C4: Los mejores estándares plantean respecto de los objetivos de una organización que: a) Permitan tener viabilidad financiera. b) Consten por escrito en su documento de constitución. c) Permite generar indicadores de gestión y desempeño, que son monitoreados por el Órgano de Dirección.
C5: Considerando los estándares antes mencionados, indique la puntuación que usted otorga a la organización en este pilar (marcar con “X” sólo una opción):
C6: 0 | D6: 1 | E6: 2 | F6: 3 | G6: 4 | I6: X
C8: 0 | D8: 1 | E8: 2 | F8: 3 | G8: 4
C9: De los estándares antes enunciados, señale aquellos que a su juicio denotan el mayor o mejor desarrollo (máximo dos):
C10: * Primera referencia:
C11: * Segunda referencia:
C12: De los estándares antes enunciados, señale aquellos que a su juicio aún no han sido alcanzados y requieren mayor mejora (máximo dos): | I12: Permitan tener viabilidad financiera.
C13: * Primera referencia: | I13: Consten por escrito en su documento de constitución.
C14: * Segunda referencia: | I14: Permite generar indicadores de gestión y desempeño, que son monitoreados por el Órgano de Dirección.
C16: Pilar I: Derechos de propiedad
C17: El presente pilar alberga usualmente diferentes estándares o Buenas Prácticas de Gobernanza, entre las que se relevan: a) Los Socios o Asociados (según corresponda) iguales reciben paridad de trato. b) Existen mecanismos de solución de controversias entre Socios o Asociados. c) Socios o Asociados pueden solicitar y tener acceso a información sobre el desenvolvimiento o desempeño de la Organización. d) Cualquier cambio sustantivo en la propiedad o administración de la Organización son explicados previamente a los Socios o Asociados. e) Se cuenta con política de distribución de utilidades o excedentes. f) Funcionamiento de la Asamblea General, respecto de la Asamblea General de Socios o Asociados: i. Tiene funciones y competencias establecidas en documento de constitución de la Organización. ii. Está reglamentada en norma propia. iii. Cuenta con mecanismos de convocatoria que facilita la participación de Socios o Asociados. iv. Los Socios o Asociados están debidamente registrados. v. Existen mecanismos para que ellos pueden introducir puntos en agenda antes de la Asamblea General. vi. Se facilita su ejercicio de voto mediante diversos mecanismos.
C18: Considerando los estándares antes mencionados, indique la puntuación que usted otorga a la organización en este pilar (marcar con “X” sólo una opción):
C19: 0 | D19: 1 | E19: 2 | F19: 3 | G19: 4
C21: 0 | D21: 1 | E21: 2 | F21: 3 | G21: 4
C22: De los estándares antes enunciados, señale aquellos que a su juicio denotan el mayor o mejor desarrollo (máximo dos):
C23: * Primera referencia: | I23: Los Socios o Asociados (según corresponda) iguales reciben paridad de trato.
C24: * Segunda referencia: | I24: Existen mecanismos de solución de controversias entre Socios o Asociados.
C25: De los estándares antes enunciados, señale aquellos que a su juicio aún no han sido alcanzados y requieren mayor mejora (máximo dos): | I25: Socios o Asociados pueden solicitar y tener acceso a información sobre el desenvolvimiento o desempeño de la Organización.
C26: * Primera referencia: | I26: Cualquier cambio sustantivo en la propiedad o administración de la Organización son explicados previamente a los Socios o Asociados.
C27: * Segunda referencia: | I27: Se cuenta con política de distribución de utilidades o excedentes.
I28: Funcionamiento de la Asamblea General.
C29: Pilar II: Órgano de Dirección
C30: El presente pilar alberga usualmente diferentes estándares o buenas prácticas de gobernanza, entre las que se relevan: a) Funciones y competencias del Órgano de Dirección, incluyen: i. Aprobación y monitoreo de estrategias de la Organización. ii. Aprobación y monitoreo del presupuesto de la Organización. iii. Aprobación de política para designación y remuneración del Ejecutivo Principal. iv. Aprobación de la política de administración de riesgos. v. Supervisión del cumplimiento de prácticas de Gobernanza. vi. Supervisión del cumplimiento de normas éticas y de conducta, incluida la política de manejo de conflicto de interés. vii. Supervisión de los sistemas de control interno. viii. Aprobación de los planes de sucesión de los cargos críticos. b) La Organización y funcionamiento del Órgano de Dirección está reglamentado en norma propia albergando aspectos de conformación. convocatorias, y funciones de los distintos miembros, entre otros. c) Existen perfiles de los miembros del Órgano de Dirección, definidos en función de competencia; los que son aplicados en su convocatoria. d) El Órgano de Dirección está integrado por mayoría de miembros independientes. e) El Órgano de Dirección contribuye a identificar, evaluar y proponer candidatos a miembros. f) Existe una política de retribución de los miembros, la cual es transparente. g) El Órgano de Dirección es evaluado periódicamente; y se autoevalúa al menos anualmente. h) Deberes y derechos del Órgano de Dirección se encuentran establecidos en su Documento de Constitución. i) En cuanto a la información; los miembros del Órgano de Dirección tienen derecho a acceder y recibir toda la información relevante; así como obligarse a guardar reserva sobre la información confidencial. j) Los miembros al momento de integrarse acceden a una inducción sobre todos los aspectos relacionados a la Organización. k) Órgano de Dirección cuenta con plan anual de trabajo. l) El Órgano de Dirección cuenta con política de delegación de facultades; y además conforma comités especializados; los cuales son presididos por miembros independientes.
C31: Considerando los estándares antes mencionados, indique la puntuación que usted otorga a la organización en este pilar (marcar con “X” sólo una opción):
C32: 0 | D32: 1 | E32: 2 | F32: 3 | G32: 4
C34: 0 | D34: 1 | E34: 2 | F34: 3 | G34: 4
C35: De los estándares antes enunciados, señale aquellos que a su juicio denotan el mayor o mejor desarrollo (máximo dos): | I35: Funciones y competencias del Órgano de Dirección.
C36: * Primera referencia: | I36: La Organización y funcionamiento del Órgano de Dirección está reglamentado en norma propia albergando aspectos de conformación, convocatorias, y funciones de los distintos miembros, entre otros.
C37: * Segunda referencia: | I37: Existen perfiles de los miembros del Órgano de Dirección, definidos en función de competencia; los que son aplicados en su convocatoria.
C38: De los estándares antes enunciados, señale aquellos que a su juicio aún no han sido alcanzados y requieren mayor mejora (máximo dos): | I38: El Órgano de Dirección está integrado por mayoría de miembros independientes.
C39: * Primera referencia: | I39: El Órgano de Dirección contribuye a identificar, evaluar y proponer candidatos a miembros.
C40: * Segunda referencia: | I40: Existe una política de retribución de los miembros, la cual es transparente.
I41: El Órgano de Dirección es evaluado periódicamente; y se autoevalúa al menos anualmente.
C42: Pilar III: Gestión | I42: Deberes y derechos del Órgano de Dirección se encuentran establecidos en su Documento de Constitución.
C43: El presente pilar alberga usualmente diferentes estándares o buenas prácticas de gobernanza, entre las que se relevan: a) En cuanto al Ejecutivo Principal : i. Sus funciones están definidas en la Normativa Interna , al igual que las de la Alta Gerencia ii. Dispone de debida autonomía, al igual que la Alta Gerencia. iii. Su designación recae en persona distinta del Presidente del Órgano de Dirección b) Con respecto a los Grupos de Interés la Organización: i. Cuenta con política de relacionamiento con éstos. ii. Contempla entre los mismos a las personas excluidas de la provisión de servicios financieros. c) Organización ha establecido políticas de trato responsable al cliente, incluyendo aspectos de prevención de sobreendeudamiento, trato justo, transparencia y solución de reclamos. d) Organización ha establecido en la Normativa Interna política de recursos humanos; incluyendo evaluaciones sobre clima laboral. e) Organización ha implementado plan de sucesión para cargos críticos. f) Respecto de la Alta Gerencia, la Organización: i. Cuenta con política de remuneración con criterios bien definidos. ii. Realiza evaluaciones anuales de desempeño. g) La Organización cuenta con un comité de nombramiento y retribuciones conformado por miembros, con funciones definidas en Normativa Interna. | I43: En cuanto a la información; los miembros del Órgano de Dirección tienen derecho a acceder y recibir toda la información relevante; así como obligarse a guardar reserva sobre la información confidencial.
C44: Considerando los estándares antes mencionados, indique la puntuación que usted otorga a la organización en este pilar (marcar con “X” sólo una opción): | I44: Los miembros al momento de integrarse acceden a una inducción sobre todos los aspectos relacionados a la Organización
C45: 0 | D45: 1 | E45: 2 | F45: 3 | G45: 4 | I45: Órgano de Dirección cuenta con plan anual de trabajo
I46: El Órgano de dirección cuanta con política de delegación de facultades; y además conforma comités especializados; los cuales son presididos por miembros independientes
C47: 0 | D47: 1 | E47: 2 | F47: 3 | G47: 4
C48: De los estándares antes enunciados, señale aquellos que a su juicio denotan el mayor o mejor desarrollo (máximo dos):
C49: * Primera referencia: | I49: Rol del Ejecutivo Principal
C50: * Segunda referencia: | I50: Relación con los Grupos de Interés la Organización
C51: De los estándares antes enunciados, señale aquellos que a su juicio aún no han sido alcanzados y requieren mayor mejora (máximo dos): | I51: La Organización ha establecido políticas de trato responsable al cliente, incluyendo aspectos de prevención de sobreendeudamiento, trato justo, transparencia y solución de reclamos.
C52: * Primera referencia: | I52: La Organización ha establecido en la Normativa Interna política de recursos humanos; incluyendo evaluaciones sobre clima laboral.
C53: * Segunda referencia: | I53: La Organización ha implementado plan de sucesión para cargos críticos.
I54: Rol de la Alta Gerencia
I55: La Organización cuenta con un comité de nombramiento y retribuciones conformado por miembros, con funciones definidas en Normativa Interna.
C56: Pilar IV: Cumplimiento y Gestión de riesgos
C57: El presente pilar alberga usualmente diferentes estándares o Buenas Prácticas de Gobernanza, entre las que se relevan: a) La Organización cuenta con un sistema de control interno aprobado por el Órgano de Dirección; el cual monitorea el cumplimiento de procesos operativos y financieros, la administración de los activos y los riesgos de incumplimiento. b) Organización cuenta con comité de auditoría integrado por miembros del Órgano de Dirección con funciones definidas en Normativa Interna. c) La Organización cuenta con unidad de auditoría interna con responsabilidades definidas en Normativa Interna. Esta unidad goza de autonomía y es designada por Órgano de Dirección. d) Con respecto a la auditoría externa: i. Está a cargo de auditar anualmente los estados financieros. ii. La ejerce una entidad independiente; la cual es rotada regularmente. iii. Se divulga los otros servicios que son contratados con la misma entidad que audita los estados financieros. e) Organización ha aprobado política de gestión de riesgos; la que incluye los procesos y procedimientos para identificar, evaluar y gestionar los riesgos. f) Organización cuenta con comité de riesgos integrado por Órgano de Dirección, con funciones definidas en Normativa Interna. g) Organización cuenta con mapa de sus obligaciones normativas y de los respectivos responsables de cumplimiento; asimismo ha establecido instancia responsable de su seguimiento. h) Cuando se cuente con instancia de fiscalización: i. Tiene reglas definidas para su conformación y funcionamiento. ii. Coordina actividades con demás órganos de dirección. iii. Mantiene plan de trabajo y cuenta con procedimientos definidos para sus reuniones. iv. Emite informes anuales.
C58: Considerando los estándares antes mencionados, indique la puntuación que usted otorga a la organización en este pilar (marcar con “X” sólo una opción): | I58: La Organización cuenta con un sistema de control interno aprobado por el Órgano de Dirección; el cual monitorea el cumplimiento de procesos operativos y financieros, la administración de los activos y los riesgos de incumplimiento.
C59: 0 | D59: 1 | E59: 2 | F59: 3 | G59: 4 | I59: Organización cuenta con comité de auditoría integrado por miembros del Órgano de Dirección con funciones definidas en Normativa Interna.
I60: Organización cuenta con unidad de auditoría interna con responsabilidades definidas en Normativa Interna. Esta unidad goza de autonomía y es designada por Órgano de Dirección.
C61: 0 | D61: 1 | E61: 2 | F61: 3 | G61: 4 | I61: Rol de la auditoría externa
C62: De los estándares antes enunciados, señale aquellos que a su juicio denotan el mayor o mejor desarrollo (máximo dos): | I62: Organización ha aprobado política de gestión de riesgos; la que incluye los procesos y procedimientos para identificar, evaluar y gestionar los riesgos.
C63: * Primera referencia: | D63: Organización cuenta con unidad de auditoría interna con responsabilidades definidas en Normativa Interna. Esta unidad goza de autonomía y es designada por Órgano de Dirección. | I63: Organización cuenta con comité de riesgos integrado por Órgano de Dirección, con funciones definidas en Normativa Interna
C64: * Segunda referencia: | I64: Organización cuenta con mapa de sus obligaciones normativas y de los respectivos responsables de cumplimiento; asimismo ha establecido instancia responsable de su seguimiento
C65: De los estándares antes enunciados, señale aquellos que a su juicio aún no han sido alcanzados y requieren mayor mejora (máximo dos): | I65: Instancia de fiscalización
C66: * Primera referencia:
C67: * Segunda referencia:
C70: Pilar V: Ética y conflictos de interés
C71: El presente pilar alberga usualmente diferentes estándares o Buenas Prácticas de Gobernanza, entre las que se relevan: a) Organización cuenta con Código de Ética aprobado por Órgano de Dirección; que abarca temas como manejo de conflictos de interés, prevención de lavado de activos, manejo de información, entre otros. b) Organización ha aprobado políticas para prevenir, detectar, manejar y revelar conflictos de interés al interior de ella. c) Organización cuenta con políticas para valoración, aprobación y revelación de operaciones entre partes vinculadas. d) Organización cuenta con mecanismos para recibir denuncias; cuya administración está a cargo de instancia designada por Órgano de Dirección.
C72: Considerando los estándares antes mencionados, indique la puntuación que usted otorga a la organización en este pilar (marcar con “X” sólo una opción):
C73: 0 | D73: 1 | E73: 2 | F73: 3 | G73: 4
I74: Organización cuenta con código de ética aprobado por Órgano de Dirección; que abarca temas como manejo de conflictos de interés, prevención de lavado de activos, manejo de información, entre otros.
C75: 0 | D75: 1 | E75: 2 | F75: 3 | G75: 4 | I75: Organización ha aprobado políticas para prevenir, detectar, manejar y revelar conflictos de interés al interior de ella.
C76: De los estándares antes enunciados, señale aquellos que a su juicio denotan el mayor o mejor desarrollo (máximo dos): | I76: Organización cuenta con políticas para valoración, aprobación y revelación de operaciones entre partes vinculadas.
C77: * Primera referencia: | I77: Organización cuenta con mecanismos para recibir denuncias; cuya administración está a cargo de instancia designada por Órgano de Dirección.
C78: * Segunda referencia:
C79: De los estándares antes enunciados, señale aquellos que a su juicio aún no han sido alcanzados y requieren mayor mejora (máximo dos):
C80: * Primera referencia:
C81: * Segunda referencia:
C84: Pilar VI: Transparencia y comunicación
C85: El presente pilar alberga usualmente diferentes estándares o Buenas Prácticas de Gobernanza, entre las que se relevan: a) Organización cuenta con Política de Información en la que se establece formalmente las reglas para clasificación, manejo y difusión de la información que se genera o recibe. b) Organización difunde información al público, como (en lo aplicable): i. Objetivos de la Organización. ii. Documento de Constitución. iii. Estructura de propiedad. iv. Hojas de vida de los miembros del Órgano de Dirección, Ejecutivo Principal, Alta Gerencia. v. Reglamentos de Órganos de Dirección. vi. Memoria anual. vii. Informes de gestión. viii. Informe anual de Gobernanza. c) Organización mantiene política respecto a que las condiciones en que se contratan productos y servicios sean explicadas a clientes con máxima claridad. d) Organización elabora informe anual de cumplimiento de Buenas Prácticas de Gobernanza.
C86: Considerando los estándares antes mencionados, indique la puntuación que usted otorga a la organización en este pilar (marcar con “X” sólo una opción): | I86: Organización cuenta con Política de Información en la que se establece formalmente las reglas para clasificación, manejo y difusión de la información que se genera o recibe.
C87: 0 | D87: 1 | E87: 2 | F87: 3 | G87: 4 | I87: Organización difunde información al público.
I88: Organización mantiene política respecto a que las condiciones en que se contratan productos y servicios sean explicadas a clientes con máxima claridad.
C89: 0 | D89: 1 | E89: 2 | F89: 3 | G89: 4 | I89: Organización elabora informe anual de cumplimiento de Buenas Prácticas de Gobernanza.
C90: De los estándares antes enunciados, señale aquellos que a su juicio denotan el mayor o mejor desarrollo (máximo dos):
C91: * Primera referencia:
C92: * Segunda referencia:
C93: De los estándares antes enunciados, señale aquellos que a su juicio aún no han sido alcanzados y requieren mayor mejora (máximo dos):
C94: * Primera referencia:
C95: * Segunda referencia:

Sheet Percepción de cumplimento
B3: =+'Encuesta 1'!C4 -> 0 | C3: =+IFERROR(HLOOKUP("X",'Encuesta 1'!$C$14:$G$15,2,FALSE),"")
B4: =+'Encuesta 1'!C22 -> Pilar I: Derechos de propiedad | C4: =+IFERROR(HLOOKUP("X",'Encuesta 1'!$C$26:$G$27,2,FALSE),"")
B5: =+'Encuesta 1'!C38 -> Pilar II: Órgano de Dirección | C5: =+IFERROR(HLOOKUP("X",'Encuesta 1'!$C$42:$G$43,2,FALSE),"")
B6: =+'Encuesta 1'!C51 -> Pilar III: Gestión | C6: =+IFERROR(HLOOKUP("X",'Encuesta 1'!$C$55:$G$56,2,FALSE),"")
B7: =+'Encuesta 1'!C65 -> Pilar IV: Cumplimiento y Gestión de riesgos | C7: =+IFERROR(HLOOKUP("X",'Encuesta 1'!$C$69:$G$70,2,FALSE),"")
B8: =+'Encuesta 1'!C79 -> Pilar V: Ética y conflictos de interés | C8: =+IFERROR(HLOOKUP("X",'Encuesta 1'!$C$83:$G$84,2,FALSE),"")
B9: =+'Encuesta 1'!C93 -> Pilar VI: Transparencia y comunicación | C9: =+IFERROR(HLOOKUP("X",'Encuesta 1'!$C$97:$G$98,2,FALSE),"")
B21: =+'Encuesta 2'!C21 -> 0 | C21: =+IFERROR(HLOOKUP("X",'Encuesta 2'!$C$7:$G$8,2,FALSE),"")
B22: =+'Encuesta 2'!C34 -> 0 | C22: =+IFERROR(HLOOKUP("X",'Encuesta 2'!$C$20:$G$21,2,FALSE),"")
B23: =+'Encuesta 2'!C47 -> 0 | C23: =+IFERROR(HLOOKUP("X",'Encuesta 2'!$C$33:$G$34,2,FALSE),"")
B24: =+'Encuesta 2'!C60 -> 0 | C24: =+IFERROR(HLOOKUP("X",'Encuesta 2'!$C$46:$G$47,2,FALSE),"")
B25: =+'Encuesta 2'!C74 -> 0 | C25: =+IFERROR(HLOOKUP("X",'Encuesta 2'!$C$60:$G$61,2,FALSE),"")
B26: =+'Encuesta 2'!C88 -> 0 | C26: =+IFERROR(HLOOKUP("X",'Encuesta 2'!$C$74:$G$75,2,FALSE),"")
B27: =+'Encuesta 2'!C102 -> 0 | C27: =+IFERROR(HLOOKUP("X",'Encuesta 2'!$C$88:$G$89,2,FALSE),"")
B39: =+'Encuesta 3'!C39 -> * Primera referencia: | C39: =+IFERROR(HLOOKUP("X",'Encuesta 3'!$C$7:$G$8,2,FALSE),"")
B40: =+'Encuesta 3'!C52 -> * Primera referencia: | C40: =+IFERROR(HLOOKUP("X",'Encuesta 3'!$C$20:$G$21,2,FALSE),"")
B41: =+'Encuesta 3'!C65 -> De los estándares antes enunciados, señale aquellos que a su juicio aún no han sido alcanzados y requieren mayor mejora : | C41: =+IFERROR(HLOOKUP("X",'Encuesta 3'!$C$33:$G$34,2,FALSE),"")
B42: =+'Encuesta 3'!C78 -> * Segunda referencia: | C42: =+IFERROR(HLOOKUP("X",'Encuesta 3'!$C$46:$G$47,2,FALSE),"")
B43: =+'Encuesta 3'!C92 -> * Segunda referencia: | C43: =+IFERROR(HLOOKUP("X",'Encuesta 3'!$C$60:$G$61,2,FALSE),"")
B44: =+'Encuesta 3'!C106 -> 0 | C44: =+IFERROR(HLOOKUP("X",'Encuesta 3'!$C$74:$G$75,2,FALSE),"")
B45: =+'Encuesta 3'!C120 -> 0 | C45: =+IFERROR(HLOOKUP("X",'Encuesta 3'!$C$88:$G$89,2,FALSE),"")
B57: =+'Encuesta 4'!C57 -> El presente pilar alberga usualmente diferentes estándares o Buenas Prácticas de Gobernanza, entre las que se relevan: a) La Organización cuenta con un sistema de control interno aprobado por el Órgano de Dirección; el cual monitorea el cumplimiento de procesos operativos y financieros, la administración de los activos y los riesgos de incumplimiento. b) Organización cuenta con comité de auditoría integrado por miembros del Órgano de Dirección con funciones definidas en Normativa Interna. c) La Organización cuenta con unidad de auditoría interna con responsabilidades definidas en Normativa Interna. Esta unidad goza de autonomía y es designada por Órgano de Dirección. d) Con respecto a la auditoría externa: i. Está a cargo de auditar anualmente los estados financieros. ii. La ejerce una entidad independiente; la cual es rotada regularmente. iii. Se divulga los otros servicios que son contratados con la misma entidad que audita los estados financieros. e) Organización ha aprobado política de gestión de riesgos; la que incluye los procesos y procedimientos para identificar, evaluar y gestionar los riesgos. f) Organización cuenta con comité de riesgos integrado por Órgano de Dirección, con funciones definidas en Normativa Interna. g) Organización cuenta con mapa de sus obligaciones normativas y de los respectivos responsables de cumplimiento; asimismo ha establecido instancia responsable de su seguimiento. h) Cuando se cuente con instancia de fiscalización: i. Tiene reglas definidas para su conformación y funcionamiento. ii. Coordina actividades con demás órganos de dirección. iii. Mantiene plan de trabajo y cuenta con procedimientos definidos para sus reuniones. iv. Emite informes anuales. | C57: =+IFERROR(HLOOKUP("X",'Encuesta 4'!$C$7:$G$8,2,FALSE),"")
B58: =+'Encuesta 4'!C70 -> Pilar V: Ética y conflictos de interés | C58: =+IFERROR(HLOOKUP("X",'Encuesta 4'!$C$20:$G$21,2,FALSE),"")
B59: =+'Encuesta 4'!C83 -> 0 | C59: =+IFERROR(HLOOKUP("X",'Encuesta 4'!$C$33:$G$34,2,FALSE),"")
B60: =+'Encuesta 4'!C96 -> 0 | C60: =+IFERROR(HLOOKUP("X",'Encuesta 4'!$C$46:$G$47,2,FALSE),"")
B61: =+'Encuesta 4'!C110 -> 0 | C61: =+IFERROR(HLOOKUP("X",'Encuesta 4'!$C$60:$G$61,2,FALSE),"")
B62: =+'Encuesta 4'!C124 -> 0 | C62: =+IFERROR(HLOOKUP("X",'Encuesta 4'!$C$74:$G$75,2,FALSE),"")
B63: =+'Encuesta 4'!C138 -> 0 | C63: =+IFERROR(HLOOKUP("X",'Encuesta 4'!$C$88:$G$89,2,FALSE),"")
B75: =+'Encuesta 5'!C75 -> 0 | C75: =+IFERROR(HLOOKUP("X",'Encuesta 5'!$C$7:$G$8,2,FALSE),"")
B76: =+'Encuesta 5'!C88 -> 0 | C76: =+IFERROR(HLOOKUP("X",'Encuesta 5'!$C$20:$G$21,2,FALSE),"")
B77: =+'Encuesta 5'!C101 -> 0 | C77: =+IFERROR(HLOOKUP("X",'Encuesta 5'!$C$33:$G$34,2,FALSE),"")
B78: =+'Encuesta 5'!C114 -> 0 | C78: =+IFERROR(HLOOKUP("X",'Encuesta 5'!$C$46:$G$47,2,FALSE),"")
B79: =+'Encuesta 5'!C128 -> 0 | C79: =+IFERROR(HLOOKUP("X",'Encuesta 5'!$C$60:$G$61,2,FALSE),"")
B80: =+'Encuesta 5'!C142 -> 0 | C80: =+IFERROR(HLOOKUP("X",'Encuesta 5'!$C$74:$G$75,2,FALSE),"")
B81: =+'Encuesta 5'!C156 -> 0 | C81: =+IFERROR(HLOOKUP("X",'Encuesta 5'!$C$88:$G$89,2,FALSE),"")
B93: =+'Encuesta 6'!C93 -> De los estándares antes enunciados, señale aquellos que a su juicio aún no han sido alcanzados y requieren mayor mejora (máximo dos): | C93: =+IFERROR(HLOOKUP("X",'Encuesta 6'!$C$7:$G$8,2,FALSE),"")
B94: =+'Encuesta 6'!C106 -> 0 | C94: =+IFERROR(HLOOKUP("X",'Encuesta 6'!$C$20:$G$21,2,FALSE),"")
B95: =+'Encuesta 6'!C119 -> 0 | C95: =+IFERROR(HLOOKUP("X",'Encuesta 6'!$C$33:$G$34,2,FALSE),"")
B96: =+'Encuesta 6'!C132 -> 0 | C96: =+IFERROR(HLOOKUP("X",'Encuesta 6'!$C$46:$G$47,2,FALSE),"")
B97: =+'Encuesta 6'!C146 -> 0 | C97: =+IFERROR(HLOOKUP("X",'Encuesta 6'!$C$60:$G$61,2,FALSE),"")
B98: =+'Encuesta 6'!C160 -> 0 | C98: =+IFERROR(HLOOKUP("X",'Encuesta 6'!$C$74:$G$75,2,FALSE),"")
B99: =+'Encuesta 6'!C174 -> 0 | C99: =+IFERROR(HLOOKUP("X",'Encuesta 6'!$C$88:$G$89,2,FALSE),"")
B111: =+'Encuesta 7'!C111 -> 0 | C111: =+IFERROR(HLOOKUP("X",'Encuesta 7'!$C$7:$G$8,2,FALSE),"")
B112: =+'Encuesta 7'!C124 -> 0 | C112: =+IFERROR(HLOOKUP("X",'Encuesta 7'!$C$20:$G$21,2,FALSE),"")
B113: =+'Encuesta 7'!C137 -> 0 | C113: =+IFERROR(HLOOKUP("X",'Encuesta 7'!$C$33:$G$34,2,FALSE),"")
B114: =+'Encuesta 7'!C150 -> 0 | C114: =+IFERROR(HLOOKUP("X",'Encuesta 7'!$C$46:$G$47,2,FALSE),"")
B115: =+'Encuesta 7'!C164 -> 0 | C115: =+IFERROR(HLOOKUP("X",'Encuesta 7'!$C$60:$G$61,2,FALSE),"")
B116: =+'Encuesta 7'!C178 -> 0 | C116: =+IFERROR(HLOOKUP("X",'Encuesta 7'!$C$74:$G$75,2,FALSE),"")
B117: =+'Encuesta 7'!C192 -> 0 | C117: =+IFERROR(HLOOKUP("X",'Encuesta 7'!$C$88:$G$89,2,FALSE),"")

Sheet Percepción de cumplimento Total
C2: Encuestado 1 | D2: Encuestado 2 | E2: Encuestado 3 | F2: Encuestado 4 | G2: Encuestado 5 | H2: Encuestado 6 | I2: Encuestado 7
B3: =+'Encuesta 1'!C4 -> 0 | C3: =+IFERROR(HLOOKUP("X",'Encuesta 1'!$C$14:$G$16,2,FALSE),100) -> 100 | D3: =+IFERROR(HLOOKUP("X",'Encuesta 2'!$C$7:$G$9,2,FALSE),100) -> 100 | E3: =+IFERROR(HLOOKUP("X",'Encuesta 3'!$C$7:$G$9,2,FALSE),100) -> 100 | F3: =+IFERROR(HLOOKUP("X",'Encuesta 4'!$C$7:$G$9,2,FALSE),100) -> 100 | G3: =+IFERROR(HLOOKUP("X",'Encuesta 5'!$C$7:$G$9,2,FALSE),100) -> 100 | H3: =+IFERROR(HLOOKUP("X",'Encuesta 6'!$C$7:$G$9,2,FALSE),100) -> 100 | I3: =+IFERROR(HLOOKUP("X",'Encuesta 7'!$C$7:$G$9,2,FALSE),100) -> 100 | J3: =+IFERROR(AVERAGEIF(C3:I3,"<100",C3:I3),0) -> 0
B4: =+'Encuesta 1'!C22 -> Pilar I: Derechos de propiedad | C4: =+IFERROR(HLOOKUP("X",'Encuesta 1'!$C$26:$G$27,2,FALSE),100) -> 100 | D4: =+IFERROR(HLOOKUP("X",'Encuesta 2'!$C$20:$G$21,2,FALSE),100) -> 100 | E4: =+IFERROR(HLOOKUP("X",'Encuesta 3'!$C$20:$G$21,2,FALSE),100) -> 100 | F4: =+IFERROR(HLOOKUP("X",'Encuesta 4'!$C$20:$G$21,2,FALSE),100) -> 100 | G4: =+IFERROR(HLOOKUP("X",'Encuesta 5'!$C$20:$G$21,2,FALSE),100) -> 100 | H4: =+IFERROR(HLOOKUP("X",'Encuesta 6'!$C$20:$G$21,2,FALSE),100) -> 100 | I4: =+IFERROR(HLOOKUP("X",'Encuesta 7'!$C$20:$G$21,2,FALSE),100) -> 100 | J4: =+IFERROR(AVERAGEIF(C4:I4,"<100",C4:I4),0) -> 0
B5: =+'Encuesta 1'!C38 -> Pilar II: Órgano de Dirección | C5: =+IFERROR(HLOOKUP("X",'Encuesta 1'!$C$42:$G$43,2,FALSE),100) -> 100 | D5: =+IFERROR(HLOOKUP("X",'Encuesta 2'!$C$33:$G$34,2,FALSE),100) -> 100 | E5: =+IFERROR(HLOOKUP("X",'Encuesta 3'!$C$33:$G$34,2,FALSE),100) -> 100 | F5: =+IFERROR(HLOOKUP("X",'Encuesta 4'!$C$33:$G$34,2,FALSE),100) -> 100 | G5: =+IFERROR(HLOOKUP("X",'Encuesta 5'!$C$33:$G$34,2,FALSE),100) -> 100 | H5: =+IFERROR(HLOOKUP("X",'Encuesta 6'!$C$33:$G$34,2,FALSE),100) -> 100 | I5: =+IFERROR(HLOOKUP("X",'Encuesta 7'!$C$33:$G$34,2,FALSE),100) -> 100 | J5: =+IFERROR(AVERAGEIF(C5:I5,"<100",C5:I5),0) -> 0
B6: =+'Encuesta 1'!C51 -> Pilar III: Gestión | C6: =+IFERROR(HLOOKUP("X",'Encuesta 1'!$C$55:$G$56,2,FALSE),100) -> 100 | D6: =+IFERROR(HLOOKUP("X",'Encuesta 2'!$C$46:$G$47,2,FALSE),100) -> 100 | E6: =+IFERROR(HLOOKUP("X",'Encuesta 3'!$C$46:$G$47,2,FALSE),100) -> 100 | F6: =+IFERROR(HLOOKUP("X",'Encuesta 4'!$C$46:$G$47,2,FALSE),100) -> 100 | G6: =+IFERROR(HLOOKUP("X",'Encuesta 5'!$C$46:$G$47,2,FALSE),100) -> 100 | H6: =+IFERROR(HLOOKUP("X",'Encuesta 6'!$C$46:$G$47,2,FALSE),100) -> 100 | I6: =+IFERROR(HLOOKUP("X",'Encuesta 7'!$C$46:$G$47,2,FALSE),100) -> 100 | J6: =+IFERROR(AVERAGEIF(C6:I6,"<100",C6:I6),0) -> 0
B7: =+'Encuesta 1'!C65 -> Pilar IV: Cumplimiento y Gestión de riesgos | C7: =+IFERROR(HLOOKUP("X",'Encuesta 1'!$C$69:$G$70,2,FALSE),100) -> 100 | D7: =+IFERROR(HLOOKUP("X",'Encuesta 2'!$C$60:$G$61,2,FALSE),100) -> 100 | E7: =+IFERROR(HLOOKUP("X",'Encuesta 3'!$C$60:$G$61,2,FALSE),100) -> 100 | F7: =+IFERROR(HLOOKUP("X",'Encuesta 4'!$C$60:$G$61,2,FALSE),100) -> 100 | G7: =+IFERROR(HLOOKUP("X",'Encuesta 5'!$C$60:$G$61,2,FALSE),100) -> 100 | H7: =+IFERROR(HLOOKUP("X",'Encuesta 6'!$C$60:$G$61,2,FALSE),100) -> 100 | I7: =+IFERROR(HLOOKUP("X",'Encuesta 7'!$C$60:$G$61,2,FALSE),100) -> 100 | J7: =+IFERROR(AVERAGEIF(C7:I7,"<100",C7:I7),0) -> 0
B8: =+'Encuesta 1'!C79 -> Pilar V: Ética y conflictos de interés | C8: =+IFERROR(HLOOKUP("X",'Encuesta 1'!$C$83:$G$84,2,FALSE),100) -> 100 | D8: =+IFERROR(HLOOKUP("X",'Encuesta 2'!$C$74:$G$75,2,FALSE),100) -> 100 | E8: =+IFERROR(HLOOKUP("X",'Encuesta 3'!$C$74:$G$75,2,FALSE),100) -> 100 | F8: =+IFERROR(HLOOKUP("X",'Encuesta 4'!$C$74:$G$75,2,FALSE),100) -> 100 | G8: =+IFERROR(HLOOKUP("X",'Encuesta 5'!$C$74:$G$75,2,FALSE),100) -> 100 | H8: =+IFERROR(HLOOKUP("X",'Encuesta 6'!$C$74:$G$75,2,FALSE),100) -> 100 | I8: =+IFERROR(HLOOKUP("X",'Encuesta 7'!$C$74:$G$75,2,FALSE),100) -> 100 | J8: =+IFERROR(AVERAGEIF(C8:I8,"<100",C8:I8),0) -> 0
B9: =+'Encuesta 1'!C93 -> Pilar VI: Transparencia y comunicación | C9: =+IFERROR(HLOOKUP("X",'Encuesta 1'!$C$97:$G$98,2,FALSE),100) -> 100 | D9: =+IFERROR(HLOOKUP("X",'Encuesta 2'!$C$88:$G$89,2,FALSE),100) -> 100 | E9: =+IFERROR(HLOOKUP("X",'Encuesta 3'!$C$88:$G$89,2,FALSE),100) -> 100 | F9: =+IFERROR(HLOOKUP("X",'Encuesta 4'!$C$88:$G$89,2,FALSE),100) -> 100 | G9: =+IFERROR(HLOOKUP("X",'Encuesta 5'!$C$88:$G$89,2,FALSE),100) -> 100 | H9: =+IFERROR(HLOOKUP("X",'Encuesta 6'!$C$88:$G$89,2,FALSE),100) -> 100 | I9: =+IFERROR(HLOOKUP("X",'Encuesta 7'!$C$88:$G$89,2,FALSE),100) -> 100 | J9: =+IFERROR(AVERAGEIF(C9:I9,"<100",C9:I9),0) -> 0
C19: Mejor | D19: Peor
B20: Permitan tener viabilidad financiera. | C20: =+COUNTIF('Encuesta 1'!$D$17:$G$17,'Percepción de cumplimento Total'!$B20)+COUNTIF('Encuesta 2'!$D$10:$G$11,'Percepción de cumplimento Total'!$B20)+COUNTIF('Encuesta 3'!$D$10:$G$11,'Percepción de cumplimento Total'!$B20)+COUNTIF('Encuesta 4'!$D$10:$G$11,'Percepción de cumplimento Total'!$B20)+COUNTIF('Encuesta 5'!$D$10:$G$11,'Percepción de cumplimento Total'!$B20)+COUNTIF('Encuesta 6'!$D$10:$G$11,'Percepción de cumplimento Total'!$B20)+COUNTIF('Encuesta 7'!$D$10:$G$11,'Percepción de cumplimento Total'!$B20) -> 0 | D20: =+COUNTIF('Encuesta 1'!$D$19:$G$20,'Percepción de cumplimento Total'!$B20)+COUNTIF('Encuesta 2'!$D$13:$G$14,'Percepción de cumplimento Total'!$B20)+COUNTIF('Encuesta 3'!$D$13:$G$14,'Percepción de cumplimento Total'!$B20)+COUNTIF('Encuesta 4'!$D$13:$G$14,'Percepción de cumplimento Total'!$B20)+COUNTIF('Encuesta 5'!$D$13:$G$14,'Percepción de cumplimento Total'!$B20)+COUNTIF('Encuesta 6'!$D$13:$G$14,'Percepción de cumplimento Total'!$B20)+COUNTIF('Encuesta 7'!$D$13:$G$14,'Percepción de cumplimento Total'!$B20) -> 0
B21: Consten por escrito en su documento de constitución. | C21: =+COUNTIF('Encuesta 1'!$D$17:$G$17,'Percepción de cumplimento Total'!$B21)+COUNTIF('Encuesta 2'!$D$10:$G$11,'Percepción de cumplimento Total'!$B21)+COUNTIF('Encuesta 3'!$D$10:$G$11,'Percepción de cumplimento Total'!$B21)+COUNTIF('Encuesta 4'!$D$10:$G$11,'Percepción de cumplimento Total'!$B21)+COUNTIF('Encuesta 5'!$D$10:$G$11,'Percepción de cumplimento Total'!$B21)+COUNTIF('Encuesta 6'!$D$10:$G$11,'Percepción de cumplimento Total'!$B21)+COUNTIF('Encuesta 7'!$D$10:$G$11,'Percepción de cumplimento Total'!$B21) -> 0 | D21: =+COUNTIF('Encuesta 1'!$D$19:$G$20,'Percepción de cumplimento Total'!$B21)+COUNTIF('Encuesta 2'!$D$13:$G$14,'Percepción de cumplimento Total'!$B21)+COUNTIF('Encuesta 3'!$D$13:$G$14,'Percepción de cumplimento Total'!$B21)+COUNTIF('Encuesta 4'!$D$13:$G$14,'Percepción de cumplimento Total'!$B21)+COUNTIF('Encuesta 5'!$D$13:$G$14,'Percepción de cumplimento Total'!$B21)+COUNTIF('Encuesta 6'!$D$13:$G$14,'Percepción de cumplimento Total'!$B21)+COUNTIF('Encuesta 7'!$D$13:$G$14,'Percepción de cumplimento Total'!$B21) -> 0
B22: Permite generar indicadores de gestión y desempeño, que son monitoreados por el Órgano de Dirección. | C22: =+COUNTIF('Encuesta 1'!$D$17:$G$17,'Percepción de cumplimento Total'!$B22)+COUNTIF('Encuesta 2'!$D$10:$G$11,'Percepción de cumplimento Total'!$B22)+COUNTIF('Encuesta 3'!$D$10:$G$11,'Percepción de cumplimento Total'!$B22)+COUNTIF('Encuesta 4'!$D$10:$G$11,'Percepción de cumplimento Total'!$B22)+COUNTIF('Encuesta 5'!$D$10:$G$11,'Percepción de cumplimento Total'!$B22)+COUNTIF('Encuesta 6'!$D$10:$G$11,'Percepción de cumplimento Total'!$B22)+COUNTIF('Encuesta 7'!$D$10:$G$11,'Percepción de cumplimento Total'!$B22) -> 0 | D22: =+COUNTIF('Encuesta 1'!$D$19:$G$20,'Percepción de cumplimento Total'!$B22)+COUNTIF('Encuesta 2'!$D$13:$G$14,'Percepción de cumplimento Total'!$B22)+COUNTIF('Encuesta 3'!$D$13:$G$14,'Percepción de cumplimento Total'!$B22)+COUNTIF('Encuesta 4'!$D$13:$G$14,'Percepción de cumplimento Total'!$B22)+COUNTIF('Encuesta 5'!$D$13:$G$14,'Percepción de cumplimento Total'!$B22)+COUNTIF('Encuesta 6'!$D$13:$G$14,'Percepción de cumplimento Total'!$B22)+COUNTIF('Encuesta 7'!$D$13:$G$14,'Percepción de cumplimento Total'!$B22) -> 0
B31: Los Socios o Asociados (según corresponda) iguales reciben paridad de trato. | C31: =+COUNTIF('Encuesta 1'!$D$29:$G$30,'Percepción de cumplimento Total'!$B31)+COUNTIF('Encuesta 2'!$D$23:$G$24,'Percepción de cumplimento Total'!$B31)+COUNTIF('Encuesta 3'!$D$23:$G$24,'Percepción de cumplimento Total'!$B31)+COUNTIF('Encuesta 4'!$D$23:$G$24,'Percepción de cumplimento Total'!$B31)+COUNTIF('Encuesta 5'!$D$23:$G$24,'Percepción de cumplimento Total'!$B31)+COUNTIF('Encuesta 6'!$D$23:$G$24,'Percepción de cumplimento Total'!$B31)+COUNTIF('Encuesta 7'!$D$23:$G$24,'Percepción de cumplimento Total'!$B31) -> 0 | D31: =+COUNTIF('Encuesta 1'!$D$32:$G$33,'Percepción de cumplimento Total'!$B31)+COUNTIF('Encuesta 2'!$D$26:$G$27,'Percepción de cumplimento Total'!$B31)+COUNTIF('Encuesta 3'!$D$26:$G$27,'Percepción de cumplimento Total'!$B31)+COUNTIF('Encuesta 4'!$D$26:$G$27,'Percepción de cumplimento Total'!$B31)+COUNTIF('Encuesta 5'!$D$26:$G$27,'Percepción de cumplimento Total'!$B31)+COUNTIF('Encuesta 6'!$D$26:$G$27,'Percepción de cumplimento Total'!$B31)+COUNTIF('Encuesta 7'!$D$26:$G$27,'Percepción de cumplimento Total'!$B31) -> 0
B32: Existen mecanismos de solución de controversias entre Socios o Asociados. | C32: =+COUNTIF('Encuesta 1'!$D$29:$G$30,'Percepción de cumplimento Total'!$B32)+COUNTIF('Encuesta 2'!$D$23:$G$24,'Percepción de cumplimento Total'!$B32)+COUNTIF('Encuesta 3'!$D$23:$G$24,'Percepción de cumplimento Total'!$B32)+COUNTIF('Encuesta 4'!$D$23:$G$24,'Percepción de cumplimento Total'!$B32)+COUNTIF('Encuesta 5'!$D$23:$G$24,'Percepción de cumplimento Total'!$B32)+COUNTIF('Encuesta 6'!$D$23:$G$24,'Percepción de cumplimento Total'!$B32)+COUNTIF('Encuesta 7'!$D$23:$G$24,'Percepción de cumplimento Total'!$B32) -> 0 | D32: =+COUNTIF('Encuesta 1'!$D$32:$G$33,'Percepción de cumplimento Total'!$B32)+COUNTIF('Encuesta 2'!$D$26:$G$27,'Percepción de cumplimento Total'!$B32)+COUNTIF('Encuesta 3'!$D$26:$G$27,'Percepción de cumplimento Total'!$B32)+COUNTIF('Encuesta 4'!$D$26:$G$27,'Percepción de cumplimento Total'!$B32)+COUNTIF('Encuesta 5'!$D$26:$G$27,'Percepción de cumplimento Total'!$B32)+COUNTIF('Encuesta 6'!$D$26:$G$27,'Percepción de cumplimento Total'!$B32)+COUNTIF('Encuesta 7'!$D$26:$G$27,'Percepción de cumplimento Total'!$B32) -> 0
B33: Socios o Asociados pueden solicitar y tener acceso a información sobre el desenvolvimiento o desempeño de la Organización. | C33: =+COUNTIF('Encuesta 1'!$D$29:$G$30,'Percepción de cumplimento Total'!$B33)+COUNTIF('Encuesta 2'!$D$23:$G$24,'Percepción de cumplimento Total'!$B33)+COUNTIF('Encuesta 3'!$D$23:$G$24,'Percepción de cumplimento Total'!$B33)+COUNTIF('Encuesta 4'!$D$23:$G$24,'Percepción de cumplimento Total'!$B33)+COUNTIF('Encuesta 5'!$D$23:$G$24,'Percepción de cumplimento Total'!$B33)+COUNTIF('Encuesta 6'!$D$23:$G$24,'Percepción de cumplimento Total'!$B33)+COUNTIF('Encuesta 7'!$D$23:$G$24,'Percepción de cumplimento Total'!$B33) -> 0 | D33: =+COUNTIF('Encuesta 1'!$D$32:$G$33,'Percepción de cumplimento Total'!$B33)+COUNTIF('Encuesta 2'!$D$26:$G$27,'Percepción de cumplimento Total'!$B33)+COUNTIF('Encuesta 3'!$D$26:$G$27,'Percepción de cumplimento Total'!$B33)+COUNTIF('Encuesta 4'!$D$26:$G$27,'Percepción de cumplimento Total'!$B33)+COUNTIF('Encuesta 5'!$D$26:$G$27,'Percepción de cumplimento Total'!$B33)+COUNTIF('Encuesta 6'!$D$26:$G$27,'Percepción de cumplimento Total'!$B33)+COUNTIF('Encuesta 7'!$D$26:$G$27,'Percepción de cumplimento Total'!$B33) -> 0
B34: Cualquier cambio sustantivo en la propiedad o administración de la Organización son explicados previamente a los Socios o Asociados. | C34: =+COUNTIF('Encuesta 1'!$D$29:$G$30,'Percepción de cumplimento Total'!$B34)+COUNTIF('Encuesta 2'!$D$23:$G$24,'Percepción de cumplimento Total'!$B34)+COUNTIF('Encuesta 3'!$D$23:$G$24,'Percepción de cumplimento Total'!$B34)+COUNTIF('Encuesta 4'!$D$23:$G$24,'Percepción de cumplimento Total'!$B34)+COUNTIF('Encuesta 5'!$D$23:$G$24,'Percepción de cumplimento Total'!$B34)+COUNTIF('Encuesta 6'!$D$23:$G$24,'Percepción de cumplimento Total'!$B34)+COUNTIF('Encuesta 7'!$D$23:$G$24,'Percepción de cumplimento Total'!$B34) -> 0 | D34: =+COUNTIF('Encuesta 1'!$D$32:$G$33,'Percepción de cumplimento Total'!$B34)+COUNTIF('Encuesta 2'!$D$26:$G$27,'Percepción de cumplimento Total'!$B34)+COUNTIF('Encuesta 3'!$D$26:$G$27,'Percepción de cumplimento Total'!$B34)+COUNTIF('Encuesta 4'!$D$26:$G$27,'Percepción de cumplimento Total'!$B34)+COUNTIF('Encuesta 5'!$D$26:$G$27,'Percepción de cumplimento Total'!$B34)+COUNTIF('Encuesta 6'!$D$26:$G$27,'Percepción de cumplimento Total'!$B34)+COUNTIF('Encuesta 7'!$D$26:$G$27,'Percepción de cumplimento Total'!$B34) -> 0
B35: Se cuenta con política de distribución de utilidades o excedentes. | C35: =+COUNTIF('Encuesta 1'!$D$29:$G$30,'Percepción de cumplimento Total'!$B35)+COUNTIF('Encuesta 2'!$D$23:$G$24,'Percepción de cumplimento Total'!$B35)+COUNTIF('Encuesta 3'!$D$23:$G$24,'Percepción de cumplimento Total'!$B35)+COUNTIF('Encuesta 4'!$D$23:$G$24,'Percepción de cumplimento Total'!$B35)+COUNTIF('Encuesta 5'!$D$23:$G$24,'Percepción de cumplimento Total'!$B35)+COUNTIF('Encuesta 6'!$D$23:$G$24,'Percepción de cumplimento Total'!$B35)+COUNTIF('Encuesta 7'!$D$23:$G$24,'Percepción de cumplimento Total'!$B35) -> 0 | D35: =+COUNTIF('Encuesta 1'!$D$32:$G$33,'Percepción de cumplimento Total'!$B35)+COUNTIF('Encuesta 2'!$D$26:$G$27,'Percepción de cumplimento Total'!$B35)+COUNTIF('Encuesta 3'!$D$26:$G$27,'Percepción de cumplimento Total'!$B35)+COUNTIF('Encuesta 4'!$D$26:$G$27,'Percepción de cumplimento Total'!$B35)+COUNTIF('Encuesta 5'!$D$26:$G$27,'Percepción de cumplimento Total'!$B35)+COUNTIF('Encuesta 6'!$D$26:$G$27,'Percepción de cumplimento Total'!$B35)+COUNTIF('Encuesta 7'!$D$26:$G$27,'Percepción de cumplimento Total'!$B35) -> 0
B36: Funcionamiento de la Asamblea General. | C36: =+COUNTIF('Encuesta 1'!$D$29:$G$30,'Percepción de cumplimento Total'!$B36)+COUNTIF('Encuesta 2'!$D$23:$G$24,'Percepción de cumplimento Total'!$B36)+COUNTIF('Encuesta 3'!$D$23:$G$24,'Percepción de cumplimento Total'!$B36)+COUNTIF('Encuesta 4'!$D$23:$G$24,'Percepción de cumplimento Total'!$B36)+COUNTIF('Encuesta 5'!$D$23:$G$24,'Percepción de cumplimento Total'!$B36)+COUNTIF('Encuesta 6'!$D$23:$G$24,'Percepción de cumplimento Total'!$B36)+COUNTIF('Encuesta 7'!$D$23:$G$24,'Percepción de cumplimento Total'!$B36) -> 0 | D36: =+COUNTIF('Encuesta 1'!$D$32:$G$33,'Percepción de cumplimento Total'!$B36)+COUNTIF('Encuesta 2'!$D$26:$G$27,'Percepción de cumplimento Total'!$B36)+COUNTIF('Encuesta 3'!$D$26:$G$27,'Percepción de cumplimento Total'!$B36)+COUNTIF('Encuesta 4'!$D$26:$G$27,'Percepción de cumplimento Total'!$B36)+COUNTIF('Encuesta 5'!$D$26:$G$27,'Percepción de cumplimento Total'!$B36)+COUNTIF('Encuesta 6'!$D$26:$G$27,'Percepción de cumplimento Total'!$B36)+COUNTIF('Encuesta 7'!$D$26:$G$27,'Percepción de cumplimento Total'!$B36) -> 0
B43: Funciones y competencias del Órgano de Dirección. | C43: =+COUNTIF('Encuesta 1'!$D$45:$G$46,'Percepción de cumplimento Total'!$B43)+COUNTIF('Encuesta 2'!$D$36:$G$37,'Percepción de cumplimento Total'!$B43)+COUNTIF('Encuesta 3'!$D$36:$G$37,'Percepción de cumplimento Total'!$B43)+COUNTIF('Encuesta 4'!$D$36:$G$37,'Percepción de cumplimento Total'!$B43)+COUNTIF('Encuesta 5'!$D$36:$G$37,'Percepción de cumplimento Total'!$B43)+COUNTIF('Encuesta 6'!$D$36:$G$37,'Percepción de cumplimento Total'!$B43)+COUNTIF('Encuesta 7'!$D$36:$G$37,'Percepción de cumplimento Total'!$B43) -> 0 | D43: =+COUNTIF('Encuesta 1'!$D$48:$G$49,'Percepción de cumplimento Total'!$B43)+COUNTIF('Encuesta 2'!$D$39:$G$40,'Percepción de cumplimento Total'!$B43)+COUNTIF('Encuesta 3'!$D$39:$G$40,'Percepción de cumplimento Total'!$B43)+COUNTIF('Encuesta 4'!$D$39:$G$40,'Percepción de cumplimento Total'!$B43)+COUNTIF('Encuesta 5'!$D$39:$G$40,'Percepción de cumplimento Total'!$B43)+COUNTIF('Encuesta 6'!$D$39:$G$40,'Percepción de cumplimento Total'!$B43)+COUNTIF('Encuesta 7'!$D$39:$G$40,'Percepción de cumplimento Total'!$B43) -> 0
B44: La Organización y funcionamiento del Órgano de Dirección está reglamentado en norma propia albergando aspectos de conformación, convocatorias, y funciones de los distintos miembros, entre otros. | C44: =+COUNTIF('Encuesta 1'!$D$45:$G$46,'Percepción de cumplimento Total'!$B44)+COUNTIF('Encuesta 2'!$D$36:$G$37,'Percepción de cumplimento Total'!$B44)+COUNTIF('Encuesta 3'!$D$36:$G$37,'Percepción de cumplimento Total'!$B44)+COUNTIF('Encuesta 4'!$D$36:$G$37,'Percepción de cumplimento Total'!$B44)+COUNTIF('Encuesta 5'!$D$36:$G$37,'Percepción de cumplimento Total'!$B44)+COUNTIF('Encuesta 6'!$D$36:$G$37,'Percepción de cumplimento Total'!$B44)+COUNTIF('Encuesta 7'!$D$36:$G$37,'Percepción de cumplimento Total'!$B44) -> 0 | D44: =+COUNTIF('Encuesta 1'!$D$48:$G$49,'Percepción de cumplimento Total'!$B44)+COUNTIF('Encuesta 2'!$D$39:$G$40,'Percepción de cumplimento Total'!$B44)+COUNTIF('Encuesta 3'!$D$39:$G$40,'Percepción de cumplimento Total'!$B44)+COUNTIF('Encuesta 4'!$D$39:$G$40,'Percepción de cumplimento Total'!$B44)+COUNTIF('Encuesta 5'!$D$39:$G$40,'Percepción de cumplimento Total'!$B44)+COUNTIF('Encuesta 6'!$D$39:$G$40,'Percepción de cumplimento Total'!$B44)+COUNTIF('Encuesta 7'!$D$39:$G$40,'Percepción de cumplimento Total'!$B44) -> 0
B45: Existen perfiles de los miembros del Órgano de Dirección, definidos en función de competencia; los que son aplicados en su convocatoria. | C45: =+COUNTIF('Encuesta 1'!$D$45:$G$46,'Percepción de cumplimento Total'!$B45)+COUNTIF('Encuesta 2'!$D$36:$G$37,'Percepción de cumplimento Total'!$B45)+COUNTIF('Encuesta 3'!$D$36:$G$37,'Percepción de cumplimento Total'!$B45)+COUNTIF('Encuesta 4'!$D$36:$G$37,'Percepción de cumplimento Total'!$B45)+COUNTIF('Encuesta 5'!$D$36:$G$37,'Percepción de cumplimento Total'!$B45)+COUNTIF('Encuesta 6'!$D$36:$G$37,'Percepción de cumplimento Total'!$B45)+COUNTIF('Encuesta 7'!$D$36:$G$37,'Percepción de cumplimento Total'!$B45) -> 0 | D45: =+COUNTIF('Encuesta 1'!$D$48:$G$49,'Percepción de cumplimento Total'!$B45)+COUNTIF('Encuesta 2'!$D$39:$G$40,'Percepción de cumplimento Total'!$B45)+COUNTIF('Encuesta 3'!$D$39:$G$40,'Percepción de cumplimento Total'!$B45)+COUNTIF('Encuesta 4'!$D$39:$G$40,'Percepción de cumplimento Total'!$B45)+COUNTIF('Encuesta 5'!$D$39:$G$40,'Percepción de cumplimento Total'!$B45)+COUNTIF('Encuesta 6'!$D$39:$G$40,'Percepción de cumplimento Total'!$B45)+COUNTIF('Encuesta 7'!$D$39:$G$40,'Percepción de cumplimento Total'!$B45) -> 0
B46: El Órgano de Dirección está integrado por mayoría de miembros independientes. | C46: =+COUNTIF('Encuesta 1'!$D$45:$G$46,'Percepción de cumplimento Total'!$B46)+COUNTIF('Encuesta 2'!$D$36:$G$37,'Percepción de cumplimento Total'!$B46)+COUNTIF('Encuesta 3'!$D$36:$G$37,'Percepción de cumplimento Total'!$B46)+COUNTIF('Encuesta 4'!$D$36:$G$37,'Percepción de cumplimento Total'!$B46)+COUNTIF('Encuesta 5'!$D$36:$G$37,'Percepción de cumplimento Total'!$B46)+COUNTIF('Encuesta 6'!$D$36:$G$37,'Percepción de cumplimento Total'!$B46)+COUNTIF('Encuesta 7'!$D$36:$G$37,'Percepción de cumplimento Total'!$B46) -> 0 | D46: =+COUNTIF('Encuesta 1'!$D$48:$G$49,'Percepción de cumplimento Total'!$B46)+COUNTIF('Encuesta 2'!$D$39:$G$40,'Percepción de cumplimento Total'!$B46)+COUNTIF('Encuesta 3'!$D$39:$G$40,'Percepción de cumplimento Total'!$B46)+COUNTIF('Encuesta 4'!$D$39:$G$40,'Percepción de cumplimento Total'!$B46)+COUNTIF('Encuesta 5'!$D$39:$G$40,'Percepción de cumplimento Total'!$B46)+COUNTIF('Encuesta 6'!$D$39:$G$40,'Percepción de cumplimento Total'!$B46)+COUNTIF('Encuesta 7'!$D$39:$G$40,'Percepción de cumplimento Total'!$B46) -> 0
B47: El Órgano de Dirección contribuye a identificar, evaluar y proponer candidatos a miembros. | C47: =+COUNTIF('Encuesta 1'!$D$45:$G$46,'Percepción de cumplimento Total'!$B47)+COUNTIF('Encuesta 2'!$D$36:$G$37,'Percepción de cumplimento Total'!$B47)+COUNTIF('Encuesta 3'!$D$36:$G$37,'Percepción de cumplimento Total'!$B47)+COUNTIF('Encuesta 4'!$D$36:$G$37,'Percepción de cumplimento Total'!$B47)+COUNTIF('Encuesta 5'!$D$36:$G$37,'Percepción de cumplimento Total'!$B47)+COUNTIF('Encuesta 6'!$D$36:$G$37,'Percepción de cumplimento Total'!$B47)+COUNTIF('Encuesta 7'!$D$36:$G$37,'Percepción de cumplimento Total'!$B47) -> 0 | D47: =+COUNTIF('Encuesta 1'!$D$48:$G$49,'Percepción de cumplimento Total'!$B47)+COUNTIF('Encuesta 2'!$D$39:$G$40,'Percepción de cumplimento Total'!$B47)+COUNTIF('Encuesta 3'!$D$39:$G$40,'Percepción de cumplimento Total'!$B47)+COUNTIF('Encuesta 4'!$D$39:$G$40,'Percepción de cumplimento Total'!$B47)+COUNTIF('Encuesta 5'!$D$39:$G$40,'Percepción de cumplimento Total'!$B47)+COUNTIF('Encuesta 6'!$D$39:$G$40,'Percepción de cumplimento Total'!$B47)+COUNTIF('Encuesta 7'!$D$39:$G$40,'Percepción de cumplimento Total'!$B47) -> 0
B48: Existe una política de retribución de los miembros, la cual es transparente. | C48: =+COUNTIF('Encuesta 1'!$D$45:$G$46,'Percepción de cumplimento Total'!$B48)+COUNTIF('Encuesta 2'!$D$36:$G$37,'Percepción de cumplimento Total'!$B48)+COUNTIF('Encuesta 3'!$D$36:$G$37,'Percepción de cumplimento Total'!$B48)+COUNTIF('Encuesta 4'!$D$36:$G$37,'Percepción de cumplimento Total'!$B48)+COUNTIF('Encuesta 5'!$D$36:$G$37,'Percepción de cumplimento Total'!$B48)+COUNTIF('Encuesta 6'!$D$36:$G$37,'Percepción de cumplimento Total'!$B48)+COUNTIF('Encuesta 7'!$D$36:$G$37,'Percepción de cumplimento Total'!$B48) -> 0 | D48: =+COUNTIF('Encuesta 1'!$D$48:$G$49,'Percepción de cumplimento Total'!$B48)+COUNTIF('Encuesta 2'!$D$39:$G$40,'Percepción de cumplimento Total'!$B48)+COUNTIF('Encuesta 3'!$D$39:$G$40,'Percepción de cumplimento Total'!$B48)+COUNTIF('Encuesta 4'!$D$39:$G$40,'Percepción de cumplimento Total'!$B48)+COUNTIF('Encuesta 5'!$D$39:$G$40,'Percepción de cumplimento Total'!$B48)+COUNTIF('Encuesta 6'!$D$39:$G$40,'Percepción de cumplimento Total'!$B48)+COUNTIF('Encuesta 7'!$D$39:$G$40,'Percepción de cumplimento Total'!$B48) -> 0
B49: El Órgano de Dirección es evaluado periódicamente; y se autoevalúa al menos anualmente. | C49: =+COUNTIF('Encuesta 1'!$D$45:$G$46,'Percepción de cumplimento Total'!$B49)+COUNTIF('Encuesta 2'!$D$36:$G$37,'Percepción de cumplimento Total'!$B49)+COUNTIF('Encuesta 3'!$D$36:$G$37,'Percepción de cumplimento Total'!$B49)+COUNTIF('Encuesta 4'!$D$36:$G$37,'Percepción de cumplimento Total'!$B49)+COUNTIF('Encuesta 5'!$D$36:$G$37,'Percepción de cumplimento Total'!$B49)+COUNTIF('Encuesta 6'!$D$36:$G$37,'Percepción de cumplimento Total'!$B49)+COUNTIF('Encuesta 7'!$D$36:$G$37,'Percepción de cumplimento Total'!$B49) -> 0 | D49: =+COUNTIF('Encuesta 1'!$D$48:$G$49,'Percepción de cumplimento Total'!$B49)+COUNTIF('Encuesta 2'!$D$39:$G$40,'Percepción de cumplimento Total'!$B49)+COUNTIF('Encuesta 3'!$D$39:$G$40,'Percepción de cumplimento Total'!$B49)+COUNTIF('Encuesta 4'!$D$39:$G$40,'Percepción de cumplimento Total'!$B49)+COUNTIF('Encuesta 5'!$D$39:$G$40,'Percepción de cumplimento Total'!$B49)+COUNTIF('Encuesta 6'!$D$39:$G$40,'Percepción de cumplimento Total'!$B49)+COUNTIF('Encuesta 7'!$D$39:$G$40,'Percepción de cumplimento Total'!$B49) -> 0
B50: Deberes y derechos del Órgano de Dirección se encuentran establecidos en su Documento de Constitución. | C50: =+COUNTIF('Encuesta 1'!$D$45:$G$46,'Percepción de cumplimento Total'!$B50)+COUNTIF('Encuesta 2'!$D$36:$G$37,'Percepción de cumplimento Total'!$B50)+COUNTIF('Encuesta 3'!$D$36:$G$37,'Percepción de cumplimento Total'!$B50)+COUNTIF('Encuesta 4'!$D$36:$G$37,'Percepción de cumplimento Total'!$B50)+COUNTIF('Encuesta 5'!$D$36:$G$37,'Percepción de cumplimento Total'!$B50)+COUNTIF('Encuesta 6'!$D$36:$G$37,'Percepción de cumplimento Total'!$B50)+COUNTIF('Encuesta 7'!$D$36:$G$37,'Percepción de cumplimento Total'!$B50) -> 0 | D50: =+COUNTIF('Encuesta 1'!$D$48:$G$49,'Percepción de cumplimento Total'!$B50)+COUNTIF('Encuesta 2'!$D$39:$G$40,'Percepción de cumplimento Total'!$B50)+COUNTIF('Encuesta 3'!$D$39:$G$40,'Percepción de cumplimento Total'!$B50)+COUNTIF('Encuesta 4'!$D$39:$G$40,'Percepción de cumplimento Total'!$B50)+COUNTIF('Encuesta 5'!$D$39:$G$40,'Percepción de cumplimento Total'!$B50)+COUNTIF('Encuesta 6'!$D$39:$G$40,'Percepción de cumplimento Total'!$B50)+COUNTIF('Encuesta 7'!$D$39:$G$40,'Percepción de cumplimento Total'!$B50) -> 0
B51: En cuanto a la información; los miembros del Órgano de Dirección tienen derecho a acceder y recibir toda la información relevante; así como obligarse a guardar reserva sobre la información confidencial. | C51: =+COUNTIF('Encuesta 1'!$D$45:$G$46,'Percepción de cumplimento Total'!$B51)+COUNTIF('Encuesta 2'!$D$36:$G$37,'Percepción de cumplimento Total'!$B51)+COUNTIF('Encuesta 3'!$D$36:$G$37,'Percepción de cumplimento Total'!$B51)+COUNTIF('Encuesta 4'!$D$36:$G$37,'Percepción de cumplimento Total'!$B51)+COUNTIF('Encuesta 5'!$D$36:$G$37,'Percepción de cumplimento Total'!$B51)+COUNTIF('Encuesta 6'!$D$36:$G$37,'Percepción de cumplimento Total'!$B51)+COUNTIF('Encuesta 7'!$D$36:$G$37,'Percepción de cumplimento Total'!$B51) -> 0 | D51: =+COUNTIF('Encuesta 1'!$D$48:$G$49,'Percepción de cumplimento Total'!$B51)+COUNTIF('Encuesta 2'!$D$39:$G$40,'Percepción de cumplimento Total'!$B51)+COUNTIF('Encuesta 3'!$D$39:$G$40,'Percepción de cumplimento Total'!$B51)+COUNTIF('Encuesta 4'!$D$39:$G$40,'Percepción de cumplimento Total'!$B51)+COUNTIF('Encuesta 5'!$D$39:$G$40,'Percepción de cumplimento Total'!$B51)+COUNTIF('Encuesta 6'!$D$39:$G$40,'Percepción de cumplimento Total'!$B51)+COUNTIF('Encuesta 7'!$D$39:$G$40,'Percepción de cumplimento Total'!$B51) -> 0
B52: Los miembros al momento de integrarse acceden a una inducción sobre todos los aspectos relacionados a la Organización | C52: =+COUNTIF('Encuesta 1'!$D$45:$G$46,'Percepción de cumplimento Total'!$B52)+COUNTIF('Encuesta 2'!$D$36:$G$37,'Percepción de cumplimento Total'!$B52)+COUNTIF('Encuesta 3'!$D$36:$G$37,'Percepción de cumplimento Total'!$B52)+COUNTIF('Encuesta 4'!$D$36:$G$37,'Percepción de cumplimento Total'!$B52)+COUNTIF('Encuesta 5'!$D$36:$G$37,'Percepción de cumplimento Total'!$B52)+COUNTIF('Encuesta 6'!$D$36:$G$37,'Percepción de cumplimento Total'!$B52)+COUNTIF('Encuesta 7'!$D$36:$G$37,'Percepción de cumplimento Total'!$B52) -> 0 | D52: =+COUNTIF('Encuesta 1'!$D$48:$G$49,'Percepción de cumplimento Total'!$B52)+COUNTIF('Encuesta 2'!$D$39:$G$40,'Percepción de cumplimento Total'!$B52)+COUNTIF('Encuesta 3'!$D$39:$G$40,'Percepción de cumplimento Total'!$B52)+COUNTIF('Encuesta 4'!$D$39:$G$40,'Percepción de cumplimento Total'!$B52)+COUNTIF('Encuesta 5'!$D$39:$G$40,'Percepción de cumplimento Total'!$B52)+COUNTIF('Encuesta 6'!$D$39:$G$40,'Percepción de cumplimento Total'!$B52)+COUNTIF('Encuesta 7'!$D$39:$G$40,'Percepción de cumplimento Total'!$B52) -> 0
B53: Órgano de Dirección cuenta con plan anual de trabajo | C53: =+COUNTIF('Encuesta 1'!$D$45:$G$46,'Percepción de cumplimento Total'!$B53)+COUNTIF('Encuesta 2'!$D$36:$G$37,'Percepción de cumplimento Total'!$B53)+COUNTIF('Encuesta 3'!$D$36:$G$37,'Percepción de cumplimento Total'!$B53)+COUNTIF('Encuesta 4'!$D$36:$G$37,'Percepción de cumplimento Total'!$B53)+COUNTIF('Encuesta 5'!$D$36:$G$37,'Percepción de cumplimento Total'!$B53)+COUNTIF('Encuesta 6'!$D$36:$G$37,'Percepción de cumplimento Total'!$B53)+COUNTIF('Encuesta 7'!$D$36:$G$37,'Percepción de cumplimento Total'!$B53) -> 0 | D53: =+COUNTIF('Encuesta 1'!$D$48:$G$49,'Percepción de cumplimento Total'!$B53)+COUNTIF('Encuesta 2'!$D$39:$G$40,'Percepción de cumplimento Total'!$B53)+COUNTIF('Encuesta 3'!$D$39:$G$40,'Percepción de cumplimento Total'!$B53)+COUNTIF('Encuesta 4'!$D$39:$G$40,'Percepción de cumplimento Total'!$B53)+COUNTIF('Encuesta 5'!$D$39:$G$40,'Percepción de cumplimento Total'!$B53)+COUNTIF('Encuesta 6'!$D$39:$G$40,'Percepción de cumplimento Total'!$B53)+COUNTIF('Encuesta 7'!$D$39:$G$40,'Percepción de cumplimento Total'!$B53) -> 0
B54: El Órgano de dirección cuanta con política de delegación de facultades; y además conforma comités especializados; los cuales son presididos por miembros independientes | C54: =+COUNTIF('Encuesta 1'!$D$45:$G$46,'Percepción de cumplimento Total'!$B54)+COUNTIF('Encuesta 2'!$D$36:$G$37,'Percepción de cumplimento Total'!$B54)+COUNTIF('Encuesta 3'!$D$36:$G$37,'Percepción de cumplimento Total'!$B54)+COUNTIF('Encuesta 4'!$D$36:$G$37,'Percepción de cumplimento Total'!$B54)+COUNTIF('Encuesta 5'!$D$36:$G$37,'Percepción de cumplimento Total'!$B54)+COUNTIF('Encuesta 6'!$D$36:$G$37,'Percepción de cumplimento Total'!$B54)+COUNTIF('Encuesta 7'!$D$36:$G$37,'Percepción de cumplimento Total'!$B54) -> 0 | D54: =+COUNTIF('Encuesta 1'!$D$48:$G$49,'Percepción de cumplimento Total'!$B54)+COUNTIF('Encuesta 2'!$D$39:$G$40,'Percepción de cumplimento Total'!$B54)+COUNTIF('Encuesta 3'!$D$39:$G$40,'Percepción de cumplimento Total'!$B54)+COUNTIF('Encuesta 4'!$D$39:$G$40,'Percepción de cumplimento Total'!$B54)+COUNTIF('Encuesta 5'!$D$39:$G$40,'Percepción de cumplimento Total'!$B54)+COUNTIF('Encuesta 6'!$D$39:$G$40,'Percepción de cumplimento Total'!$B54)+COUNTIF('Encuesta 7'!$D$39:$G$40,'Percepción de cumplimento Total'!$B54) -> 0
B57: =+'Encuesta 1'!I58 -> a) En cuanto al Ejecutivo Principal | C57: =+COUNTIF('Encuesta 1'!$D$58:$G$59,'Percepción de cumplimento Total'!$B57)+COUNTIF('Encuesta 2'!$D$49:$G$50,'Percepción de cumplimento Total'!$B57)+COUNTIF('Encuesta 3'!$D$49:$G$50,'Percepción de cumplimento Total'!$B57)+COUNTIF('Encuesta 4'!$D$49:$G$50,'Percepción de cumplimento Total'!$B57)+COUNTIF('Encuesta 5'!$D$49:$G$50,'Percepción de cumplimento Total'!$B57)+COUNTIF('Encuesta 6'!$D$49:$G$50,'Percepción de cumplimento Total'!$B57)+COUNTIF('Encuesta 7'!$D$49:$G$50,'Percepción de cumplimento Total'!$B57) -> 0 | D57: =+COUNTIF('Encuesta 1'!$D$61:$G$62,'Percepción de cumplimento Total'!$B57)+COUNTIF('Encuesta 2'!$D$52:$G$53,'Percepción de cumplimento Total'!$B57)+COUNTIF('Encuesta 3'!$D$52:$G$53,'Percepción de cumplimento Total'!$B57)+COUNTIF('Encuesta 4'!$D$52:$G$53,'Percepción de cumplimento Total'!$B57)+COUNTIF('Encuesta 5'!$D$52:$G$53,'Percepción de cumplimento Total'!$B57)+COUNTIF('Encuesta 6'!$D$52:$G$53,'Percepción de cumplimento Total'!$B57)+COUNTIF('Encuesta 7'!$D$52:$G$53,'Percepción de cumplimento Total'!$B57) -> 0
B58: =+'Encuesta 1'!I59 -> b) Con respecto a los Grupos de Interés la Organización | C58: =+COUNTIF('Encuesta 1'!$D$58:$G$59,'Percepción de cumplimento Total'!$B58)+COUNTIF('Encuesta 2'!$D$49:$G$50,'Percepción de cumplimento Total'!$B58)+COUNTIF('Encuesta 3'!$D$49:$G$50,'Percepción de cumplimento Total'!$B58)+COUNTIF('Encuesta 4'!$D$49:$G$50,'Percepción de cumplimento Total'!$B58)+COUNTIF('Encuesta 5'!$D$49:$G$50,'Percepción de cumplimento Total'!$B58)+COUNTIF('Encuesta 6'!$D$49:$G$50,'Percepción de cumplimento Total'!$B58)+COUNTIF('Encuesta 7'!$D$49:$G$50,'Percepción de cumplimento Total'!$B58) -> 0 | D58: =+COUNTIF('Encuesta 1'!$D$61:$G$62,'Percepción de cumplimento Total'!$B58)+COUNTIF('Encuesta 2'!$D$52:$G$53,'Percepción de cumplimento Total'!$B58)+COUNTIF('Encuesta 3'!$D$52:$G$53,'Percepción de cumplimento Total'!$B58)+COUNTIF('Encuesta 4'!$D$52:$G$53,'Percepción de cumplimento Total'!$B58)+COUNTIF('Encuesta 5'!$D$52:$G$53,'Percepción de cumplimento Total'!$B58)+COUNTIF('Encuesta 6'!$D$52:$G$53,'Percepción de cumplimento Total'!$B58)+COUNTIF('Encuesta 7'!$D$52:$G$53,'Percepción de cumplimento Total'!$B58) -> 0
B59: =+'Encuesta 1'!I60 -> c) La organización ha establecido políticas de trato responsable al cliente, incluyendo aspectos de prevención de sobreendeudamiento, trato justo, transparencia y solución de reclamos. | C59: =+COUNTIF('Encuesta 1'!$D$58:$G$59,'Percepción de cumplimento Total'!$B59)+COUNTIF('Encuesta 2'!$D$49:$G$50,'Percepción de cumplimento Total'!$B59)+COUNTIF('Encuesta 3'!$D$49:$G$50,'Percepción de cumplimento Total'!$B59)+COUNTIF('Encuesta 4'!$D$49:$G$50,'Percepción de cumplimento Total'!$B59)+COUNTIF('Encuesta 5'!$D$49:$G$50,'Percepción de cumplimento Total'!$B59)+COUNTIF('Encuesta 6'!$D$49:$G$50,'Percepción de cumplimento Total'!$B59)+COUNTIF('Encuesta 7'!$D$49:$G$50,'Percepción de cumplimento Total'!$B59) -> 0 | D59: =+COUNTIF('Encuesta 1'!$D$61:$G$62,'Percepción de cumplimento Total'!$B59)+COUNTIF('Encuesta 2'!$D$52:$G$53,'Percepción de cumplimento Total'!$B59)+COUNTIF('Encuesta 3'!$D$52:$G$53,'Percepción de cumplimento Total'!$B59)+COUNTIF('Encuesta 4'!$D$52:$G$53,'Percepción de cumplimento Total'!$B59)+COUNTIF('Encuesta 5'!$D$52:$G$53,'Percepción de cumplimento Total'!$B59)+COUNTIF('Encuesta 6'!$D$52:$G$53,'Percepción de cumplimento Total'!$B59)+COUNTIF('Encuesta 7'!$D$52:$G$53,'Percepción de cumplimento Total'!$B59) -> 0
B60: =+'Encuesta 1'!I61 -> d) La organización ha establecido en la Normativa Interna política de recursos humanos; incluyendo evaluaciones sobre clima laboral. | C60: =+COUNTIF('Encuesta 1'!$D$58:$G$59,'Percepción de cumplimento Total'!$B60)+COUNTIF('Encuesta 2'!$D$49:$G$50,'Percepción de cumplimento Total'!$B60)+COUNTIF('Encuesta 3'!$D$49:$G$50,'Percepción de cumplimento Total'!$B60)+COUNTIF('Encuesta 4'!$D$49:$G$50,'Percepción de cumplimento Total'!$B60)+COUNTIF('Encuesta 5'!$D$49:$G$50,'Percepción de cumplimento Total'!$B60)+COUNTIF('Encuesta 6'!$D$49:$G$50,'Percepción de cumplimento Total'!$B60)+COUNTIF('Encuesta 7'!$D$49:$G$50,'Percepción de cumplimento Total'!$B60) -> 0 | D60: =+COUNTIF('Encuesta 1'!$D$61:$G$62,'Percepción de cumplimento Total'!$B60)+COUNTIF('Encuesta 2'!$D$52:$G$53,'Percepción de cumplimento Total'!$B60)+COUNTIF('Encuesta 3'!$D$52:$G$53,'Percepción de cumplimento Total'!$B60)+COUNTIF('Encuesta 4'!$D$52:$G$53,'Percepción de cumplimento Total'!$B60)+COUNTIF('Encuesta 5'!$D$52:$G$53,'Percepción de cumplimento Total'!$B60)+COUNTIF('Encuesta 6'!$D$52:$G$53,'Percepción de cumplimento Total'!$B60)+COUNTIF('Encuesta 7'!$D$52:$G$53,'Percepción de cumplimento Total'!$B60) -> 0
B61: =+'Encuesta 1'!I62 -> e) La organización ha implementado y/o cuenta con un plan de sucesión para cargos críticos. | C61: =+COUNTIF('Encuesta 1'!$D$58:$G$59,'Percepción de cumplimento Total'!$B61)+COUNTIF('Encuesta 2'!$D$49:$G$50,'Percepción de cumplimento Total'!$B61)+COUNTIF('Encuesta 3'!$D$49:$G$50,'Percepción de cumplimento Total'!$B61)+COUNTIF('Encuesta 4'!$D$49:$G$50,'Percepción de cumplimento Total'!$B61)+COUNTIF('Encuesta 5'!$D$49:$G$50,'Percepción de cumplimento Total'!$B61)+COUNTIF('Encuesta 6'!$D$49:$G$50,'Percepción de cumplimento Total'!$B61)+COUNTIF('Encuesta 7'!$D$49:$G$50,'Percepción de cumplimento Total'!$B61) -> 0 | D61: =+COUNTIF('Encuesta 1'!$D$61:$G$62,'Percepción de cumplimento Total'!$B61)+COUNTIF('Encuesta 2'!$D$52:$G$53,'Percepción de cumplimento Total'!$B61)+COUNTIF('Encuesta 3'!$D$52:$G$53,'Percepción de cumplimento Total'!$B61)+COUNTIF('Encuesta 4'!$D$52:$G$53,'Percepción de cumplimento Total'!$B61)+COUNTIF('Encuesta 5'!$D$52:$G$53,'Percepción de cumplimento Total'!$B61)+COUNTIF('Encuesta 6'!$D$52:$G$53,'Percepción de cumplimento Total'!$B61)+COUNTIF('Encuesta 7'!$D$52:$G$53,'Percepción de cumplimento Total'!$B61) -> 0
B62: =+'Encuesta 1'!I63 -> f) Respecto de la Alta Gerencia, la Organización | C62: =+COUNTIF('Encuesta 1'!$D$58:$G$59,'Percepción de cumplimento Total'!$B62)+COUNTIF('Encuesta 2'!$D$49:$G$50,'Percepción de cumplimento Total'!$B62)+COUNTIF('Encuesta 3'!$D$49:$G$50,'Percepción de cumplimento Total'!$B62)+COUNTIF('Encuesta 4'!$D$49:$G$50,'Percepción de cumplimento Total'!$B62)+COUNTIF('Encuesta 5'!$D$49:$G$50,'Percepción de cumplimento Total'!$B62)+COUNTIF('Encuesta 6'!$D$49:$G$50,'Percepción de cumplimento Total'!$B62)+COUNTIF('Encuesta 7'!$D$49:$G$50,'Percepción de cumplimento Total'!$B62) -> 0 | D62: =+COUNTIF('Encuesta 1'!$D$61:$G$62,'Percepción de cumplimento Total'!$B62)+COUNTIF('Encuesta 2'!$D$52:$G$53,'Percepción de cumplimento Total'!$B62)+COUNTIF('Encuesta 3'!$D$52:$G$53,'Percepción de cumplimento Total'!$B62)+COUNTIF('Encuesta 4'!$D$52:$G$53,'Percepción de cumplimento Total'!$B62)+COUNTIF('Encuesta 5'!$D$52:$G$53,'Percepción de cumplimento Total'!$B62)+COUNTIF('Encuesta 6'!$D$52:$G$53,'Percepción de cumplimento Total'!$B62)+COUNTIF('Encuesta 7'!$D$52:$G$53,'Percepción de cumplimento Total'!$B62) -> 0
B63: =+'Encuesta 1'!I64 -> g) La Organización cuenta con un comité de nombramiento y retribuciones conformado por miembros, con funciones definidas en Normativa Interna. | C63: =+COUNTIF('Encuesta 1'!$D$58:$G$59,'Percepción de cumplimento Total'!$B63)+COUNTIF('Encuesta 2'!$D$49:$G$50,'Percepción de cumplimento Total'!$B63)+COUNTIF('Encuesta 3'!$D$49:$G$50,'Percepción de cumplimento Total'!$B63)+COUNTIF('Encuesta 4'!$D$49:$G$50,'Percepción de cumplimento Total'!$B63)+COUNTIF('Encuesta 5'!$D$49:$G$50,'Percepción de cumplimento Total'!$B63)+COUNTIF('Encuesta 6'!$D$49:$G$50,'Percepción de cumplimento Total'!$B63)+COUNTIF('Encuesta 7'!$D$49:$G$50,'Percepción de cumplimento Total'!$B63) -> 0 | D63: =+COUNTIF('Encuesta 1'!$D$61:$G$62,'Percepción de cumplimento Total'!$B63)+COUNTIF('Encuesta 2'!$D$52:$G$53,'Percepción de cumplimento Total'!$B63)+COUNTIF('Encuesta 3'!$D$52:$G$53,'Percepción de cumplimento Total'!$B63)+COUNTIF('Encuesta 4'!$D$52:$G$53,'Percepción de cumplimento Total'!$B63)+COUNTIF('Encuesta 5'!$D$52:$G$53,'Percepción de cumplimento Total'!$B63)+COUNTIF('Encuesta 6'!$D$52:$G$53,'Percepción de cumplimento Total'!$B63)+COUNTIF('Encuesta 7'!$D$52:$G$53,'Percepción de cumplimento Total'!$B63) -> 0
B66: =+'Encuesta 1'!I67 -> a) La Organización cuenta con un sistema de control interno aprobado por el Órgano de Dirección / Consejos; el cual monitorea el cumplimiento de procesos operativos y financieros, la administración de los activos y los riesgos de incumplimiento. | C66: =+COUNTIF('Encuesta 1'!$D$72:$G$73,'Percepción de cumplimento Total'!$B66)+COUNTIF('Encuesta 2'!$D$63:$G$64,'Percepción de cumplimento Total'!$B66)+COUNTIF('Encuesta 3'!$D$63:$G$64,'Percepción de cumplimento Total'!$B66)+COUNTIF('Encuesta 4'!$D$63:$G$64,'Percepción de cumplimento Total'!$B66)+COUNTIF('Encuesta 5'!$D$63:$G$64,'Percepción de cumplimento Total'!$B66)+COUNTIF('Encuesta 6'!$D$63:$G$64,'Percepción de cumplimento Total'!$B66)+COUNTIF('Encuesta 7'!$D$63:$G$64,'Percepción de cumplimento Total'!$B66) -> 0 | D66: =+COUNTIF('Encuesta 1'!$D$75:$G$76,'Percepción de cumplimento Total'!$B66)+COUNTIF('Encuesta 2'!$D$66:$G$67,'Percepción de cumplimento Total'!$B66)+COUNTIF('Encuesta 3'!$D$66:$G$67,'Percepción de cumplimento Total'!$B66)+COUNTIF('Encuesta 4'!$D$66:$G$67,'Percepción de cumplimento Total'!$B66)+COUNTIF('Encuesta 5'!$D$66:$G$67,'Percepción de cumplimento Total'!$B66)+COUNTIF('Encuesta 6'!$D$66:$G$67,'Percepción de cumplimento Total'!$B66)+COUNTIF('Encuesta 7'!$D$66:$G$67,'Percepción de cumplimento Total'!$B66) -> 0
B67: =+'Encuesta 1'!I68 -> b) Organización cuenta con comité de auditoría integrado por miembros del Órgano de Dirección / Consejos con funciones definidas en Normativa Interna. | C67: =+COUNTIF('Encuesta 1'!$D$72:$G$73,'Percepción de cumplimento Total'!$B67)+COUNTIF('Encuesta 2'!$D$63:$G$64,'Percepción de cumplimento Total'!$B67)+COUNTIF('Encuesta 3'!$D$63:$G$64,'Percepción de cumplimento Total'!$B67)+COUNTIF('Encuesta 4'!$D$63:$G$64,'Percepción de cumplimento Total'!$B67)+COUNTIF('Encuesta 5'!$D$63:$G$64,'Percepción de cumplimento Total'!$B67)+COUNTIF('Encuesta 6'!$D$63:$G$64,'Percepción de cumplimento Total'!$B67)+COUNTIF('Encuesta 7'!$D$63:$G$64,'Percepción de cumplimento Total'!$B67) -> 0 | D67: =+COUNTIF('Encuesta 1'!$D$75:$G$76,'Percepción de cumplimento Total'!$B67)+COUNTIF('Encuesta 2'!$D$66:$G$67,'Percepción de cumplimento Total'!$B67)+COUNTIF('Encuesta 3'!$D$66:$G$67,'Percepción de cumplimento Total'!$B67)+COUNTIF('Encuesta 4'!$D$66:$G$67,'Percepción de cumplimento Total'!$B67)+COUNTIF('Encuesta 5'!$D$66:$G$67,'Percepción de cumplimento Total'!$B67)+COUNTIF('Encuesta 6'!$D$66:$G$67,'Percepción de cumplimento Total'!$B67)+COUNTIF('Encuesta 7'!$D$66:$G$67,'Percepción de cumplimento Total'!$B67) -> 0
B68: =+'Encuesta 1'!I69 -> c) La Organización cuenta con unidad de auditoría interna con responsabilidades definidas en Normativa Interna. Esta unidad goza de autonomía y es designada por Órgano de Dirección / Consejos. | C68: =+COUNTIF('Encuesta 1'!$D$72:$G$73,'Percepción de cumplimento Total'!$B68)+COUNTIF('Encuesta 2'!$D$63:$G$64,'Percepción de cumplimento Total'!$B68)+COUNTIF('Encuesta 3'!$D$63:$G$64,'Percepción de cumplimento Total'!$B68)+COUNTIF('Encuesta 4'!$D$63:$G$64,'Percepción de cumplimento Total'!$B68)+COUNTIF('Encuesta 5'!$D$63:$G$64,'Percepción de cumplimento Total'!$B68)+COUNTIF('Encuesta 6'!$D$63:$G$64,'Percepción de cumplimento Total'!$B68)+COUNTIF('Encuesta 7'!$D$63:$G$64,'Percepción de cumplimento Total'!$B68) -> 0 | D68: =+COUNTIF('Encuesta 1'!$D$75:$G$76,'Percepción de cumplimento Total'!$B68)+COUNTIF('Encuesta 2'!$D$66:$G$67,'Percepción de cumplimento Total'!$B68)+COUNTIF('Encuesta 3'!$D$66:$G$67,'Percepción de cumplimento Total'!$B68)+COUNTIF('Encuesta 4'!$D$66:$G$67,'Percepción de cumplimento Total'!$B68)+COUNTIF('Encuesta 5'!$D$66:$G$67,'Percepción de cumplimento Total'!$B68)+COUNTIF('Encuesta 6'!$D$66:$G$67,'Percepción de cumplimento Total'!$B68)+COUNTIF('Encuesta 7'!$D$66:$G$67,'Percepción de cumplimento Total'!$B68) -> 0
B69: =+'Encuesta 1'!I70 -> d) Con respecto a la auditoría externa | C69: =+COUNTIF('Encuesta 1'!$D$72:$G$73,'Percepción de cumplimento Total'!$B69)+COUNTIF('Encuesta 2'!$D$63:$G$64,'Percepción de cumplimento Total'!$B69)+COUNTIF('Encuesta 3'!$D$63:$G$64,'Percepción de cumplimento Total'!$B69)+COUNTIF('Encuesta 4'!$D$63:$G$64,'Percepción de cumplimento Total'!$B69)+COUNTIF('Encuesta 5'!$D$63:$G$64,'Percepción de cumplimento Total'!$B69)+COUNTIF('Encuesta 6'!$D$63:$G$64,'Percepción de cumplimento Total'!$B69)+COUNTIF('Encuesta 7'!$D$63:$G$64,'Percepción de cumplimento Total'!$B69) -> 0 | D69: =+COUNTIF('Encuesta 1'!$D$75:$G$76,'Percepción de cumplimento Total'!$B69)+COUNTIF('Encuesta 2'!$D$66:$G$67,'Percepción de cumplimento Total'!$B69)+COUNTIF('Encuesta 3'!$D$66:$G$67,'Percepción de cumplimento Total'!$B69)+COUNTIF('Encuesta 4'!$D$66:$G$67,'Percepción de cumplimento Total'!$B69)+COUNTIF('Encuesta 5'!$D$66:$G$67,'Percepción de cumplimento Total'!$B69)+COUNTIF('Encuesta 6'!$D$66:$G$67,'Percepción de cumplimento Total'!$B69)+COUNTIF('Encuesta 7'!$D$66:$G$67,'Percepción de cumplimento Total'!$B69) -> 0
B70: =+'Encuesta 1'!I71 -> e) Organización ha aprobado política de gestión de riesgos; la que incluye los procesos y procedimientos para identificar, evaluar y gestionar los riesgos. | C70: =+COUNTIF('Encuesta 1'!$D$72:$G$73,'Percepción de cumplimento Total'!$B70)+COUNTIF('Encuesta 2'!$D$63:$G$64,'Percepción de cumplimento Total'!$B70)+COUNTIF('Encuesta 3'!$D$63:$G$64,'Percepción de cumplimento Total'!$B70)+COUNTIF('Encuesta 4'!$D$63:$G$64,'Percepción de cumplimento Total'!$B70)+COUNTIF('Encuesta 5'!$D$63:$G$64,'Percepción de cumplimento Total'!$B70)+COUNTIF('Encuesta 6'!$D$63:$G$64,'Percepción de cumplimento Total'!$B70)+COUNTIF('Encuesta 7'!$D$63:$G$64,'Percepción de cumplimento Total'!$B70) -> 0 | D70: =+COUNTIF('Encuesta 1'!$D$75:$G$76,'Percepción de cumplimento Total'!$B70)+COUNTIF('Encuesta 2'!$D$66:$G$67,'Percepción de cumplimento Total'!$B70)+COUNTIF('Encuesta 3'!$D$66:$G$67,'Percepción de cumplimento Total'!$B70)+COUNTIF('Encuesta 4'!$D$66:$G$67,'Percepción de cumplimento Total'!$B70)+COUNTIF('Encuesta 5'!$D$66:$G$67,'Percepción de cumplimento Total'!$B70)+COUNTIF('Encuesta 6'!$D$66:$G$67,'Percepción de cumplimento Total'!$B70)+COUNTIF('Encuesta 7'!$D$66:$G$67,'Percepción de cumplimento Total'!$B70) -> 0
B71: =+'Encuesta 1'!I72 -> f) Organización cuenta con comité de riesgos integrado por Órgano de Dirección / Consejos, con funciones definidas en Normativa Interna. | C71: =+COUNTIF('Encuesta 1'!$D$72:$G$73,'Percepción de cumplimento Total'!$B71)+COUNTIF('Encuesta 2'!$D$63:$G$64,'Percepción de cumplimento Total'!$B71)+COUNTIF('Encuesta 3'!$D$63:$G$64,'Percepción de cumplimento Total'!$B71)+COUNTIF('Encuesta 4'!$D$63:$G$64,'Percepción de cumplimento Total'!$B71)+COUNTIF('Encuesta 5'!$D$63:$G$64,'Percepción de cumplimento Total'!$B71)+COUNTIF('Encuesta 6'!$D$63:$G$64,'Percepción de cumplimento Total'!$B71)+COUNTIF('Encuesta 7'!$D$63:$G$64,'Percepción de cumplimento Total'!$B71) -> 0 | D71: =+COUNTIF('Encuesta 1'!$D$75:$G$76,'Percepción de cumplimento Total'!$B71)+COUNTIF('Encuesta 2'!$D$66:$G$67,'Percepción de cumplimento Total'!$B71)+COUNTIF('Encuesta 3'!$D$66:$G$67,'Percepción de cumplimento Total'!$B71)+COUNTIF('Encuesta 4'!$D$66:$G$67,'Percepción de cumplimento Total'!$B71)+COUNTIF('Encuesta 5'!$D$66:$G$67,'Percepción de cumplimento Total'!$B71)+COUNTIF('Encuesta 6'!$D$66:$G$67,'Percepción de cumplimento Total'!$B71)+COUNTIF('Encuesta 7'!$D$66:$G$67,'Percepción de cumplimento Total'!$B71) -> 0
B72: =+'Encuesta 1'!I73 -> g) Organización cuenta con mapa de sus obligaciones normativas y de los respectivos responsables de cumplimiento; asimismo ha establecido instancia responsable de su seguimiento. | C72: =+COUNTIF('Encuesta 1'!$D$72:$G$73,'Percepción de cumplimento Total'!$B72)+COUNTIF('Encuesta 2'!$D$63:$G$64,'Percepción de cumplimento Total'!$B72)+COUNTIF('Encuesta 3'!$D$63:$G$64,'Percepción de cumplimento Total'!$B72)+COUNTIF('Encuesta 4'!$D$63:$G$64,'Percepción de cumplimento Total'!$B72)+COUNTIF('Encuesta 5'!$D$63:$G$64,'Percepción de cumplimento Total'!$B72)+COUNTIF('Encuesta 6'!$D$63:$G$64,'Percepción de cumplimento Total'!$B72)+COUNTIF('Encuesta 7'!$D$63:$G$64,'Percepción de cumplimento Total'!$B72) -> 0 | D72: =+COUNTIF('Encuesta 1'!$D$75:$G$76,'Percepción de cumplimento Total'!$B72)+COUNTIF('Encuesta 2'!$D$66:$G$67,'Percepción de cumplimento Total'!$B72)+COUNTIF('Encuesta 3'!$D$66:$G$67,'Percepción de cumplimento Total'!$B72)+COUNTIF('Encuesta 4'!$D$66:$G$67,'Percepción de cumplimento Total'!$B72)+COUNTIF('Encuesta 5'!$D$66:$G$67,'Percepción de cumplimento Total'!$B72)+COUNTIF('Encuesta 6'!$D$66:$G$67,'Percepción de cumplimento Total'!$B72)+COUNTIF('Encuesta 7'!$D$66:$G$67,'Percepción de cumplimento Total'!$B72) -> 0
B73: =+'Encuesta 1'!I74 -> h) Cuando se cuente con instancia de fiscalización | C73: =+COUNTIF('Encuesta 1'!$D$72:$G$73,'Percepción de cumplimento Total'!$B73)+COUNTIF('Encuesta 2'!$D$63:$G$64,'Percepción de cumplimento Total'!$B73)+COUNTIF('Encuesta 3'!$D$63:$G$64,'Percepción de cumplimento Total'!$B73)+COUNTIF('Encuesta 4'!$D$63:$G$64,'Percepción de cumplimento Total'!$B73)+COUNTIF('Encuesta 5'!$D$63:$G$64,'Percepción de cumplimento Total'!$B73)+COUNTIF('Encuesta 6'!$D$63:$G$64,'Percepción de cumplimento Total'!$B73)+COUNTIF('Encuesta 7'!$D$63:$G$64,'Percepción de cumplimento Total'!$B73) -> 0 | D73: =+COUNTIF('Encuesta 1'!$D$75:$G$76,'Percepción de cumplimento Total'!$B73)+COUNTIF('Encuesta 2'!$D$66:$G$67,'Percepción de cumplimento Total'!$B73)+COUNTIF('Encuesta 3'!$D$66:$G$67,'Percepción de cumplimento Total'!$B73)+COUNTIF('Encuesta 4'!$D$66:$G$67,'Percepción de cumplimento Total'!$B73)+COUNTIF('Encuesta 5'!$D$66:$G$67,'Percepción de cumplimento Total'!$B73)+COUNTIF('Encuesta 6'!$D$66:$G$67,'Percepción de cumplimento Total'!$B73)+COUNTIF('Encuesta 7'!$D$66:$G$67,'Percepción de cumplimento Total'!$B73) -> 0
B81: =+'Encuesta 1'!I83 -> a) Organización cuenta con Código de Ética aprobado por Órgano de Dirección / Consejos; que abarca temas como manejo de conflictos de interés, prevención de lavado de activos, manejo de información, entre otros. | C81: =+COUNTIF('Encuesta 1'!$D$86:$G$87,'Percepción de cumplimento Total'!$B81)+COUNTIF('Encuesta 2'!$D$77:$G$78,'Percepción de cumplimento Total'!$B81)+COUNTIF('Encuesta 3'!$D$77:$G$78,'Percepción de cumplimento Total'!$B81)+COUNTIF('Encuesta 4'!$D$77:$G$78,'Percepción de cumplimento Total'!$B81)+COUNTIF('Encuesta 5'!$D$77:$G$78,'Percepción de cumplimento Total'!$B81)+COUNTIF('Encuesta 6'!$D$77:$G$78,'Percepción de cumplimento Total'!$B81)+COUNTIF('Encuesta 7'!$D$77:$G$78,'Percepción de cumplimento Total'!$B81) -> 0 | D81: =+COUNTIF('Encuesta 1'!$D$89:$G$90,'Percepción de cumplimento Total'!$B81)+COUNTIF('Encuesta 2'!$D$80:$G$81,'Percepción de cumplimento Total'!$B81)+COUNTIF('Encuesta 3'!$D$80:$G$81,'Percepción de cumplimento Total'!$B81)+COUNTIF('Encuesta 4'!$D$80:$G$81,'Percepción de cumplimento Total'!$B81)+COUNTIF('Encuesta 5'!$D$80:$G$81,'Percepción de cumplimento Total'!$B81)+COUNTIF('Encuesta 6'!$D$80:$G$81,'Percepción de cumplimento Total'!$B81)+COUNTIF('Encuesta 7'!$D$80:$G$81,'Percepción de cumplimento Total'!$B81) -> 0
B82: =+'Encuesta 1'!I84 -> b) Organización ha aprobado políticas para prevenir, detectar, manejar y revelar conflictos de interés al interior de ella. | C82: =+COUNTIF('Encuesta 1'!$D$86:$G$87,'Percepción de cumplimento Total'!$B82)+COUNTIF('Encuesta 2'!$D$77:$G$78,'Percepción de cumplimento Total'!$B82)+COUNTIF('Encuesta 3'!$D$77:$G$78,'Percepción de cumplimento Total'!$B82)+COUNTIF('Encuesta 4'!$D$77:$G$78,'Percepción de cumplimento Total'!$B82)+COUNTIF('Encuesta 5'!$D$77:$G$78,'Percepción de cumplimento Total'!$B82)+COUNTIF('Encuesta 6'!$D$77:$G$78,'Percepción de cumplimento Total'!$B82)+COUNTIF('Encuesta 7'!$D$77:$G$78,'Percepción de cumplimento Total'!$B82) -> 0 | D82: =+COUNTIF('Encuesta 1'!$D$89:$G$90,'Percepción de cumplimento Total'!$B82)+COUNTIF('Encuesta 2'!$D$80:$G$81,'Percepción de cumplimento Total'!$B82)+COUNTIF('Encuesta 3'!$D$80:$G$81,'Percepción de cumplimento Total'!$B82)+COUNTIF('Encuesta 4'!$D$80:$G$81,'Percepción de cumplimento Total'!$B82)+COUNTIF('Encuesta 5'!$D$80:$G$81,'Percepción de cumplimento Total'!$B82)+COUNTIF('Encuesta 6'!$D$80:$G$81,'Percepción de cumplimento Total'!$B82)+COUNTIF('Encuesta 7'!$D$80:$G$81,'Percepción de cumplimento Total'!$B82) -> 0
B83: =+'Encuesta 1'!I85 -> c) Organización cuenta con políticas para valoración, aprobación y revelación de operaciones entre partes vinculadas. | C83: =+COUNTIF('Encuesta 1'!$D$86:$G$87,'Percepción de cumplimento Total'!$B83)+COUNTIF('Encuesta 2'!$D$77:$G$78,'Percepción de cumplimento Total'!$B83)+COUNTIF('Encuesta 3'!$D$77:$G$78,'Percepción de cumplimento Total'!$B83)+COUNTIF('Encuesta 4'!$D$77:$G$78,'Percepción de cumplimento Total'!$B83)+COUNTIF('Encuesta 5'!$D$77:$G$78,'Percepción de cumplimento Total'!$B83)+COUNTIF('Encuesta 6'!$D$77:$G$78,'Percepción de cumplimento Total'!$B83)+COUNTIF('Encuesta 7'!$D$77:$G$78,'Percepción de cumplimento Total'!$B83) -> 0 | D83: =+COUNTIF('Encuesta 1'!$D$89:$G$90,'Percepción de cumplimento Total'!$B83)+COUNTIF('Encuesta 2'!$D$80:$G$81,'Percepción de cumplimento Total'!$B83)+COUNTIF('Encuesta 3'!$D$80:$G$81,'Percepción de cumplimento Total'!$B83)+COUNTIF('Encuesta 4'!$D$80:$G$81,'Percepción de cumplimento Total'!$B83)+COUNTIF('Encuesta 5'!$D$80:$G$81,'Percepción de cumplimento Total'!$B83)+COUNTIF('Encuesta 6'!$D$80:$G$81,'Percepción de cumplimento Total'!$B83)+COUNTIF('Encuesta 7'!$D$80:$G$81,'Percepción de cumplimento Total'!$B83) -> 0
B84: =+'Encuesta 1'!I86 -> d) Organización cuenta con mecanismos para recibir denuncias; cuya administración está a cargo de instancia designada por Órgano de Dirección / Consejos. | C84: =+COUNTIF('Encuesta 1'!$D$86:$G$87,'Percepción de cumplimento Total'!$B84)+COUNTIF('Encuesta 2'!$D$77:$G$78,'Percepción de cumplimento Total'!$B84)+COUNTIF('Encuesta 3'!$D$77:$G$78,'Percepción de cumplimento Total'!$B84)+COUNTIF('Encuesta 4'!$D$77:$G$78,'Percepción de cumplimento Total'!$B84)+COUNTIF('Encuesta 5'!$D$77:$G$78,'Percepción de cumplimento Total'!$B84)+COUNTIF('Encuesta 6'!$D$77:$G$78,'Percepción de cumplimento Total'!$B84)+COUNTIF('Encuesta 7'!$D$77:$G$78,'Percepción de cumplimento Total'!$B84) -> 0 | D84: =+COUNTIF('Encuesta 1'!$D$89:$G$90,'Percepción de cumplimento Total'!$B84)+COUNTIF('Encuesta 2'!$D$80:$G$81,'Percepción de cumplimento Total'!$B84)+COUNTIF('Encuesta 3'!$D$80:$G$81,'Percepción de cumplimento Total'!$B84)+COUNTIF('Encuesta 4'!$D$80:$G$81,'Percepción de cumplimento Total'!$B84)+COUNTIF('Encuesta 5'!$D$80:$G$81,'Percepción de cumplimento Total'!$B84)+COUNTIF('Encuesta 6'!$D$80:$G$81,'Percepción de cumplimento Total'!$B84)+COUNTIF('Encuesta 7'!$D$80:$G$81,'Percepción de cumplimento Total'!$B84) -> 0
B92: =+'Encuesta 1'!I95 -> a) Organización cuenta con Política de Información en la que se establece formalmente las reglas para clasificación, manejo y difusión de la información que se genera o recibe. | C92: =+COUNTIF('Encuesta 1'!$D$100:$G$101,'Percepción de cumplimento Total'!$B92)+COUNTIF('Encuesta 2'!$D$91:$G$92,'Percepción de cumplimento Total'!$B92)+COUNTIF('Encuesta 3'!$D$91:$G$92,'Percepción de cumplimento Total'!$B92)+COUNTIF('Encuesta 4'!$D$91:$G$92,'Percepción de cumplimento Total'!$B92)+COUNTIF('Encuesta 5'!$D$91:$G$92,'Percepción de cumplimento Total'!$B92)+COUNTIF('Encuesta 6'!$D$91:$G$92,'Percepción de cumplimento Total'!$B92)+COUNTIF('Encuesta 7'!$D$91:$G$92,'Percepción de cumplimento Total'!$B92) -> 0 | D92: =+COUNTIF('Encuesta 1'!$D$103:$G$104,'Percepción de cumplimento Total'!$B92)+COUNTIF('Encuesta 2'!$D$94:$G$95,'Percepción de cumplimento Total'!$B92)+COUNTIF('Encuesta 3'!$D$94:$G$95,'Percepción de cumplimento Total'!$B92)+COUNTIF('Encuesta 4'!$D$94:$G$95,'Percepción de cumplimento Total'!$B92)+COUNTIF('Encuesta 5'!$D$94:$G$95,'Percepción de cumplimento Total'!$B92)+COUNTIF('Encuesta 6'!$D$94:$G$95,'Percepción de cumplimento Total'!$B92)+COUNTIF('Encuesta 7'!$D$94:$G$95,'Percepción de cumplimento Total'!$B92) -> 0
B93: =+'Encuesta 1'!I96 -> b) Organización difunde información al público. | C93: =+COUNTIF('Encuesta 1'!$D$100:$G$101,'Percepción de cumplimento Total'!$B93)+COUNTIF('Encuesta 2'!$D$91:$G$92,'Percepción de cumplimento Total'!$B93)+COUNTIF('Encuesta 3'!$D$91:$G$92,'Percepción de cumplimento Total'!$B93)+COUNTIF('Encuesta 4'!$D$91:$G$92,'Percepción de cumplimento Total'!$B93)+COUNTIF('Encuesta 5'!$D$91:$G$92,'Percepción de cumplimento Total'!$B93)+COUNTIF('Encuesta 6'!$D$91:$G$92,'Percepción de cumplimento Total'!$B93)+COUNTIF('Encuesta 7'!$D$91:$G$92,'Percepción de cumplimento Total'!$B93) -> 0 | D93: =+COUNTIF('Encuesta 1'!$D$103:$G$104,'Percepción de cumplimento Total'!$B93)+COUNTIF('Encuesta 2'!$D$94:$G$95,'Percepción de cumplimento Total'!$B93)+COUNTIF('Encuesta 3'!$D$94:$G$95,'Percepción de cumplimento Total'!$B93)+COUNTIF('Encuesta 4'!$D$94:$G$95,'Percepción de cumplimento Total'!$B93)+COUNTIF('Encuesta 5'!$D$94:$G$95,'Percepción de cumplimento Total'!$B93)+COUNTIF('Encuesta 6'!$D$94:$G$95,'Percepción de cumplimento Total'!$B93)+COUNTIF('Encuesta 7'!$D$94:$G$95,'Percepción de cumplimento Total'!$B93) -> 0
B94: =+'Encuesta 1'!I97 -> c) Organización mantiene política respecto a que las condiciones en que se contratan productos y servicios sean explicadas a clientes con máxima claridad. | C94: =+COUNTIF('Encuesta 1'!$D$100:$G$101,'Percepción de cumplimento Total'!$B94)+COUNTIF('Encuesta 2'!$D$91:$G$92,'Percepción de cumplimento Total'!$B94)+COUNTIF('Encuesta 3'!$D$91:$G$92,'Percepción de cumplimento Total'!$B94)+COUNTIF('Encuesta 4'!$D$91:$G$92,'Percepción de cumplimento Total'!$B94)+COUNTIF('Encuesta 5'!$D$91:$G$92,'Percepción de cumplimento Total'!$B94)+COUNTIF('Encuesta 6'!$D$91:$G$92,'Percepción de cumplimento Total'!$B94)+COUNTIF('Encuesta 7'!$D$91:$G$92,'Percepción de cumplimento Total'!$B94) -> 0 | D94: =+COUNTIF('Encuesta 1'!$D$103:$G$104,'Percepción de cumplimento Total'!$B94)+COUNTIF('Encuesta 2'!$D$94:$G$95,'Percepción de cumplimento Total'!$B94)+COUNTIF('Encuesta 3'!$D$94:$G$95,'Percepción de cumplimento Total'!$B94)+COUNTIF('Encuesta 4'!$D$94:$G$95,'Percepción de cumplimento Total'!$B94)+COUNTIF('Encuesta 5'!$D$94:$G$95,'Percepción de cumplimento Total'!$B94)+COUNTIF('Encuesta 6'!$D$94:$G$95,'Percepción de cumplimento Total'!$B94)+COUNTIF('Encuesta 7'!$D$94:$G$95,'Percepción de cumplimento Total'!$B94) -> 0
B95: =+'Encuesta 1'!I98 -> d) Organización elabora informe anual de cumplimiento de Buenas Prácticas de Gobernanza. | C95: =+COUNTIF('Encuesta 1'!$D$100:$G$101,'Percepción de cumplimento Total'!$B95)+COUNTIF('Encuesta 2'!$D$91:$G$92,'Percepción de cumplimento Total'!$B95)+COUNTIF('Encuesta 3'!$D$91:$G$92,'Percepción de cumplimento Total'!$B95)+COUNTIF('Encuesta 4'!$D$91:$G$92,'Percepción de cumplimento Total'!$B95)+COUNTIF('Encuesta 5'!$D$91:$G$92,'Percepción de cumplimento Total'!$B95)+COUNTIF('Encuesta 6'!$D$91:$G$92,'Percepción de cumplimento Total'!$B95)+COUNTIF('Encuesta 7'!$D$91:$G$92,'Percepción de cumplimento Total'!$B95) -> 0 | D95: =+COUNTIF('Encuesta 1'!$D$103:$G$104,'Percepción de cumplimento Total'!$B95)+COUNTIF('Encuesta 2'!$D$94:$G$95,'Percepción de cumplimento Total'!$B95)+COUNTIF('Encuesta 3'!$D$94:$G$95,'Percepción de cumplimento Total'!$B95)+COUNTIF('Encuesta 4'!$D$94:$G$95,'Percepción de cumplimento Total'!$B95)+COUNTIF('Encuesta 5'!$D$94:$G$95,'Percepción de cumplimento Total'!$B95)+COUNTIF('Encuesta 6'!$D$94:$G$95,'Percepción de cumplimento Total'!$B95)+COUNTIF('Encuesta 7'!$D$94:$G$95,'Percepción de cumplimento Total'!$B95) -> 0
